Workbook

Sheet SANTIAGO LOPEZ 
B1: PROGRAMA DE ENTRENAMIENTO CODIGO 91 VERSION 2
A7: COLABORADOR | B7: CARGO | D7: PROCESO | F7: FECHA DE INGRESO
A8: SANTIAGO LOPEZ AGUIRRE | B8: Operario de PTAR | D8: ACUEDUCTO Y ALCANTARILLADO | F8: 05 de Marzo 2026
A10: TEMA A ENTRENAR | B10: RECURSOS | C10: TIEMPO(1) (horas) | D10: RESPONSABLE DE IMPARTIR EL ENTRENAMIENTO | E10: FECHA / HORA | F10: FIRMA RESPONSABLE DE IMPARTIR EL ENTRENAMIENTO
A11: Hacer mantenimiento al pozo de succión | B11: Tiempo Personal | C11: 4 horas | D11: Directora de plantas y laboratorio
A12: Hacer mantenimiento a la planta y estación de bombeo | B12: Tiempo Personal | C12: 2 horas | D12: Directora de plantas y laboratorio
A13: Llevar registro de la muestra | B13: Tiempo Personal | C13: 8 horas | D13: Directora de plantas y laboratorio
A14: Realizar las purgas de lodos hacia el redactor UASB | B14: Tiempo Personal | C14: 2 horas | D14: Directora de plantas y laboratorio
A15: Realizar el proceso de los lodos deshidratados | B15: Tiempo Personal | C15: 6 horas | D15: Directora de plantas y laboratorio
A16: Realizar el mantenimiento a la finca Mantenimiento de zonas verdes | B16: Tiempo Personal | C16: 2 horas | D16: Directora de plantas y laboratorio
A17: Llevar registro de las actividades que se realizan a diario | B17: Tiempo Personal | C17: 2 horas | D17: Directora de plantas y laboratorio
A18: Hacer recorridos a la planta a estudiantes | B18: Tiempo Personal | C18: 4 horas | D18: Directora de plantas y laboratorio
A19: (1) Los programas de entrenamiento tienen una duración máxima de 2 meses. Las horas asignadas a cada tema podrían ser modificadas de acuerdo con énfasis específicos que se quieran hacer.
A21: OBSERVACIONES DEL LÍDER INMEDIATO SOBRE EL ENTRENAMIENTO
A30: NOMBRE DEL LIDER INMEDIATO | B30: COLABORADOR | D30: FECHA

Sheet NEY DIAZ 
B1: PROGRAMA DE ENTRENAMIENTO CODIGO 91 VERSION 2
A7: COLABORADOR | B7: CARGO | D7: PROCESO | F7: FECHA DE INGRESO
A8: NEY DIAZ TARAZONA | B8: Operario de barrido | D8: Aseo | F8: 04 de Marzo 2026
A10: TEMA A ENTRENAR | B10: RECURSOS | C10: TIEMPO(1) (horas) | D10: RESPONSABLE DE IMPARTIR EL ENTRENAMIENTO | E10: FECHA / HORA | F10: FIRMA RESPONSABLE DE IMPARTIR EL ENTRENAMIENTO
A11: Reconocimiento de Rutas de barrido existentes en el Municipio: Barrido de Calles, Limpeza de cunetas, sumideros, tinacos, andenes, zonas verdes, desyerbe de vías, limpieza de lotes publicos, | B11: Tiempo Personal | C11: 10 Horas | D11: Supervisor de barrido
A12: Lavado de areas publicas y limpieza de zonas rivereñas de quebradas | B12: Tiempo Personal | C12: 3 horas | D12: SUPERVISOR DE BARIDO
A13: Manejo de Herramientas | B13: Tiempo Personal | C13: 1 hora | D13: Operario de de barrido
A14: Mantenimiento de Jardineras | B14: Tiempo Personal | C14: 1 hora | D14: Director Aseo - Contratista apoyo SST.
A15: Mantenimiento de Tinacos: Reparación, o lavado | B15: Tiempo Personal | C15: 1 hora | D15: Operario de barrido
A16: Atencion servicio calle peatonal, parque principal y malecom | B16: Tiempo Personal | C16: 2 horas | D16: Director Administrativo
A17: Apoyo servicio de guadañaje | B17: Tiempo Personal | C17: 4 horas | D17: Operario de barrido
A18: Cumplimiento de las normas de seguridad, higiene corporal y uso de los EPP. | B18: Tiempo Personal | C18: 6 horas | D18: SST
A19: (1) Los programas de entrenamiento tienen una duración máxima de 2 meses. Las horas asignadas a cada tema podrían ser modificadas de acuerdo con énfasis específicos que se quieran hacer.
A21: OBSERVACIONES DEL LÍDER INMEDIATO SOBRE EL ENTRENAMIENTO
A30: NOMBRE DEL LIDER INMEDIATO | B30: COLABORADOR | D30: FECHA

Sheet HANZ ZULUAGA  NOREÑA 
B1: PROGRAMA DE ENTRENAMIENTO CODIGO 91 VERSION 2
A7: COLABORADOR | B7: CARGO | D7: PROCESO | F7: FECHA DE INGRESO
A8: HANZ ZULUAGA NOREÑA | B8: Operario de recoleccion | D8: Aseo | F8: 25 de Febrero 2026
A10: TEMA A ENTRENAR | B10: RECURSOS | C10: TIEMPO(1) (horas) | D10: RESPONSABLE DE IMPARTIR EL ENTRENAMIENTO | E10: FECHA / HORA | F10: FIRMA RESPONSABLE DE IMPARTIR EL ENTRENAMIENTO
A11: Rutas de Recolección de residuos organicos e inorgánicos y cuidados en vias publicas y carro recolector | B11: Tiempo Personal | C11: 16 horas | D11: Operario de Recolección
A12: Manejo y Operación del Relleno Sanitario: Recorrido, Uso de EPP | B12: Tiempo Personal | C12: 2 horas | D12: Operario de Recolección
A13: Manejo y Operación del Relleno Sanitario: Recorrido, Uso de EPP | B13: Tiempo Personal | C13: 16 horas | D13: Operario de Recolección
A14: Limpieza de Cunetas y/o desagues | B14: Tiempo Personal | C14: 1 hora | D14: Operario de Recolección
A15: Conformación de Chimeneas | B15: Tiempo Personal | C15: 16 horas | D15: Operario de Recolección
A16: Mantenimiento de la Vía de Entrada con sus respectivos desagues | B16: Tiempo Personal | C16: 1 hora | D16: Operario de Recolección
A17: Separación de Material Organico, conformación de pilas, apiques a las pilas. | B17: Tiempo Personal | C17: 2 Horas | D17: Operario de Recolección
A18: Manejo de la Planta de lixiviados | B18: Tiempo Personal | C18: 1 hora | D18: Operario de Recolección
A19: Rutas de Recolección organicos e inorgánicos donde no ingresa el vehículo | B19: Tiempo Personal | C19: 8 horas | D19: Operario de Recolección
A20: Precauciones de Manipulacion de Residuos Solidos | B20: Tiempo Personal | C20: 8 horas | D20: Operario de Recolección
A21: Manejo de Cajas Estacionarias | B21: Tiempo Personal | C21: 8 horas | D21: Operario de Recolección
A22: Mantenimiento de la lona | B22: Tiempo Personal | C22: 1 Horas | D22: Operario de Recolección
A23: (1) Los programas de entrenamiento tienen una duración máxima de 2 meses. Las horas asignadas a cada tema podrían ser modificadas de acuerdo con énfasis específicos que se quieran hacer.
A25: OBSERVACIONES DEL LÍDER INMEDIATO SOBRE EL ENTRENAMIENTO
A34: NOMBRE DEL LIDER INMEDIATO | B34: COLABORADOR | D34: FECHA

Sheet  ROBINSON  SOTO 
A1: PROGRAMA DE ENTRENAMIENTO | E1: CODIGO 91 VERSION 2
A7: COLABORADOR | C7: CARGO | D7: PROCESO
A8: ROBINSON ANDRES SOTO A | C8: CONDUCTOR CAMINETA | D8: ACUEDUCTO ALCANTARILLADO | E8: FECHA DE INGRESO
E9: FEBRERO/23/2026
D10: FECHA / HORA | E10: FIRMA RESPONSABLE DE IMPARTIR EL ENTRENAMIENTO
A11: Tiempo Personal | B11: 8 horas | C11: Director tecnico
A12: Tiempo Personal | B12: 8 horas | C12: Director tecnico
A13: Tiempo Personal | B13: 4 Horas | C13: Coordinadora SGI
A14: Tiempo Personal | B14: 6 horas | C14: Coordinador (a) Tecnica
A15: Tiempo Personal | B15: 10 horas | C15: Coordinadpora tecnica Operadores de acueducto y alcantarillado
A16: Tiempo personal | B16: 4 Horas | C16: Coordinador (a) Tecnica
A17: Tiempo Personal | B17: 6 horas | C17: Coordinador (a) Tecnica
A18: Tiempo Personal | B18: 4 horas | C18: Coordinadora Tecnica
A19: Tiempo Personal | B19: 2 Horas | C19: Coordinadora Tecnica
A20: Tiempo Personal | B20: 2 horas | C20: Coordinadora Tecnica
A21: Tiempo Personal | B21: 2 horas | C21: Coordinador SST
A22: Tiempo Personal | B22: 6 horas | C22: Coordinadora Tecnica
A31: NOMBRE DEL COLABORADOR | C31: FECHA

Sheet JUAN DAVID  SILVA  
B1: PROGRAMA DE ENTRENAMIENTO CODIGO 91 VERSION 2
A7: COLABORADOR | B7: CARGO | D7: PROCESO | F7: FECHA DE INGRESO
A8: JUAN DAVID SILVA GARCIA | B8: Operario de recoleccion | D8: Aseo | F8: 19 de Febrero 2026
A10: TEMA A ENTRENAR | B10: RECURSOS | C10: TIEMPO(1) (horas) | D10: RESPONSABLE DE IMPARTIR EL ENTRENAMIENTO | E10: FECHA / HORA | F10: FIRMA RESPONSABLE DE IMPARTIR EL ENTRENAMIENTO
A11: Rutas de Recolección de residuos organicos e inorgánicos y cuidados en vias publicas y carro recolector | B11: Tiempo Personal | C11: 16 horas | D11: Operario de Recolección
A12: Manejo y Operación del Relleno Sanitario: Recorrido, Uso de EPP | B12: Tiempo Personal | C12: 2 horas | D12: Operario de Recolección
A13: Manejo y Operación del Relleno Sanitario: Recorrido, Uso de EPP | B13: Tiempo Personal | C13: 16 horas | D13: Operario de Recolección
A14: Limpieza de Cunetas y/o desagues | B14: Tiempo Personal | C14: 1 hora | D14: Operario de Recolección
A15: Conformación de Chimeneas | B15: Tiempo Personal | C15: 16 horas | D15: Operario de Recolección
A16: Mantenimiento de la Vía de Entrada con sus respectivos desagues | B16: Tiempo Personal | C16: 1 hora | D16: Operario de Recolección
A17: Separación de Material Organico, conformación de pilas, apiques a las pilas. | B17: Tiempo Personal | C17: 2 Horas | D17: Operario de Recolección
A18: Manejo de la Planta de lixiviados | B18: Tiempo Personal | C18: 1 hora | D18: Operario de Recolección
A19: Rutas de Recolección organicos e inorgánicos donde no ingresa el vehículo | B19: Tiempo Personal | C19: 8 horas | D19: Operario de Recolección
A20: Precauciones de Manipulacion de Residuos Solidos | B20: Tiempo Personal | C20: 8 horas | D20: Operario de Recolección
A21: Manejo de Cajas Estacionarias | B21: Tiempo Personal | C21: 8 horas | D21: Operario de Recolección
A22: Mantenimiento de la lona | B22: Tiempo Personal | C22: 1 Horas | D22: Operario de Recolección
A23: (1) Los programas de entrenamiento tienen una duración máxima de 2 meses. Las horas asignadas a cada tema podrían ser modificadas de acuerdo con énfasis específicos que se quieran hacer.
A25: OBSERVACIONES DEL LÍDER INMEDIATO SOBRE EL ENTRENAMIENTO
A34: NOMBRE DEL LIDER INMEDIATO | B34: COLABORADOR | D34: FECHA

Sheet JEISON ALBERTO ALVAREZ
B1: PROGRAMA DE ENTRENAMIENTO CODIGO 91 VERSION 2
A7: COLABORADOR | B7: CARGO | D7: PROCESO | F7: FECHA DE INGRESO
A8: JEISON ALBERTO ALVAREZ OROZCO | B8: Operario de recoleccion | D8: Aseo | F8: 18 de Febrero 2026
A10: TEMA A ENTRENAR | B10: RECURSOS | C10: TIEMPO(1) (horas) | D10: RESPONSABLE DE IMPARTIR EL ENTRENAMIENTO | E10: FECHA / HORA | F10: FIRMA RESPONSABLE DE IMPARTIR EL ENTRENAMIENTO
A11: Rutas de Recolección de residuos organicos e inorgánicos y cuidados en vias publicas y carro recolector | B11: Tiempo Personal | C11: 16 horas | D11: Operario de Recolección
A12: Manejo y Operación del Relleno Sanitario: Recorrido, Uso de EPP | B12: Tiempo Personal | C12: 2 horas | D12: Operario de Recolección
A13: Manejo y Operación del Relleno Sanitario: Recorrido, Uso de EPP | B13: Tiempo Personal | C13: 16 horas | D13: Operario de Recolección
A14: Limpieza de Cunetas y/o desagues | B14: Tiempo Personal | C14: 1 hora | D14: Operario de Recolección
A15: Conformación de Chimeneas | B15: Tiempo Personal | C15: 16 horas | D15: Operario de Recolección
A16: Mantenimiento de la Vía de Entrada con sus respectivos desagues | B16: Tiempo Personal | C16: 1 hora | D16: Operario de Recolección
A17: Separación de Material Organico, conformación de pilas, apiques a las pilas. | B17: Tiempo Personal | C17: 2 Horas | D17: Operario de Recolección
A18: Manejo de la Planta de lixiviados | B18: Tiempo Personal | C18: 1 hora | D18: Operario de Recolección
A19: Rutas de Recolección organicos e inorgánicos donde no ingresa el vehículo | B19: Tiempo Personal | C19: 8 horas | D19: Operario de Recolección
A20: Precauciones de Manipulacion de Residuos Solidos | B20: Tiempo Personal | C20: 8 horas | D20: Operario de Recolección
A21: Manejo de Cajas Estacionarias | B21: Tiempo Personal | C21: 8 horas | D21: Operario de Recolección
A22: Mantenimiento de la lona | B22: Tiempo Personal | C22: 1 Horas | D22: Operario de Recolección
A23: (1) Los programas de entrenamiento tienen una duración máxima de 2 meses. Las horas asignadas a cada tema podrían ser modificadas de acuerdo con énfasis específicos que se quieran hacer.
A25: OBSERVACIONES DEL LÍDER INMEDIATO SOBRE EL ENTRENAMIENTO
A34: NOMBRE DEL LIDER INMEDIATO | B34: COLABORADOR | D34: FECHA

Sheet JHON HENRY CASTAÑEDA 
B1: PROGRAMA DE ENTRENAMIENTO CODIGO 91 VERSION 2
A7: COLABORADOR | B7: CARGO | D7: PROCESO | F7: FECHA DE INGRESO
A8: JOHN HENRY CASTAÑEDA | B8: Operario de recoleccion | D8: Aseo | F8: 06 de Febrero 2026
A10: TEMA A ENTRENAR | B10: RECURSOS | C10: TIEMPO(1) (horas) | D10: RESPONSABLE DE IMPARTIR EL ENTRENAMIENTO | E10: FECHA / HORA | F10: FIRMA RESPONSABLE DE IMPARTIR EL ENTRENAMIENTO
A11: Rutas de Recolección de residuos organicos e inorgánicos y cuidados en vias publicas y carro recolector | B11: Tiempo Personal | C11: 16 horas | D11: Operario de Recolección
A12: Manejo y Operación del Relleno Sanitario: Recorrido, Uso de EPP | B12: Tiempo Personal | C12: 2 horas | D12: Operario de Recolección
A13: Manejo y Operación del Relleno Sanitario: Recorrido, Uso de EPP | B13: Tiempo Personal | C13: 16 horas | D13: Operario de Recolección
A14: Limpieza de Cunetas y/o desagues | B14: Tiempo Personal | C14: 1 hora | D14: Operario de Recolección
A15: Conformación de Chimeneas | B15: Tiempo Personal | C15: 16 horas | D15: Operario de Recolección
A16: Mantenimiento de la Vía de Entrada con sus respectivos desagues | B16: Tiempo Personal | C16: 1 hora | D16: Operario de Recolección
A17: Separación de Material Organico, conformación de pilas, apiques a las pilas. | B17: Tiempo Personal | C17: 2 Horas | D17: Operario de Recolección
A18: Manejo de la Planta de lixiviados | B18: Tiempo Personal | C18: 1 hora | D18: Operario de Recolección
A19: Rutas de Recolección organicos e inorgánicos donde no ingresa el vehículo | B19: Tiempo Personal | C19: 8 horas | D19: Operario de Recolección
A20: Precauciones de Manipulacion de Residuos Solidos | B20: Tiempo Personal | C20: 8 horas | D20: Operario de Recolección
A21: Manejo de Cajas Estacionarias | B21: Tiempo Personal | C21: 8 horas | D21: Operario de Recolección
A22: Mantenimiento de la lona | B22: Tiempo Personal | C22: 1 Horas | D22: Operario de Recolección
A23: (1) Los programas de entrenamiento tienen una duración máxima de 2 meses. Las horas asignadas a cada tema podrían ser modificadas de acuerdo con énfasis específicos que se quieran hacer.
A25: OBSERVACIONES DEL LÍDER INMEDIATO SOBRE EL ENTRENAMIENTO
A34: NOMBRE DEL LIDER INMEDIATO | B34: COLABORADOR | D34: FECHA

Sheet DANIEL RESTREPO ALZATE 
B1: PROGRAMA DE ENTRENAMIENTO | F1: Código: F73 Versión: 1
A7: COLABORADOR | B7: CARGO | D7: PROCESO | F7: FECHA DE INGRESO
A8: DANIEL RESTREPO ALZATE | B8: COORDINADOR DE ASEO | D8: ASEO | F8: FEBRERO 03 DE 2026
A10: TEMA A ENTRENAR | B10: RECURSOS | C10: TIEMPO (1) (horas) | D10: RESPONSABLE DE IMPARTIR EL ENTRENAMIENTO | E10: FECHA / HORA | F10: FIRMA RESPONSABLE DE IMPARTIR EL ENTRENAMIENTO
A11: Contratación y Supervisión: Elaboración de Estudios previos, contratacion estatal, supervisión de contratos | B11: Tiempo Personal | C11: 10 Horas | D11: Director Aseo
A12: Manejo de las herramientas del sistema de Gestión Integral: Indicadores, Matriz ACPM, Matriz de Riesgos, Procedimientos e instructivos del Área | B12: Tiempo Personal | C12: 10 horas | D12: Director Aseo
A13: Identificación y reconocimiento de sistemas operativos: Barrido, recolección y Transporte y Relleno Sanitario | B13: Tiempo Personal | C13: 10 horas | D13: Supervisor Barrido, Relleno sanitario y Conductores
A14: Manejo de las herramientas del sistema de gestion integral , indicadoires de matriz acpm , matriz de riesgos y procedemientos e intructivos del area | B14: Tiempo Personal | C14: 3 horas | D14: Cordinador SGI
A15: Reconocimiento de contratos en ejecución objeto de supervisión por parte de la dirección de Aseo | B15: Tiempo Personal | C15: 16 horas | D15: Director Aseo y Supervisores barrido, relleno y conductores
A16: Seguridad y Salud en el Trabajo | B16: Tiempo Personal | C16: 8 horas | D16: coordinadora de SST
A17: Sistema de Gestión Ambiental ESPA (Estado de Licencias y permisos Ambientales) | B17: Tiempo Personal | C17: 8 horas | D17: Director Aseo
A18: Aforos grandes generadores | B18: Tiempo Personal | C18: 8 horas | D18: Director Aseo
A19: Normatividad del Area de Aseo y programa PEGIRS | B19: Tiempo Personal | C19: 10 horas | D19: Asistente MIRS
A20: Plan estratégico de Seguridad Vial PESV | B20: Tiempo Personal | C20: 10 horas | D20: coordinadora de SST | H20: 38
A23: OBSERVACIONES DEL LÍDER INMEDIATO SOBRE EL ENTRENAMIENTO
A28: NOMBRE DEL LIDER INMEDIATO | B28: NOMBRE DEL COLABORADOR | D28: FECHA

Sheet  JHON ALEXANDER ARISTIZABAL  
B1: PROGRAMA DE ENTRENAMIENTO CODIGO 91 VERSION 2
A7: COLABORADOR | B7: CARGO | D7: PROCESO | F7: FECHA DE INGRESO
A8: JHON ALEXANDER ARISTIZABAL | B8: Operario de barrido | D8: Aseo | F8: 27 de Enero 2026
A10: TEMA A ENTRENAR | B10: RECURSOS | C10: TIEMPO(1) (horas) | D10: RESPONSABLE DE IMPARTIR EL ENTRENAMIENTO | E10: FECHA / HORA | F10: FIRMA RESPONSABLE DE IMPARTIR EL ENTRENAMIENTO
A11: Reconocimiento de Rutas de barrido existentes en el Municipio: Barrido de Calles, Limpeza de cunetas, sumideros, tinacos, andenes, zonas verdes, desyerbe de vías, limpieza de lotes publicos, | B11: Tiempo Personal | C11: 10 Horas | D11: Supervisor de barrido
A12: Lavado de areas publicas y limpieza de zonas rivereñas de quebradas | B12: Tiempo Personal | C12: 3 horas | D12: Contratista SGI
A13: Manejo de Herramientas | B13: Tiempo Personal | C13: 1 hora | D13: Operario de de barrido
A14: Mantenimiento de Jardineras | B14: Tiempo Personal | C14: 1 hora | D14: Director Aseo - Contratista apoyo SST.
A15: Mantenimiento de Tinacos: Reparación, o lavado | B15: Tiempo Personal | C15: 1 hora | D15: Operario de barrido
A16: Atencion servicio calle peatonal, parque principal y malecom | B16: Tiempo Personal | C16: 2 horas | D16: Director Administrativo
A17: Apoyo servicio de guadañaje | B17: Tiempo Personal | C17: 4 horas | D17: Operario de barrido
A18: Cumplimiento de las normas de seguridad, higiene corporal y uso de los EPP. | B18: Tiempo Personal | C18: 6 horas | D18: SST
A19: (1) Los programas de entrenamiento tienen una duración máxima de 2 meses. Las horas asignadas a cada tema podrían ser modificadas de acuerdo con énfasis específicos que se quieran hacer.
A21: OBSERVACIONES DEL LÍDER INMEDIATO SOBRE EL ENTRENAMIENTO
A30: NOMBRE DEL LIDER INMEDIATO | B30: COLABORADOR | D30: FECHA

Sheet FLORDELIS QUINTANA MADERA
B1: PROGRAMA DE ENTRENAMIENTO CODIGO 91 VERSION 2
A7: COLABORADOR | B7: CARGO | D7: PROCESO | F7: FECHA DE INGRESO
A8: FLORDELIS QUINTANA MADERA | B8: Operaria de barrido | D8: Aseo | F8: 26 de Enero 2026
A10: TEMA A ENTRENAR | B10: RECURSOS | C10: TIEMPO(1) (horas) | D10: RESPONSABLE DE IMPARTIR EL ENTRENAMIENTO | E10: FECHA / HORA | F10: FIRMA RESPONSABLE DE IMPARTIR EL ENTRENAMIENTO
A11: Reconocimiento de Rutas de barrido existentes en el Municipio: Barrido de Calles, Limpeza de cunetas, sumideros, tinacos, andenes, zonas verdes, desyerbe de vías, limpieza de lotes publicos, | B11: Tiempo Personal | C11: 10 Horas | D11: Supervisor de barrido
A12: Lavado de areas publicas y limpieza de zonas rivereñas de quebradas | B12: Tiempo Personal | C12: 3 horas | D12: Contratista SGI
A13: Manejo de Herramientas | B13: Tiempo Personal | C13: 1 hora | D13: Operario de de barrido
A14: Mantenimiento de Jardineras | B14: Tiempo Personal | C14: 1 hora | D14: Director Aseo - Contratista apoyo SST.
A15: Mantenimiento de Tinacos: Reparación, o lavado | B15: Tiempo Personal | C15: 1 hora | D15: Operario de barrido
A16: Atencion servicio calle peatonal, parque principal y malecom | B16: Tiempo Personal | C16: 2 horas | D16: Director Administrativo
A17: Apoyo servicio de guadañaje | B17: Tiempo Personal | C17: 4 horas | D17: Operario de barrido
A18: Cumplimiento de las normas de seguridad, higiene corporal y uso de los EPP. | B18: Tiempo Personal | C18: 6 horas | D18: SST
A19: (1) Los programas de entrenamiento tienen una duración máxima de 2 meses. Las horas asignadas a cada tema podrían ser modificadas de acuerdo con énfasis específicos que se quieran hacer.
A21: OBSERVACIONES DEL LÍDER INMEDIATO SOBRE EL ENTRENAMIENTO
A30: NOMBRE DEL LIDER INMEDIATO | B30: COLABORADOR | D30: FECHA

Sheet LINA MARIA  CASTAÑO MONTOYA 
B1: PROGRAMA DE ENTRENAMIENTO CODIGO 91 VERSION 2
A7: COLABORADOR | B7: CARGO | D7: PROCESO | F7: FECHA DE INGRESO
A8: LINA MARIA CASTAÑO MONTOYA | B8: ACESORIA JURIDICA | D8: ADMINISTRATIVA | F8: 7 de Noviembre 2025
A10: TEMA A ENTRENAR | B10: RECURSOS | C10: TIEMPO(1) (horas) | D10: RESPONSABLE DE IMPARTIR EL ENTRENAMIENTO | E10: FECHA / HORA | F10: FIRMA RESPONSABLE DE IMPARTIR EL ENTRENAMIENTO
A11: Fundamentos del Derecho Aplicado | B11: Tiempo Personal | C11: 10 Horas | D11: Director administrativo
A12: Manejo de las herramientas del sistema de gestion integral , indicadoires de matriz acpm , matriz de riesgos y procedemientos e intructivos del area | B12: Tiempo Personal | C12: 3 horas | D12: Cordinador SGI
A13: Interpretación y Análisis Jurídico | B13: Tiempo Personal | C13: 2 hora | D13: Director administrativo
A14: Asesoría Jurídica en la Práctica | B14: Tiempo Personal | C14: 2 hora | D14: Director administrativo
A15: Ética Profesional | B15: Tiempo Personal | C15: 1 hora | D15: Director administrativo
A16: Tecnologías para el Trabajo Jurídico | B16: Tiempo Personal | C16: 2 horas | D16: Contratista sistemas
A17: Cumplimiento de las normas de seguridad, higiene corporal y uso de los EPP. | B17: Tiempo Personal | C17: 6 horas | D17: SST
A18: (1) Los programas de entrenamiento tienen una duración máxima de 2 meses. Las horas asignadas a cada tema podrían ser modificadas de acuerdo con énfasis específicos que se quieran hacer.
A20: OBSERVACIONES DEL LÍDER INMEDIATO SOBRE EL ENTRENAMIENTO
A29: NOMBRE DEL LIDER INMEDIATO | B29: COLABORADOR | D29: FECHA

Sheet UBYELY GOMEZ
B1: PROGRAMA DE ENTRENAMIENTO CODIGO 91 VERSION 2
A7: COLABORADOR | B7: CARGO | D7: PROCESO | F7: FECHA DE INGRESO
A8: ubiely gomez jimenez | B8: Operaria de barrido | D8: Aseo | F8: 1 de Octubre 2025
A10: TEMA A ENTRENAR | B10: RECURSOS | C10: TIEMPO(1) (horas) | D10: RESPONSABLE DE IMPARTIR EL ENTRENAMIENTO | E10: FECHA / HORA | F10: FIRMA RESPONSABLE DE IMPARTIR EL ENTRENAMIENTO
A11: Reconocimiento de Rutas de barrido existentes en el Municipio: Barrido de Calles, Limpeza de cunetas, sumideros, tinacos, andenes, zonas verdes, desyerbe de vías, limpieza de lotes publicos, | B11: Tiempo Personal | C11: 10 Horas | D11: Supervisor de barrido
A12: Lavado de areas publicas y limpieza de zonas rivereñas de quebradas | B12: Tiempo Personal | C12: 3 horas | D12: Contratista SGI
A13: Manejo de Herramientas | B13: Tiempo Personal | C13: 1 hora | D13: Operario de de barrido
A14: Mantenimiento de Jardineras | B14: Tiempo Personal | C14: 1 hora | D14: Director Aseo - Contratista apoyo SST.
A15: Mantenimiento de Tinacos: Reparación, o lavado | B15: Tiempo Personal | C15: 1 hora | D15: Operario de barrido
A16: Atencion servicio calle peatonal, parque principal y malecom | B16: Tiempo Personal | C16: 2 horas | D16: Director Administrativo
A17: Apoyo servicio de guadañaje | B17: Tiempo Personal | C17: 4 horas | D17: Operario de barrido
A18: Cumplimiento de las normas de seguridad, higiene corporal y uso de los EPP. | B18: Tiempo Personal | C18: 6 horas | D18: Director Administrativo
A19: (1) Los programas de entrenamiento tienen una duración máxima de 2 meses. Las horas asignadas a cada tema podrían ser modificadas de acuerdo con énfasis específicos que se quieran hacer.
A21: OBSERVACIONES DEL LÍDER INMEDIATO SOBRE EL ENTRENAMIENTO
A30: NOMBRE DEL LIDER INMEDIATO | B30: COLABORADOR | D30: FECHA

Sheet LINA PATRICIA GOMEZ VALENCIA
A1: PROGRAMA DE ENTRENAMIENTO | F1: Código: 91 Versión: 2
A7: CARGO | D7: PROCESO | F7: FECHA DE INGRESO
A8: TESORERA | D8: ADMINISTRATIVO | F8: JUNIO 04 DE 2025
A9: FUNCIONARIO | C9: Lina Patricia Gomez Valencia
A11: TEMA A ENTRENAR | E11: FECHA / HORA | F11: FIRMA RESPONSABLE DE IMPARTIR EL ENTRENAMIENTO
A12: Inducción al rol de tesorera(Manual de funciones, código de ética) | B12: Tiempo Personal | C12: 8 horas | D12: Directora Administrativa Coordinadora de gestion humana
A13: Ciclo contable y registro de operaciones | B13: Tiempo Personal | C13: 8 horas | D13: directora financiera, asistente finaciera
A14: Manejo de las herramientas del sistema de Gestión Integral: Indicadores, Matriz ACPM, Matriz de Riesgos, Procedimientos e instructivos del Área | B14: Tiempo Personal | C14: 4 Horas | D14: Coordinadora SGI
A15: Ciclo contable y registro de operaciones | B15: Tiempo Personal | C15: 6 horas | D15: directora financiera, asistente finaciera
A16: Manejo del presupuesto | B16: Tiempo Personal | C16: 10 horas | D16: directora financiera, asistente finaciera
A17: Normas legales (locales y nacionales) | B17: Tiempo personal | C17: 4 Horas | D17: directora financiera,
A18: Manejo del Software SAIMYR | B18: Tiempo personal | C18: 6 horas | D18: directora financiera,
A19: Seguridad y salud en el trabajo | B19: Tiempo Personal | C19: 2 horas | D19: Coordinador SST
A20: Reporte a entedidades de control | B20: Tiempo Personal | C20: 6 horas | D20: directora financiera
A23: NOMBRE DEL COLABORADOR | D23: FECHA

Sheet YUBER  DUQUE  AGUIRRE 
B1: PROGRAMA DE ENTRENAMIENTO CODIGO 91 VERSION 2
A7: COLABORADOR | B7: CARGO | D7: PROCESO | F7: FECHA DE INGRESO
A8: YUBER ALEXANDER DUQUQE AGUIRRE | B8: Operario de planta de organicos | D8: Aseo | F8: 09 de abril 2024
A10: TEMA A ENTRENAR | B10: RECURSOS | C10: TIEMPO(1) (horas) | D10: RESPONSABLE DE IMPARTIR EL ENTRENAMIENTO | E10: FECHA / HORA | F10: FIRMA RESPONSABLE DE IMPARTIR EL ENTRENAMIENTO
A11: Manejo de Compactador en plataforma y en planta de Orgánicos | B11: Tiempo Personal | C11: 1 HORA | D11: Operario Planta de Orgánicos y supervisor relleno
A12: Separación de Material Organico | B12: Tiempo Personal | C12: 2 HORAS | D12: Operario Planta de Orgánicos y supervisor relleno
A13: Conformacion de Pilas | B13: Tiempo Personal | C13: 2 HORAS | D13: Operario Planta de Orgánicos
A14: Apiques de aireación | B14: Tiempo Personal | C14: 2HORAS | D14: Operario Planta de Orgánicos
A15: Mantenimiento relleno | B15: Tiempo Personal | C15: 4 HORAS | D15: Supervisor relleno
A16: Mantenimiento planta lixiviados | B16: Tiempo Personal | C16: 2 HORAS | D16: Supervisor relleno
A17: (1) Los programas de entrenamiento tienen una duración máxima de 2 meses. Las horas asignadas a cada tema podrían ser modificadas de acuerdo con énfasis específicos que se quieran hacer.
A19: OBSERVACIONES DEL LÍDER INMEDIATO SOBRE EL ENTRENAMIENTO
A28: NOMBRE DEL LIDER INMEDIATO | B28: COLABORADOR | D28: FECHA

Sheet DIEGO MARIN 
B1: PROGRAMA DE ENTRENAMIENTO CODIGO 91 VERSION 2
A7: COLABORADOR | B7: CARGO | D7: PROCESO | F7: FECHA DE INGRESO
A8: DIEGO ALEXANDER MARIN CIRO | B8: Operario de planta de organicos | D8: Aseo | F8: 04 de abril 2024
A10: TEMA A ENTRENAR | B10: RECURSOS | C10: TIEMPO(1) (horas) | D10: RESPONSABLE DE IMPARTIR EL ENTRENAMIENTO | E10: FECHA / HORA | F10: FIRMA RESPONSABLE DE IMPARTIR EL ENTRENAMIENTO
A11: Manejo de Compactador en plataforma y en planta de Orgánicos | B11: Tiempo Personal | C11: 1 HORA | D11: Operario Planta de Orgánicos y supervisor relleno
A12: Separación de Material Organico | B12: Tiempo Personal | C12: 2 HORAS | D12: Operario Planta de Orgánicos y supervisor relleno
A13: Conformacion de Pilas | B13: Tiempo Personal | C13: 2 HORAS | D13: Operario Planta de Orgánicos
A14: Apiques de aireación | B14: Tiempo Personal | C14: 2HORAS | D14: Operario Planta de Orgánicos
A15: Mantenimiento relleno | B15: Tiempo Personal | C15: 4 HORAS | D15: Supervisor relleno
A16: Mantenimiento planta lixiviados | B16: Tiempo Personal | C16: 2 HORAS | D16: Supervisor relleno
A17: (1) Los programas de entrenamiento tienen una duración máxima de 2 meses. Las horas asignadas a cada tema podrían ser modificadas de acuerdo con énfasis específicos que se quieran hacer.
A19: OBSERVACIONES DEL LÍDER INMEDIATO SOBRE EL ENTRENAMIENTO
A28: NOMBRE DEL LIDER INMEDIATO | B28: COLABORADOR | D28: FECHA

Sheet PAOLA ANDREA OSORIO
B1: PROGRAMA DE ENTRENAMIENTO CODIGO 91 VERSION 2
A7: COLABORADOR | B7: CARGO | D7: PROCESO | F7: FECHA DE INGRESO
A8: PAOLA ANDREA OSORIO | B8: Operaria lectora | D8: COMERCIAL | F8: 04 de abril 2024
A10: TEMA A ENTRENAR | B10: RECURSOS | C10: TIEMPO(1) (horas) | D10: RESPONSABLE DE IMPARTIR EL ENTRENAMIENTO | E10: FECHA / HORA | F10: FIRMA RESPONSABLE DE IMPARTIR EL ENTRENAMIENTO
A11: Rutas de Lectura y entrega de facturas en campo por todo el Municipio | B11: Tiempo Personal | C11: 40 horas | D11: Operaria Lectora Asistente Comercial
A12: Manejo de la Tablet o el Celu Web | B12: Celuweb, Tiempo Personal | C12: 12 horas | D12: Operaria Lectora
A13: Lectura de Medidores | B13: Celuweb, Tiempo Personal | C13: 20 horas | D13: Operaria Lectora
A14: Manejo de Codigos | B14: Tiempo Personal | C14: 20 horas | D14: Operaria Lectora y Auxiliar Comercial
A15: Cambios de Medidores | B15: Tiempo Personal | C15: 40 horas | D15: Operaria Lectora
A16: Suspensiones y Reinstalaciones | B16: Tiempo Personal | C16: 50 horas | D16: Operaria Lectora y Asistente comercial
A17: Críticas Aleatorias altos y bajos consumos, medidores frenados, casas solas | B17: Tiempo Personal | C17: 40 horas | D17: Operaria Lectora y Asistente comercial
A18: Revisiones Previas: Por debido proceso | B18: Tiempo Personal | C18: 40 horas | D18: Operaria Lectora y Auxiliar Comercial
A19: (1) Los programas de entrenamiento tienen una duración máxima de 2 meses. Las horas asignadas a cada tema podrían ser modificadas de acuerdo con énfasis específicos que se quieran hacer.
A21: OBSERVACIONES DEL LÍDER INMEDIATO SOBRE EL ENTRENAMIENTO
A30: NOMBRE DEL LIDER INMEDIATO | B30: COLABORADOR | D30: FECHA

Sheet CLAUDIA  PATRICIA GIRALDO 
B1: PROGRAMA DE ENTRENAMIENTO CODIGO 91 VERSION 2
A7: COLABORADOR | B7: CARGO | D7: PROCESO | F7: FECHA DE INGRESO
A8: Claudia patricia giraldo | B8: Operaria de barrido | D8: Aseo | F8: 18 de Marzo 2024
A10: TEMA A ENTRENAR | B10: RECURSOS | C10: TIEMPO(1) (horas) | D10: RESPONSABLE DE IMPARTIR EL ENTRENAMIENTO | E10: FECHA / HORA | F10: FIRMA RESPONSABLE DE IMPARTIR EL ENTRENAMIENTO
A11: Reconocimiento de Rutas de barrido existentes en el Municipio: Barrido de Calles, Limpeza de cunetas, sumideros, tinacos, andenes, zonas verdes, desyerbe de vías, limpieza de lotes publicos, | B11: Tiempo Personal | C11: 10 Horas | D11: Supervisor de barrido
A12: Lavado de areas publicas y limpieza de zonas rivereñas de quebradas | B12: Tiempo Personal | C12: 3 horas | D12: Contratista SGI
A13: Manejo de Herramientas | B13: Tiempo Personal | C13: 1 hora | D13: Operario de de barrido
A14: Mantenimiento de Jardineras | B14: Tiempo Personal | C14: 1 hora | D14: Director Aseo - Contratista apoyo SST.
A15: Mantenimiento de Tinacos: Reparación, o lavado | B15: Tiempo Personal | C15: 1 hora | D15: Operario de barrido
A16: Atencion servicio calle peatonal, parque principal y malecom | B16: Tiempo Personal | C16: 2 horas | D16: Director Administrativo
A17: Apoyo servicio de guadañaje | B17: Tiempo Personal | C17: 4 horas | D17: Operario de barrido
A18: Cumplimiento de las normas de seguridad, higiene corporal y uso de los EPP. | B18: Tiempo Personal | C18: 6 horas | D18: Director Administrativo
A19: (1) Los programas de entrenamiento tienen una duración máxima de 2 meses. Las horas asignadas a cada tema podrían ser modificadas de acuerdo con énfasis específicos que se quieran hacer.
A21: OBSERVACIONES DEL LÍDER INMEDIATO SOBRE EL ENTRENAMIENTO
A30: NOMBRE DEL LIDER INMEDIATO | B30: COLABORADOR | D30: FECHA

Sheet CESAR AUGUSTO GIRALDO  
B1: PROGRAMA DE ENTRENAMIENTO CODIGO 91 VERSION 2
A7: COLABORADOR | B7: CARGO | D7: PROCESO | F7: FECHA DE INGRESO
A8: Cesar Augusto Giraldo Giraldo | B8: Operario de recoleccion | D8: Aseo | F8: 13 de marzo 2025
A10: TEMA A ENTRENAR | B10: RECURSOS | C10: TIEMPO(1) (horas) | D10: RESPONSABLE DE IMPARTIR EL ENTRENAMIENTO | E10: FECHA / HORA | F10: FIRMA RESPONSABLE DE IMPARTIR EL ENTRENAMIENTO
A11: Rutas de Recolección de residuos organicos e inorgánicos y cuidados en vias publicas y carro recolector | B11: Tiempo Personal | C11: 16 horas | D11: Operario de Recolección
A12: Manejo y Operación del Relleno Sanitario: Recorrido, Uso de EPP | B12: Tiempo Personal | C12: 2 horas | D12: Operario de Recolección
A13: Manejo y Operación del Relleno Sanitario: Recorrido, Uso de EPP | B13: Tiempo Personal | C13: 16 horas | D13: Operario de Recolección
A14: Limpieza de Cunetas y/o desagues | B14: Tiempo Personal | C14: 1 hora | D14: Operario de Recolección
A15: Conformación de Chimeneas | B15: Tiempo Personal | C15: 16 horas | D15: Operario de Recolección
A16: Mantenimiento de la Vía de Entrada con sus respectivos desagues | B16: Tiempo Personal | C16: 1 hora | D16: Operario de Recolección
A17: Separación de Material Organico, conformación de pilas, apiques a las pilas. | B17: Tiempo Personal | C17: 2 Horas | D17: Operario de Recolección
A18: Manejo de la Planta de lixiviados | B18: Tiempo Personal | C18: 1 hora | D18: Operario de Recolección
A19: Rutas de Recolección organicos e inorgánicos donde no ingresa el vehículo | B19: Tiempo Personal | C19: 8 horas | D19: Operario de Recolección
A20: Precauciones de Manipulacion de Residuos Solidos | B20: Tiempo Personal | C20: 8 horas | D20: Operario de Recolección
A21: Manejo de Cajas Estacionarias | B21: Tiempo Personal | C21: 8 horas | D21: Operario de Recolección
A22: Mantenimiento de la lona | B22: Tiempo Personal | C22: 1 Horas | D22: Operario de Recolección
A23: (1) Los programas de entrenamiento tienen una duración máxima de 2 meses. Las horas asignadas a cada tema podrían ser modificadas de acuerdo con énfasis específicos que se quieran hacer.
A25: OBSERVACIONES DEL LÍDER INMEDIATO SOBRE EL ENTRENAMIENTO
A34: NOMBRE DEL LIDER INMEDIATO | B34: COLABORADOR | D34: FECHA
B40: &

Sheet JESUS  ANDRES  RIVERA 
B1: PROGRAMA DE ENTRENAMIENTO CODIGO 91 VERSION 2
A7: COLABORADOR | B7: CARGO | D7: PROCESO | F7: FECHA DE INGRESO
A8: JESUS ANDRES RIVERA | B8: OPERARIO DE RECOLECCION | D8: ASEO | F8: 45729
A10: TEMA A ENTRENAR | B10: RECURSOS | C10: TIEMPO(1) (horas) | D10: RESPONSABLE DE IMPARTIR EL ENTRENAMIENTO | E10: FECHA / HORA | F10: FIRMA RESPONSABLE DE IMPARTIR EL ENTRENAMIENTO
A11: Rutas de Recolección de residuos organicos e inorgánicos y cuidados en vias publicas y carro recolector | B11: Tiempo Personal | C11: 16 horas | D11: Operario de Recolección
A12: Manejo y Operación del Relleno Sanitario: Recorrido, Uso de EPP | B12: Tiempo Personal | C12: 2 horas | D12: Operario de Recolección
A13: Manejo y Operación del Relleno Sanitario: Recorrido, Uso de EPP | B13: Tiempo Personal | C13: 16 horas | D13: Operario de Recolección
A14: Limpieza de Cunetas y/o desagues | B14: Tiempo Personal | C14: 1 hora | D14: Operario de Recolección
A15: Conformación de Chimeneas | B15: Tiempo Personal | C15: 16 horas | D15: Operario de Recolección
A16: Mantenimiento de la Vía de Entrada con sus respectivos desagues | B16: Tiempo Personal | C16: 1 hora | D16: Operario de Recolección
A17: Separación de Material Organico, conformación de pilas, apiques a las pilas. | B17: Tiempo Personal | C17: 2 Horas | D17: Operario de Recolección
A18: Manejo de la Planta de lixiviados | B18: Tiempo Personal | C18: 1 hora | D18: Operario de Recolección
A19: Rutas de Recolección organicos e inorgánicos donde no ingresa el vehículo | B19: Tiempo Personal | C19: 8 horas | D19: Operario de Recolección
A20: Precauciones de Manipulacion de Residuos Solidos | B20: Tiempo Personal | C20: 8 horas | D20: Operario de Recolección
A21: Manejo de Cajas Estacionarias | B21: Tiempo Personal | C21: 8 horas | D21: Operario de Recolección
A22: Mantenimiento de la lona | B22: Tiempo Personal | C22: 1 Horas | D22: Operario de Recolección
A23: (1) Los programas de entrenamiento tienen una duración máxima de 2 meses. Las horas asignadas a cada tema podrían ser modificadas de acuerdo con énfasis específicos que se quieran hacer.
A25: OBSERVACIONES DEL LÍDER INMEDIATO SOBRE EL ENTRENAMIENTO
A34: NOMBRE DEL LIDER INMEDIATO | B34: COLABORADOR | D34: FECHA

Sheet NELSON  CARDONA ZULUAGA 
B1: PROGRAMA DE ENTRENAMIENTO CODIGO 91 VERSION 2
A7: COLABORADOR | B7: CARGO | D7: PROCESO | F7: FECHA DE INGRESO
A8: NELSON DE JESUS CARDONA ZULUAGA | B8: OFICIAL DE SEGUNDA | D8: ASEO | F8: 45713
A10: TEMA A ENTRENAR | B10: RECURSOS | C10: TIEMPO(1) (horas) | D10: RESPONSABLE DE IMPARTIR EL ENTRENAMIENTO | E10: FECHA / HORA | F10: FIRMA RESPONSABLE DE IMPARTIR EL ENTRENAMIENTO
A11: Instalaciones Nuevas: Solicitud al usuario de Materiales Apertura de brecha Instalacion de Tubería y Medidor Verificacion de Funcionamiento Apertura de valvulas para revisión | B11: Herramientas, y Equipos Tiempo Personal | C11: 1 hora
A12: Cortes, Suspensiones y Reconexiones: Suspensión del servicio Extraccion de Medidor y tapón de Tubería Retiro de Tapón y Verificacion de Funcionamiento | B12: Herramientas, y Equipos Tiempo Personal | C12: 2 Horas
A13: Daños u Obstrucción de alcantarillado: Revision de MHs Si hay Obstruccion: Uso de Tira buzon, varillas o bactor Si es daño: Excavación y enmienda del tubo averiado o cambio. Verificación Tapado de Excavación | B13: Herramientas, y Equipos Tiempo Personal | C13: 8 horas
A14: Daños de Acueducto: Medidores Redes Principales Domiciliarias | B14: Herramientas, y Equipos Tiempo Personal | C14: 16 horas
A15: Mantenimiento de Hidrantes: Apertura y Cierre para evitar golpe de ariete y fugas | B15: Herramientas, y Equipos Tiempo Personal | C15: 3 horas
A16: Inspección Mantenimiento a Cajas de Valvulas: Limpieza por sedimientación | B16: Herramientas, y Equipos Tiempo Personal | C16: 1 hora
A17: Mantenimiento a Cajas de Inspección aguas Negras: Destape, Ingreso y limpieza de Arenas | B17: Herramientas, y Equipos Tiempo Personal | C17: 2 Horas
A18: Pictometria: Pruebas de presion en las redes, Manejo de manometro, revisión de Cajas de Muestreo | B18: Herramientas, y Equipos Tiempo Personal | C18: 0.5 horas
A19: Limpieza de Aliviaderos: Sacar sedimentos de 5 aliviaderos, según temporada de lluvias | B19: Herramientas, y Equipos Tiempo Personal | C19: 3 horas
A20: Expansión de Redes de Acueducto: Instalación de Tuberias y Futuras de Acueducto, Verificacion de Funcionamiento y Ajuste | B20: Herramientas, y Equipos Tiempo Personal | C20: 24 Horas
A21: (1) Los programas de entrenamiento tienen una duración máxima de 2 meses. Las horas asignadas a cada tema podrían ser modificadas de acuerdo con énfasis específicos que se quieran hacer.
A23: OBSERVACIONES DEL LÍDER INMEDIATO SOBRE EL ENTRENAMIENTO
A32: NOMBRE DEL LIDER INMEDIATO | B32: COLABORADOR | D32: FECHA

Sheet TOMAS  MONTIEL 
B1: PROGRAMA DE ENTRENAMIENTO CODIGO 91 VERSION 2
A7: COLABORADOR | B7: CARGO | D7: PROCESO | F7: FECHA DE INGRESO
A8: TOMAS MONTIEL ROBEDO | B8: OPERARARIO RECOLECTOR | D8: ASEO | F8: 45713
A10: TEMA A ENTRENAR | B10: RECURSOS | C10: TIEMPO(1) (horas) | D10: RESPONSABLE DE IMPARTIR EL ENTRENAMIENTO | E10: FECHA / HORA | F10: FIRMA RESPONSABLE DE IMPARTIR EL ENTRENAMIENTO
A11: Rutas de Recolección de residuos organicos e inorgánicos y cuidados en vias publicas y carro recolector | B11: Tiempo Personal | C11: 16 horas | D11: Operario de Recolección
A12: Manejo y Operación del Relleno Sanitario: Recorrido, Uso de EPP | C12: 2 horas | D12: Operario de Recolección
A13: Guadañaje y planteo y poda de arboles | B13: Tiempo Personal | C13: 16 horas | D13: Operario de Recolección
A14: Limpieza de Cunetas y/o desagues | B14: Tiempo Personal | C14: 1 hora | D14: Operario de Recolección
A15: Conformación de Chimeneas | B15: Tiempo Personal | C15: 16 horas | D15: Operario de Recolección
A16: Mantenimiento de la Vía de Entrada con sus respectivos desagues | B16: Tiempo Personal | C16: 1 hora | D16: Operario de Recolección
A17: Mantenimiento de la lona | B17: Tiempo Personal | C17: 2 Horas | D17: Operario de Recolección
A18: Manejo de Compactador en plataforma y en planta de Orgánicos | B18: Tiempo Personal | C18: 1 hora | D18: Operario de Recolección
A19: Separación de Material Organico, conformación de pilas, apiques a las pilas. | B19: Tiempo Personal | C19: 8 horas | D19: Operario de Recolección
A20: Manejo de la Planta de lixiviados | B20: Tiempo Personal | C20: 8 horas | D20: Operario de Recolección
A21: Rutas de Recolección organicos e inorgánicos donde no ingresa el vehículo | B21: Tiempo Personal | C21: 8 horas | D21: Operario de Recolección
A22: Precauciones de Manipulacion de Residuos Solidos | B22: Tiempo Personal | C22: 1 Horas | D22: Operario de Recolección
A23: Manejo de Cajas Estacionarias | B23: Tiempo Personal | C23: 1 Horas | D23: Operario de Recolección
A24: (1) Los programas de entrenamiento tienen una duración máxima de 2 meses. Las horas asignadas a cada tema podrían ser modificadas de acuerdo con énfasis específicos que se quieran hacer.
A26: OBSERVACIONES DEL LÍDER INMEDIATO SOBRE EL ENTRENAMIENTO
A35: NOMBRE DEL LIDER INMEDIATO | B35: COLABORADOR | D35: FECHA

Sheet YENNY  BOTERO GOMEZ

Sheet FABIO NELSON GIRALDO 
B1: PROGRAMA DE ENTRENAMIENTO | F1: Código: F73 Versión: 1
A7: COLABORADOR | B7: CARGO | D7: PROCESO | F7: FECHA DE INGRESO
A8: FABIO NELSON GIRALDO QUINTERO | B8: OPERARIO DE RECOLECCION | D8: ASEO | F8: OCTBRE 07 DE 2024
A9: TEMA A ENTRENAR | B9: RECURSOS | C9: TIEMPO (1) (horas) | D9: RESPONSABLE DE IMPARTIR EL ENTRENAMIENTO | E9: FECHA / HORA | F9: FIRMA RESPONSABLE DE IMPARTIR EL ENTRENAMIENTO
A10: Rutas de Recolección de residuos organicos e inorgánicos y cuidados en vias publicas y carro recolector | B10: Tiempo Personal | C10: 16 horas | D10: Operario de Recolección
A11: Manejo y Operación del Relleno Sanitario: Recorrido, Uso de EPP | B11: ='MATRIZ DE ENTRENAMIENTO '!A26 -> Operario de Recolección y disposición Final | C11: ='MATRIZ DE ENTRENAMIENTO '!B26 -> Manejo y Operación del Relleno Sanitario: Recorrido, Uso de EPP | D11: Operario de Recolección
A12: Guadañaje y planteo y poda de arboles | B12: Tiempo Personal | C12: ='MATRIZ DE ENTRENAMIENTO '!B27 -> Guadañaje | D12: Operario de Recolección
A13: Limpieza de Cunetas y/o desagues | B13: Tiempo Personal | C13: ='MATRIZ DE ENTRENAMIENTO '!B29 -> Limpieza de Cunetas y/o desagues | D13: Operario de Recolección
A14: Conformación de Chimeneas | B14: Tiempo Personal | C14: ='MATRIZ DE ENTRENAMIENTO '!B31 -> Conformación de Chimeneas | D14: Operario de Recolección
A15: Mantenimiento de la Vía de Entrada con sus respectivos desagues | B15: Tiempo Personal | C15: ='MATRIZ DE ENTRENAMIENTO '!B33 -> Mantenimiento de la Vía de Entrada con sus respectivos desagues | D15: Operario de Recolección
A16: Mantenimiento de la lona | B16: Tiempo Personal | C16: ='MATRIZ DE ENTRENAMIENTO '!B34 -> Mantenimiento de la lona | D16: Operario de Recolección
A17: Manejo de Compactador en plataforma y en planta de Orgánicos | B17: Tiempo Personal | C17: ='MATRIZ DE ENTRENAMIENTO '!B35 -> Manejo de Compactador en plataforma y en planta de Orgánicos | D17: Operario de Recolección
A18: Separación de Material Organico, conformación de pilas, apiques a las pilas. | B18: Tiempo Personal | C18: ='MATRIZ DE ENTRENAMIENTO '!B36 -> Separación de Material Organico, conformación de pilas, apiques a las pilas. | D18: Operario de Recolección
A19: Manejo de la Planta de lixiviados | B19: Tiempo Personal | C19: ='MATRIZ DE ENTRENAMIENTO '!B37 -> Manejo de la Planta de lixiviados | D19: Operario de Recolección
A20: Rutas de Recolección organicos e inorgánicos donde no ingresa el vehículo | B20: Tiempo Personal | C20: 8 horas | D20: Operario de Recolección
A21: Precauciones de Manipulacion de Residuos Solidos | B21: Tiempo Personal | C21: 1 Horas | D21: Operario de Recolección
A22: Manejo de Cajas Estacionarias | B22: Tiempo Personal | C22: 1 Horas | D22: Operario de Recolección
A23: (1) Los programas de entrenamiento tienen una duración máxima de 2 meses. Las horas asignadas a cada tema podrían ser modificadas de acuerdo con énfasis específicos que se quieran hacer.
A25: OBSERVACIONES DEL LÍDER INMEDIATO SOBRE EL ENTRENAMIENTO
A26: NOMBRE DEL LIDER INMEDIATO | B26: NOMBRE DEL COLABORADOR | D26: FECHA

Sheet ANDRES VALENCIA  USME
A1: PROGRAMA DE ENTRENAMIENTO | E1: Código: F73 Versión: 1
A7: CARGO | C7: PROCESO | E7: FECHA DE INGRESO
A8: CONDUCTOR CAMIONETA | C8: ACUEDUCTO Y ALLDO. | E8: OCTUBRE/03/2024
D10: FECHA / HORA | E10: FIRMA RESPONSABLE DE IMPARTIR EL ENTRENAMIENTO
A11: Tiempo Personal | B11: 8 horas | C11: Director tecnico
A12: Tiempo Personal | B12: 8 horas | C12: Director tecnico
A13: Tiempo Personal | B13: 4 Horas | C13: Coordinadora SGI
A14: Tiempo Personal | B14: 6 horas | C14: Coordinador (a) Tecnica
A15: Tiempo Personal | B15: 10 horas | C15: Coordinadpora tecnica Operadores de acueducto y alcantarillado
A16: Tiempo personal | B16: 4 Horas | C16: Coordinador (a) Tecnica
A17: Tiempo Personal | B17: 6 horas | C17: Coordinador (a) Tecnica
A18: Tiempo Personal | B18: 4 horas | C18: Coordinadora Tecnica
A19: Tiempo Personal | B19: 2 Horas | C19: Coordinadora Tecnica
A20: Tiempo Personal | B20: 2 horas | C20: Coordinadora Tecnica
A21: Tiempo Personal | B21: 2 horas | C21: Coordinador SST
A22: Tiempo Personal | B22: 6 horas | C22: Coordinadora Tecnica
A31: NOMBRE DEL COLABORADOR | C31: FECHA

Sheet DANIELA GIRALDO DUQUE
D1: PROGRAMA DE ENTRENAMIENTO | H1: Código: F73 Versión: 1
C7: COLABORADOR | D7: CARGO | F7: PROCESO | H7: FECHA DE INGRESO
C8: DANIELA GIRALDO DUQUE | D8: DIRECTORA DE PLANTAS Y LABORATORIOS | F8: ACUEDUCTO Y ALLDO. | H8: AGOSTO 28 DE 2024
G10: FECHA / HORA | H10: FIRMA RESPONSABLE DE IMPARTIR EL ENTRENAMIENTO
C11: Contratación y Supervisión: Elaboracion de Estudios previos, contratacion estatal, supervisión de contratos del Area. | D11: Tiempo Personal | E11: 8 horas | F11: Coordinadora Tecnica
C12: Dirigir y realizar control operacional de las plantas, velando por el suministro de los insumos y recursos requeridos. | D12: Tiempo Personal | E12: 8 horas | F12: Coordinador (a) Tecnica
C13: Manejo de las herramientas del sistema de Gestión Integral: Indicadores, Matriz ACPM, Matriz de Riesgos, Procedimientos, Manuales e instructivos del Área | D13: Tiempo Personal | E13: 4 Horas | F13: Coordinadora SGI
C14: Responsable de la direccion y control de los laboratorios | D14: Tiempo Personal | E14: 6 horas | F14: Coordinadora Tecnica
C15: Identificación y reconocimiento de sistemas operativos: PTAP, PTAR, Captaciones y Planta de Lixiviados | D15: Tiempo Personal | E15: 10 horas | F15: Coordinadpora tecnica Operadores de Plantas y supervisor de Relleno
C16: Atender los requerimientos solicitados por parte de la Autoridad Ambiental y los entes de control. | D16: Tiempo personal | E16: 4 Horas | F16: Coordinador (a) Tecnica
C17: Reconocimiento de contratos en ejecución objeto de supervisión por parte de la Dirección de Plantas y laboratorio | D17: Tiempo Personal | E17: 6 horas | F17: Coordinador (a) Tecnica
C18: Responder los requerimientos de los entes de control | D18: Tiempo Personal | E18: 4 horas | F18: Coordinadora Tecnica
C19: Velar y responder por la gestion ambiental del area | D19: Tiempo Personal | E19: 2 Horas | F19: Coordinadora Tecnica
C20: Participar en los comites como represetacion del area | D20: Tiempo Personal | E20: 2 horas | F20: Coordinadora Tecnica
C21: Seguridad y Salud en el Trabajo | D21: Tiempo Personal | E21: 2 horas | F21: Coordinador SST
C22: Gestionar e impulsar los proyectos de mejoramiento de la infraestructura de las plantas y laboratorios | D22: Tiempo Personal | E22: 6 horas | F22: Coordinadora Tecnica
C23: (1) Los programas de entrenamiento tienen una duración máxima de 2 meses. Las horas asignadas a cada tema podrían ser modificadas de acuerdo con énfasis específicos que se quieran hacer.
C25: OBSERVACIONES DEL LÍDER INMEDIATO SOBRE EL ENTRENAMIENTO
C31: NOMBRE DEL LIDER INMEDIATO | D31: NOMBRE DEL COLABORADOR | F31: FECHA

Sheet UBERNEY DUQUE RESTREPO
D1: PROGRAMA DE ENTRENAMIENTO | H1: Código: F73 Versión: 1
C7: COLABORADOR | D7: CARGO | F7: PROCESO | H7: FECHA DE INGRESO
C8: UBERNEY DUQUE RESTREPO | D8: OPERARIO PLANTA DE ORGANICOS | F8: ASEO | H8: AGOSTO 12 DE 2024
C10: TEMA A ENTRENAR | D10: RECURSOS | E10: TIEMPO (1) (horas) | F10: RESPONSABLE DE IMPARTIR EL ENTRENAMIENTO | G10: FECHA / HORA | H10: FIRMA RESPONSABLE DE IMPARTIR EL ENTRENAMIENTO
C11: Manejo de Compactador en plataforma y en planta de Orgánicos | D11: Tiempo Personal | E11: 1 hora | F11: Operario Planta de Orgánicos y supervisor relleno
C12: Separación de Material Organico | D12: Tiempo Personal | E12: 2 Horas | F12: Operario Planta de Orgánicos y Supervisor relleno
C13: Conformacion de Pilas | D13: Tiempo Personal | E13: 2 Horas | F13: Operario Planta de Orgánicos
C14: Apiques de aireación | D14: Tiempo Personal | E14: 2 Horas | F14: Operario Planta de Orgánicos
C15: Mantenimiento relleno | D15: Tiempo Personal | E15: 4 horas | F15: Supervisor relleno
C16: Mantenimiento planta lixiviados | D16: Tiempo Personal | E16: 2 Horas | F16: Supervisor relleno
C20: (1) Los programas de entrenamiento tienen una duración máxima de 2 meses. Las horas asignadas a cada tema podrían ser modificadas de acuerdo con énfasis específicos que se quieran hacer.
C22: OBSERVACIONES DEL LÍDER INMEDIATO SOBRE EL ENTRENAMIENTO
C31: NOMBRE DEL LIDER INMEDIATO | D31: COLABORADOR | F31: FECHA

Sheet YESSICA CASTAÑO GONZALEZ
D1: PROGRAMA DE ENTRENAMIENTO | H1: Código: F73 Versión: 1
C7: COLABORADOR | D7: CARGO | F7: PROCESO | H7: FECHA DE INGRESO
C8: YESSICA CASTAÑO GONZALEZ | D8: OPERARIO LECTOR | F8: COMERCIAL | H8: JUNIO 07 DE 2024
C10: TEMA A ENTRENAR | D10: RECURSOS | E10: TIEMPO (1) (horas) | F10: RESPONSABLE DE IMPARTIR EL ENTRENAMIENTO | G10: FECHA / HORA | H10: FIRMA RESPONSABLE DE IMPARTIR EL ENTRENAMIENTO
C11: Rutas de Lectura y entrega de facturas en campo por todo el Municipio | D11: Tiempo Personal | E11: 40 horas | F11: Operaria Lectora Asistente Comercial
C12: Manejo de la Tablet o el Celu Web | D12: Celuweb, Tiempo Personal | E12: 12 horas | F12: Operaria Lectora
C13: Lectura de Medidores | D13: Celuweb, Tiempo Personal | E13: 20 horas | F13: Operaria Lectora
C14: Manejo de Codigos | D14: Tiempo Personal | E14: 20 horas | F14: Operaria Lectora y Auxiliar Comercial
C15: Cambios de Medidores | D15: Tiempo Personal | E15: 40 horas | F15: Operaria Lectora
C16: Suspensiones y Reinstalaciones | D16: Tiempo Personal | E16: 50 horas | F16: Operaria Lectora y Asistente comercial
C17: Críticas Aleatorias altos y bajos consumos, medidores frenados, casas solas | D17: Tiempo Personal | E17: 40 horas | F17: Operaria Lectora y Asistente comercial
C18: Revisiones Previas: Por debido proceso | D18: Tiempo Personal | E18: 40 horas | F18: Operaria Lectora y Auxiliar Comercial
C20: (1) Los programas de entrenamiento tienen una duración máxima de 2 meses. Las horas asignadas a cada tema podrían ser modificadas de acuerdo con énfasis específicos que se quieran hacer.
C22: OBSERVACIONES DEL LÍDER INMEDIATO SOBRE EL ENTRENAMIENTO
C31: NOMBRE DEL LIDER INMEDIATO | D31: NOMBRE DEL COLABORADOR | F31: FECHA

Sheet MANUELA SIERRA ZULUAGA
D1: PROGRAMA DE ENTRENAMIENTO | H1: Código: F73 Versión: 1
C7: COLABORADOR | D7: CARGO | F7: PROCESO | H7: FECHA DE INGRESO
C8: MANUELA SIERRA ZULUAGA | D8: COORDINADORA DE COMUNICACIONES | F8: TODOS | H8: ENERO 04 DE 2024
C10: TEMA A ENTRENAR | D10: RECURSOS | E10: TIEMPO (1) (horas) | F10: RESPONSABLE DE IMPARTIR EL ENTRENAMIENTO | G10: FECHA / HORA | H10: FIRMA RESPONSABLE DE IMPARTIR EL ENTRENAMIENTO
C11: Hacer publicaciones con información de interés en cuanto al cumplimiento de la ley 1712 de gobierno en línea para la comunidad. | D11: Tiempo Personal | E11: 8 horas | F11: Director Administrativo
C12: Mantener informada a clientes internos y externos sobre los contenidos relevantes y de interés como las actividades y la creación de conciencia ambiental e informacion de interes. | D12: Tiempo Personal | E12: 5 horas | F12: Director Administrativo
C13: Coordinar el proceso de logística para los eventos y actividades de la entidad e impulsar la cultura ESPA. | D13: Tiempo Personal | E13: 2 horas | F13: Director Administrativo
C14: Responsable del plan de comunicaciones de la ESPA. | D14: Tiempo Personal | E14: 4 horas | F14: Director Administrativo
C15: Brindar apoyo a las demás áreas en cuanto al desarrollo de la imagen corporativa | D15: Tiempo Personal | E15: 2 horas | F15: Director Administrativo
C16: Coordinar y apoyar la realizacion de todos los procesos contractuales del area de comunicaciones ESPA. | D16: Tiempo Personal | E16: 8 horas | F16: Director Administrativo
C17: Realizar los seguimientos y supervisiones a todos los contratos que esten en ejecucion en el area de comunicaciones. | D17: Tiempo Personal | E17: 2 horas | F17: Director Administrativo
C18: Realizar el seguimiento, mejoramiento e ingresos de contenidos en la pagina web de la Empresa. | D18: Tiempo Personal | E18: 2 horas | F18: Director Administrativo
C19: Responsable del manejo, actualizacion y seguimiento a la pagina WEB de la ESPA | D19: Tiempo Personal | E19: 4 horas | F19: Director Administrativo
C20: (1) Los programas de entrenamiento tienen una duración máxima de 2 meses. Las horas asignadas a cada tema podrían ser modificadas de acuerdo con énfasis específicos que se quieran hacer.
C22: OBSERVACIONES DEL LÍDER INMEDIATO SOBRE EL ENTRENAMIENTO
C27: NOMBRE DEL LIDER INMEDIATO | D27: NOMBRE DEL COLABORADOR | F27: FECHA

Sheet VICTOR ALFONSO ORTIZ GOMEZ
D1: PROGRAMA DE ENTRENAMIENTO | H1: Código: F73 Versión: 1
C7: COLABORADOR | D7: CARGO | F7: PROCESO | H7: FECHA DE INGRESO
C8: VICTOR ALFONSO ORTIZ GOMEZ | D8: Director tecnico de infraestructura y redes de acueducto y Alldo. | F8: ACUEDUCTO Y ALLDO. | H8: ENERO 04 DE 2024
G10: FECHA / HORA | H10: FIRMA RESPONSABLE DE IMPARTIR EL ENTRENAMIENTO
C11: Contratación y Supervisión: Elaboracion de Estudios previos, contratacion estatal, supervisión de contratos del Area. | D11: Tiempo Personal | E11: 8 horas | F11: Director Administrativo
C12: Verificar y controlar el cumplimiento de las actividades y proyecciones establecidas en el PMAA acogido por la empresa. | D12: Tiempo Personal | E12: 8 horas | F12: Coordinador (a) Tecnica
C13: Manejo de las herramientas del sistema de Gestión Integral: Indicadores, Matriz ACPM, Matriz de Riesgos, Procedimientos e instructivos del Área | D13: Tiempo Personal | E13: 4 Horas | F13: Coordinadora SGI
C14: Manejo de sistema de Información ESPA (herramienta de registro REDES DISTRIBUCION, PTAP y PTAR) | D14: Tiempo Personal, Transporte | E14: 2 horas | F14: Coordinadora Tecnica
C15: Identificación y reconocimiento de sistemas operativos: PTAP, PTAR, Captaciones | D15: Tiempo Personal | E15: 4 horas | F15: Coordinadpora tecnica Operadores de Plantas y Relleno
C16: Atender los requerimientos solicitados por parte de la Autoridad Ambiental y los entes de control. | D16: Tiempo personal | E16: 4 Horas | F16: Coordinador (a) Tecnica
C17: Reconocimiento de contratos en ejecución objeto de supervisión por parte de la dirección tecnica | D17: Tiempo Personal | E17: 4 horas | F17: Coordinador (a) Tecnica
C18: Plan de Obras e Inversiones Regulado POIR,. | D18: Tiempo Personal | E18: 2 horas | F18: Asistente Comercial
C19: Codificación Usuarios Acueducto y Alcantarillado, Interpretación de Factura | D19: Tiempo Personal | E19: 2 Hora | F19: Asistente Comercial
C20: Seguridad y Salud en el Trabajo | D20: Tiempo Personal | E20: 2 horas | F20: Coordinador SST
C21: Factibilidades de servicio, comocimiento de las redes de acueducto y alcantarillado | D21: Tiempo Personal | E21: 10 horas | F21: Tecnico Operativo Acueducto y Alldo.
C22: (1) Los programas de entrenamiento tienen una duración máxima de 2 meses. Las horas asignadas a cada tema podrían ser modificadas de acuerdo con énfasis específicos que se quieran hacer.
C24: OBSERVACIONES DEL LÍDER INMEDIATO SOBRE EL ENTRENAMIENTO
C30: NOMBRE DEL LIDER INMEDIATO | D30: NOMBRE DEL COLABORADOR | F30: FECHA

Sheet LAURA VALENTIANA RINCON 
B1: PROGRAMA DE ENTRENAMIENTO | F1: Código: F73 Versión: 1
A7: COLABORADOR | B7: CARGO | D7: PROCESO | F7: FECHA DE INGRESO
A8: LAURA VALENTINA RINCON | B8: COORDINADORA DE ASEO | D8: ASEO | F8: DICIEMBRE 01 DE 2023
A10: TEMA A ENTRENAR | B10: RECURSOS | C10: TIEMPO (1) (horas) | D10: RESPONSABLE DE IMPARTIR EL ENTRENAMIENTO | E10: FECHA / HORA | F10: FIRMA RESPONSABLE DE IMPARTIR EL ENTRENAMIENTO
A11: Contratación y Supervisión: Elaboración de Estudios previos, contratacion estatal, supervisión de contratos | B11: Tiempo Personal | C11: 10 Horas | D11: Director Aseo
A12: Manejo de las herramientas del sistema de Gestión Integral: Indicadores, Matriz ACPM, Matriz de Riesgos, Procedimientos e instructivos del Área | B12: Tiempo Personal | C12: 10 horas | D12: Director Aseo
A13: Identificación y reconocimiento de sistemas operativos: Barrido, recolección y Transporte y Relleno Sanitario | B13: Tiempo Personal | C13: 10 horas | D13: Supervisor Barrido, Relleno sanitario y Conductores
A14: Reconocimiento de contratos en ejecución objeto de supervisión por parte de la dirección de Aseo | B14: Tiempo Personal | C14: 16 horas | D14: Director Aseo y Supervisores barrido, relleno y conductores
A15: Seguridad y Salud en el Trabajo | B15: Tiempo Personal | C15: 8 horas | D15: coordinadora de SST
A16: Sistema de Gestión Ambiental ESPA (Estado de Licencias y permisos Ambientales) | B16: Tiempo Personal | C16: 8 horas | D16: Director Aseo
A17: Aforos grandes generadores | B17: Tiempo Personal | C17: 8 horas | D17: Director Aseo
A18: Normatividad del Area de Aseo y programa PEGIRS | B18: Tiempo Personal | C18: 10 horas | D18: Asistente MIRS
A19: Plan estratégico de Seguridad Vial PESV | B19: Tiempo Personal | C19: 10 horas | D19: coordinadora de SST
H20: 38
A22: OBSERVACIONES DEL LÍDER INMEDIATO SOBRE EL ENTRENAMIENTO
A27: NOMBRE DEL LIDER INMEDIATO | B27: NOMBRE DEL COLABORADOR | D27: FECHA
B28: GADYS ESTELL GARCI

Sheet SARA HELENA  CUARTAS SERNA 

Sheet MARCOS ALBERTO JARAMILLO H.
D1: PROGRAMA DE ENTRENAMIENTO | H1: Código: F73 Versión: 1
C7: COLABORADOR | D7: CARGO | F7: PROCESO | H7: FECHA DE INGRESO
C8: MARCOS ALBERTO JARAMILLO HIGUITA | D8: OPERARIO PLANTA DE ORGANICOS | F8: ASEO | H8: JUNIO 28 DE 2023
C10: TEMA A ENTRENAR | D10: RECURSOS | E10: TIEMPO (1) (horas) | F10: RESPONSABLE DE IMPARTIR EL ENTRENAMIENTO | G10: FECHA / HORA | H10: FIRMA RESPONSABLE DE IMPARTIR EL ENTRENAMIENTO
C11: Manejo de Compactador en plataforma y en planta de Orgánicos | D11: Tiempo Personal | E11: 1 hora | F11: Operario Planta de Orgánicos y supervisor relleno
C12: Separación de Material Organico | D12: Tiempo Personal | E12: 2 Horas | F12: Operario Planta de Orgánicos y Supervisor relleno
C13: Conformacion de Pilas | D13: Tiempo Personal | E13: 2 Horas | F13: Operario Planta de Orgánicos
C14: Apiques de aireación | D14: Tiempo Personal | E14: 2 Horas | F14: Operario Planta de Orgánicos
C15: Mantenimiento, guadaña y poda de arboles | D15: Tiempo Personal | E15: 3 horas | F15: supervisor de relleno
C16: Mantenimiento planta de lixivados | D16: Tiempo Personal | E16: 3 horas | F16: Operario planta de organicos y supervisor relleno
C20: (1) Los programas de entrenamiento tienen una duración máxima de 2 meses. Las horas asignadas a cada tema podrían ser modificadas de acuerdo con énfasis específicos que se quieran hacer.
C22: OBSERVACIONES DEL LÍDER INMEDIATO SOBRE EL ENTRENAMIENTO
C31: NOMBRE DEL LIDER INMEDIATO | D31: COLABORADOR | F31: FECHA

Sheet JUAN JOSE PUERTA HENAO
D1: PROGRAMA DE ENTRENAMIENTO | H1: Código: F73 Versión: 1
C7: COLABORADOR | D7: CARGO | F7: PROCESO | H7: FECHA DE INGRESO
C8: JUAN JOSE PUERTA HENAO | D8: COORDINADORA DE COMUNICACIONES | F8: TODOS | H8: JUNIO 27 DE 2023
C10: TEMA A ENTRENAR | D10: RECURSOS | E10: TIEMPO (1) (horas) | F10: RESPONSABLE DE IMPARTIR EL ENTRENAMIENTO | G10: FECHA / HORA | H10: FIRMA RESPONSABLE DE IMPARTIR EL ENTRENAMIENTO
C11: Hacer publicaciones con información de interés en cuanto al cumplimiento de la ley 1712 de gobierno en línea para la comunidad. | D11: Tiempo Personal | E11: 8 horas
C12: Mantener informada a clientes internos y externos sobre los contenidos relevantes y de interés como las actividades y la creación de conciencia ambiental e informacion de interes. | D12: Tiempo Personal | E12: 5 horas | F12: Director Administrativo
C13: Velar por la actualización de las comunicaciones en la empresa | D13: Tiempo Personal | E13: 4 horas
C14: Coordinar el proceso de logística para los eventos y actividades de la entidad e impulsar la cultura ESPA. | D14: Tiempo Personal | E14: 2 horas
C15: Responsable del plan de comunicaciones de la ESPA. | D15: Tiempo Personal | E15: 4 horas
C16: Brindar apoyo a las demás áreas en cuanto al desarrollo de la imagen corporativa | D16: Tiempo Personal | E16: 2 horas
C17: Coordinar y apoyar la realizacion de todos los procesos contractuales del area de comunicaciones ESPA. | D17: Tiempo Personal | E17: 8 horas | F17: Director Administrativo
C18: Realizar los seguimientos y supervisiones a todos los contratos que esten en ejecucion en el area de comunicaciones. | D18: Tiempo Personal | E18: 2 horas | F18: Director Administrativo
C19: Realizar el seguimiento, mejoramiento e ingresos de contenidos en la pagina web de la Empresa. | D19: Tiempo Personal | E19: 2 horas | F19: Sistemas
C20: Responsable del manejo, actualizacion y seguimiento a la pagina WEB de la ESPA | D20: Tiempo Personal | E20: 4 horas
C21: (1) Los programas de entrenamiento tienen una duración máxima de 2 meses. Las horas asignadas a cada tema podrían ser modificadas de acuerdo con énfasis específicos que se quieran hacer.
C23: OBSERVACIONES DEL LÍDER INMEDIATO SOBRE EL ENTRENAMIENTO
C28: NOMBRE DEL LIDER INMEDIATO | D28: NOMBRE DEL COLABORADOR | F28: FECHA

Sheet OSCAR ALBERTO DELGADO
D1: PROGRAMA DE ENTRENAMIENTO | H1: Código: F73 Versión: 1
C7: COLABORADOR | D7: CARGO | F7: PROCESO | H7: FECHA DE INGRESO
C8: OSCAR ALBERTO DELGADO GIRALDO | D8: OPERARIO LECTOR | F8: COMERCIAL | H8: JUNIO 05 DE 2023
C10: TEMA A ENTRENAR | D10: RECURSOS | E10: TIEMPO (1) (horas) | F10: RESPONSABLE DE IMPARTIR EL ENTRENAMIENTO | G10: FECHA / HORA | H10: FIRMA RESPONSABLE DE IMPARTIR EL ENTRENAMIENTO
C11: Rutas de Lectura y entrega de facturas en campo por todo el Municipio | D11: Tiempo Personal | E11: 40 horas | F11: Operaria Lectora Asistente Comercial
C12: Manejo de la Tablet o el Celu Web | D12: Celuweb, Tiempo Personal | E12: 12 horas | F12: Operaria Lectora
C13: Lectura de Medidores | D13: Celuweb, Tiempo Personal | E13: 20 horas | F13: Operaria Lectora
C14: Manejo de Codigos | D14: Tiempo Personal | E14: 20 horas | F14: Operaria Lectora y Auxiliar Comercial
C15: Cambios de Medidores | D15: Tiempo Personal | E15: 40 horas | F15: Operaria Lectora
C16: Suspensiones y Reinstalaciones | D16: Tiempo Personal | E16: 50 horas | F16: Operaria Lectora y Asistente comercial
C17: Críticas Aleatorias altos y bajos consumos, medidores frenados, casas solas | D17: Tiempo Personal | E17: 40 horas | F17: Operaria Lectora y Asistente comercial
C18: Revisiones Previas: Por debido proceso | D18: Tiempo Personal | E18: 40 horas | F18: Operaria Lectora y Auxiliar Comercial
C20: (1) Los programas de entrenamiento tienen una duración máxima de 2 meses. Las horas asignadas a cada tema podrían ser modificadas de acuerdo con énfasis específicos que se quieran hacer.
C22: OBSERVACIONES DEL LÍDER INMEDIATO SOBRE EL ENTRENAMIENTO
C31: NOMBRE DEL LIDER INMEDIATO | D31: NOMBRE DEL COLABORADOR | F31: FECHA

Sheet ANA MARIA ZULUAGA ARISTIZABAL
D1: PROGRAMA DE ENTRENAMIENTO | H1: Código: F73 Versión: 1
C7: COLABORADOR | D7: CARGO | F7: PROCESO | H7: FECHA DE INGRESO
C8: ANA MARIA ZULUAGA ARISTIZABAL | D8: COORDINADORA DE COMUNICACIONES | F8: TODOS | H8: MAYO 24 DE 2023
C10: TEMA A ENTRENAR | D10: RECURSOS | E10: TIEMPO (1) (horas) | F10: RESPONSABLE DE IMPARTIR EL ENTRENAMIENTO | G10: FECHA / HORA | H10: FIRMA RESPONSABLE DE IMPARTIR EL ENTRENAMIENTO
C11: N | D11: Tiempo Personal | E11: 8 horas
C12: Mantener informada a clientes internos y externos sobre los contenidos relevantes y de interés como las actividades y la creación de conciencia ambiental e informacion de interes. | D12: Tiempo Personal | E12: 5 horas | F12: Director Administrativo
C13: Velar por la actualización de las comunicaciones en la empresa | D13: Tiempo Personal | E13: 4 horas
C14: Coordinar el proceso de logística para los eventos y actividades de la entidad e impulsar la cultura ESPA. | D14: Tiempo Personal | E14: 2 horas
C15: Responsable del plan de comunicaciones de la ESPA. | D15: Tiempo Personal | E15: 4 horas
C16: Brindar apoyo a las demás áreas en cuanto al desarrollo de la imagen corporativa | D16: Tiempo Personal | E16: 2 horas
C17: Coordinar y apoyar la realizacion de todos los procesos contractuales del area de comunicaciones ESPA. | D17: Tiempo Personal | E17: 8 horas | F17: Director Administrativo
C18: Realizar los seguimientos y supervisiones a todos los contratos que esten en ejecucion en el area de comunicaciones. | D18: Tiempo Personal | E18: 2 horas | F18: Director Administrativo
C19: Realizar el seguimiento, mejoramiento e ingresos de contenidos en la pagina web de la Empresa. | D19: Tiempo Personal | E19: 2 horas | F19: Sistemas
C21: (1) Los programas de entrenamiento tienen una duración máxima de 2 meses. Las horas asignadas a cada tema podrían ser modificadas de acuerdo con énfasis específicos que se quieran hacer.
C23: OBSERVACIONES DEL LÍDER INMEDIATO SOBRE EL ENTRENAMIENTO
C28: NOMBRE DEL LIDER INMEDIATO | D28: NOMBRE DEL COLABORADOR | F28: FECHA

Sheet RAUL A. DUQUE SALAZAR
D1: PROGRAMA DE ENTRENAMIENTO | H1: Código: F73 Versión: 1
C7: COLABORADOR | D7: CARGO | F7: PROCESO | H7: FECHA DE INGRESO
C8: RAUL ANTONIO DUQUE SALAZAR | D8: OFICIAL DE SEGUNDA | F8: ACUEDUCTO Y ALCANTARILLADO | H8: MAYO 15 DE 2023
C10: TEMA A ENTRENAR | D10: RECURSOS | E10: TIEMPO (1) (horas) | F10: RESPONSABLE DE IMPARTIR EL ENTRENAMIENTO | G10: FECHA / HORA | H10: FIRMA RESPONSABLE DE IMPARTIR EL ENTRENAMIENTO
C11: Instalaciones Nuevas: Solicitud al usuario de Materiales Apertura de brecha Instalacion de Tubería y Medidor Verificacion de Funcionamiento Apertura de valvulas para revisión | D11: Herramientas, y Equipos Tiempo Personal | E11: 5 horaS | F11: Oficial de Primera
C12: Cortes, Suspensiones y Reconexiones: Suspensión del servicio Extraccion de Medidor y tapón de Tubería Retiro de Tapón y Verificacion de Funcionamiento | D12: Herramientas, y Equipos Tiempo Personal | E12: 5 Horas | F12: Oficial de Primera
C13: Daños u Obstrucción de alcantarillado: Revision de MHs Si hay Obstruccion: Uso de Tira buzon, varillas o bactor Si es daño: Excavación y enmienda del tubo averiado o cambio. Verificación Tapado de Excavación | D13: Herramientas, y Equipos Tiempo Personal | E13: 8 horas | F13: Oficial de Primera
C14: Daños de Acueducto: Medidores Redes Principales Domiciliarias | D14: Herramientas, y Equipos Tiempo Personal | E14: 10 horas | F14: Oficial de Primera
C15: Mantenimiento de Hidrantes: Apertura y Cierre para evitar golpe de ariete y fugas | D15: Herramientas, y Equipos Tiempo Personal | E15: 3 horas | F15: Oficial de Primera
C16: Inspección Mantenimiento a Cajas de Valvulas: Limpieza por sedimientación | D16: Herramientas, y Equipos Tiempo Personal | E16: 2 horaS | F16: Oficial de Primera
C17: Mantenimiento a Cajas de Inspección aguas Negras: Destape, Ingreso y limpieza de Arenas | D17: Herramientas, y Equipos Tiempo Personal | E17: 2 Horas | F17: Oficial de Primera
C18: Pictometria: Pruebas de presion en las redes, Manejo de manometro, revisión de Cajas de Muestreo | D18: Herramientas, y Equipos Tiempo Personal | E18: 5 horas | F18: Oficial de Primera
C19: Limpieza de Aliviaderos: Sacar sedimentos de 5 aliviaderos, según temporada de lluvias | D19: Herramientas, y Equipos Tiempo Personal | E19: 3 horas | F19: Oficial de Primera
C20: Expansión de Redes de Acueducto: Instalación de Tuberias y Futuras de Acueducto, Verificacion de Funcionamiento y Ajuste | D20: Herramientas, y Equipos Tiempo Personal | E20: 24 Horas | F20: Oficial de Primera
C21: (1) Los programas de entrenamiento tienen una duración máxima de 2 meses. Las horas asignadas a cada tema podrían ser modificadas de acuerdo con énfasis específicos que se quieran hacer.
C23: OBSERVACIONES DEL LÍDER INMEDIATO SOBRE EL ENTRENAMIENTO
C26: NOMBRE DEL LIDER INMEDIATO | D26: NOMBRE DEL COLABORADOR | F26: FECHA

Sheet DIEGO ALEJANDRO OSSA
D1: PROGRAMA DE ENTRENAMIENTO | H1: Código: F73 Versión: 1
C7: COLABORADOR | D7: CARGO | F7: PROCESO | H7: FECHA DE INGRESO
C8: DIEGO ALEJANDRO OSSA | D8: OPERARIO PLANTA DE ORGANICOS | F8: ASEO | H8: MAYO 11 DE 2023
C10: TEMA A ENTRENAR | D10: RECURSOS | E10: TIEMPO (1) (horas) | F10: RESPONSABLE DE IMPARTIR EL ENTRENAMIENTO | G10: FECHA / HORA | H10: FIRMA RESPONSABLE DE IMPARTIR EL ENTRENAMIENTO
C11: Manejo de Compactador en plataforma y en planta de Orgánicos | D11: Tiempo Personal | E11: 1 hora | F11: Operario Planta de Orgánicos y supervisor relleno
C12: Separación de Material Organico | D12: Tiempo Personal | E12: 2 Horas | F12: Operario Planta de Orgánicos y Supervisor relleno
C13: Conformacion de Pilas | D13: Tiempo Personal | E13: 2 Horas | F13: Operario Planta de Orgánicos
C14: Apiques de aireación | D14: Tiempo Personal | E14: 2 Horas | F14: Operario Planta de Orgánicos
C20: (1) Los programas de entrenamiento tienen una duración máxima de 2 meses. Las horas asignadas a cada tema podrían ser modificadas de acuerdo con énfasis específicos que se quieran hacer.
C22: OBSERVACIONES DEL LÍDER INMEDIATO SOBRE EL ENTRENAMIENTO
C31: NOMBRE DEL LIDER INMEDIATO | D31: COLABORADOR | F31: FECHA

Sheet HECTOR FABIO CASTAÑO OCAMPO
D1: PROGRAMA DE ENTRENAMIENTO | H1: Código: F73 Versión: 1
C7: COLABORADOR | D7: CARGO | F7: PROCESO | H7: FECHA DE INGRESO
C8: HECTOR FABIO CASTAÑO OCAMPO | D8: OPERARIO PLANTA DE ORGANICOS | F8: ASEO | H8: MAYO 10 DE 2023
C10: TEMA A ENTRENAR | D10: RECURSOS | E10: TIEMPO (1) (horas) | F10: RESPONSABLE DE IMPARTIR EL ENTRENAMIENTO | G10: FECHA / HORA | H10: FIRMA RESPONSABLE DE IMPARTIR EL ENTRENAMIENTO
C11: Manejo de Compactador en plataforma y en planta de Orgánicos | D11: Tiempo Personal | E11: 1 hora | F11: Operario Planta de Orgánicos y supervisor relleno
C12: Separación de Material Organico | D12: Tiempo Personal | E12: 2 Horas | F12: Operario Planta de Orgánicos y Supervisor relleno
C13: Conformacion de Pilas | D13: Tiempo Personal | E13: 2 Horas | F13: Operario Planta de Orgánicos
C14: Apiques de aireación | D14: Tiempo Personal | E14: 2 Horas | F14: Operario Planta de Orgánicos
C20: (1) Los programas de entrenamiento tienen una duración máxima de 2 meses. Las horas asignadas a cada tema podrían ser modificadas de acuerdo con énfasis específicos que se quieran hacer.
C22: OBSERVACIONES DEL LÍDER INMEDIATO SOBRE EL ENTRENAMIENTO
C31: NOMBRE DEL LIDER INMEDIATO | D31: COLABORADOR | F31: FECHA

Sheet BRAHIAN DANILA VILLEGAS MARIN
D1: PROGRAMA DE ENTRENAMIENTO | H1: Código: F73 Versión: 1
C7: COLABORADOR | D7: CARGO | F7: PROCESO | H7: FECHA DE INGRESO
C8: BRAHIAN DANILO VILLEGAS MARIN | D8: OPERARIO DE RECOLECCION | F8: ASEO | H8: AGOSTO 01 DE 2022
C9: TEMA A ENTRENAR | D9: RECURSOS | E9: TIEMPO (1) (horas) | F9: RESPONSABLE DE IMPARTIR EL ENTRENAMIENTO | G9: FECHA / HORA | H9: FIRMA RESPONSABLE DE IMPARTIR EL ENTRENAMIENTO
C10: Rutas de Recolección de residuos organicos e inorgánicos y cuidados en vias publicas y carro recolector | D10: Tiempo Personal | E10: 16 horas | F10: Operario de Recolección
C11: ='MATRIZ DE ENTRENAMIENTO '!B26 -> Manejo y Operación del Relleno Sanitario: Recorrido, Uso de EPP | D11: ='MATRIZ DE ENTRENAMIENTO '!C26 -> Tiempo Personal | E11: ='MATRIZ DE ENTRENAMIENTO '!D26 -> 2 horas | F11: Operario de Recolección
C12: Guadañaje y planteo y poda de arboles | D12: ='MATRIZ DE ENTRENAMIENTO '!C27 -> Tiempo Personal | E12: ='MATRIZ DE ENTRENAMIENTO '!D27 -> 16 horas | F12: Operario de Recolección
C13: ='MATRIZ DE ENTRENAMIENTO '!B29 -> Limpieza de Cunetas y/o desagues | D13: ='MATRIZ DE ENTRENAMIENTO '!C29 -> Tiempo Personal | E13: ='MATRIZ DE ENTRENAMIENTO '!D29 -> 1 hora | F13: Operario de Recolección
C14: ='MATRIZ DE ENTRENAMIENTO '!B31 -> Conformación de Chimeneas | D14: ='MATRIZ DE ENTRENAMIENTO '!C31 -> Tiempo Personal | E14: ='MATRIZ DE ENTRENAMIENTO '!D31 -> 1 Hora | F14: Operario de Recolección
C15: ='MATRIZ DE ENTRENAMIENTO '!B33 -> Mantenimiento de la Vía de Entrada con sus respectivos desagues | D15: ='MATRIZ DE ENTRENAMIENTO '!C33 -> Tiempo Personal | E15: ='MATRIZ DE ENTRENAMIENTO '!D33 -> 1 hora | F15: Operario de Recolección
C16: ='MATRIZ DE ENTRENAMIENTO '!B34 -> Mantenimiento de la lona | D16: ='MATRIZ DE ENTRENAMIENTO '!C34 -> Tiempo Personal | E16: ='MATRIZ DE ENTRENAMIENTO '!D34 -> 2 Horas | F16: Operario de Recolección
C17: ='MATRIZ DE ENTRENAMIENTO '!B35 -> Manejo de Compactador en plataforma y en planta de Orgánicos | D17: ='MATRIZ DE ENTRENAMIENTO '!C35 -> Tiempo Personal | E17: ='MATRIZ DE ENTRENAMIENTO '!D35 -> 1 hora | F17: Operario de Recolección
C18: ='MATRIZ DE ENTRENAMIENTO '!B36 -> Separación de Material Organico, conformación de pilas, apiques a las pilas. | D18: ='MATRIZ DE ENTRENAMIENTO '!C36 -> Tiempo Personal | E18: ='MATRIZ DE ENTRENAMIENTO '!D36 -> 8 horas | F18: Operario de Recolección
C19: ='MATRIZ DE ENTRENAMIENTO '!B37 -> Manejo de la Planta de lixiviados | D19: ='MATRIZ DE ENTRENAMIENTO '!C37 -> Tiempo Personal | E19: ='MATRIZ DE ENTRENAMIENTO '!D37 -> 8 horas | F19: Operario de Recolección
C20: Rutas de Recolección organicos e inorgánicos donde no ingresa el vehículo | D20: Tiempo Personal | E20: 8 horas | F20: Operario de Recolección
C21: Precauciones de Manipulacion de Residuos Solidos | D21: Tiempo Personal | E21: 1 Horas | F21: Operario de Recolección
C22: Manejo de Cajas Estacionarias | D22: Tiempo Personal | E22: 1 Horas | F22: Operario de Recolección
C23: (1) Los programas de entrenamiento tienen una duración máxima de 2 meses. Las horas asignadas a cada tema podrían ser modificadas de acuerdo con énfasis específicos que se quieran hacer.
C25: OBSERVACIONES DEL LÍDER INMEDIATO SOBRE EL ENTRENAMIENTO
C26: NOMBRE DEL LIDER INMEDIATO | D26: NOMBRE DEL COLABORADOR | F26: FECHA

Sheet AULDREY DUQUE
D1: PROGRAMA DE ENTRENAMIENTO | H1: Código: F73 Versión: 1
C7: COLABORADOR | D7: CARGO | F7: PROCESO | H7: FECHA DE INGRESO
C8: AULDREY DUQUE | D8: OPERARIO LECTOR | F8: COMERCIAL | H8: MARZO 13 DE 2023
C10: TEMA A ENTRENAR | D10: RECURSOS | E10: TIEMPO (1) (horas) | F10: RESPONSABLE DE IMPARTIR EL ENTRENAMIENTO | G10: FECHA / HORA | H10: FIRMA RESPONSABLE DE IMPARTIR EL ENTRENAMIENTO
C11: Rutas de Lectura y entrega de facturas en campo | D11: Tiempo Personal | E11: 120 horas | F11: Operaria Lectora Asistente Comercial
C12: Manejo del Celu Web | D12: Celuweb, Tiempo Personal | E12: 9 horas | F12: Operaria Lectora
C13: Lectura de Medidores | D13: Celuweb, Tiempo Personal | E13: 8 horas | F13: Operaria Lectora
C14: Manejo de Codigos | D14: Tiempo Personal | E14: 8 horas | F14: Operaria Lectora y Auxiliar Comercial
C15: Cambios de Medidores | D15: Tiempo Personal | E15: 64 horas | F15: Operaria Lectora
C16: Suspensiones y Reinstalaciones | D16: Tiempo Personal | E16: 74 horas | F16: Operaria Lectora y Asistente comercial
C17: Críticas Aleatorias altos y bajos consumos, medidores frenados, casas solas | D17: Tiempo Personal | E17: 40 horas | F17: Operaria Lectora y Asistente comercial
C18: Revisiones Previas: Por debido proceso | D18: Tiempo Personal | E18: 40 horas | F18: Operaria Lectora y Auxiliar Comercial
C20: (1) Los programas de entrenamiento tienen una duración máxima de 2 meses. Las horas asignadas a cada tema podrían ser modificadas de acuerdo con énfasis específicos que se quieran hacer.
C22: OBSERVACIONES DEL LÍDER INMEDIATO SOBRE EL ENTRENAMIENTO
C31: NOMBRE DEL LIDER INMEDIATO | D31: NOMBRE DEL COLABORADOR | F31: FECHA

Sheet OSCAR DAVID MERCADO
D1: PROGRAMA DE ENTRENAMIENTO | H1: Código: F73 Versión: 1
C7: COLABORADOR | D7: CARGO | F7: PROCESO | H7: FECHA DE INGRESO
C8: OSCAR DAVID MERCADO YEPES | D8: OPERARIO LECTOR | F8: COMERCIAL | H8: MARZO 07 DE 2023
C10: TEMA A ENTRENAR | D10: RECURSOS | E10: TIEMPO (1) (horas) | F10: RESPONSABLE DE IMPARTIR EL ENTRENAMIENTO | G10: FECHA / HORA | H10: FIRMA RESPONSABLE DE IMPARTIR EL ENTRENAMIENTO
C11: Rutas de Lectura y entrega de facturas en campo | D11: Tiempo Personal | E11: 120 horas | F11: Operaria Lectora Asistente Comercial
C12: Manejo del Celu Web | D12: Celuweb, Tiempo Personal | E12: 9 horas | F12: Operaria Lectora
C13: Lectura de Medidores | D13: Celuweb, Tiempo Personal | E13: 8 horas | F13: Operaria Lectora
C14: Manejo de Codigos | D14: Tiempo Personal | E14: 8 horas | F14: Operaria Lectora y Auxiliar Comercial
C15: Cambios de Medidores | D15: Tiempo Personal | E15: 64 horas | F15: Operaria Lectora
C16: Suspensiones y Reinstalaciones | D16: Tiempo Personal | E16: 74 horas | F16: Operaria Lectora y Asistente comercial
C17: Críticas Aleatorias altos y bajos consumos, medidores frenados, casas solas | D17: Tiempo Personal | E17: 40 horas | F17: Operaria Lectora y Asistente comercial
C18: Revisiones Previas: Por debido proceso | D18: Tiempo Personal | E18: 40 horas | F18: Operaria Lectora y Auxiliar Comercial
C20: (1) Los programas de entrenamiento tienen una duración máxima de 2 meses. Las horas asignadas a cada tema podrían ser modificadas de acuerdo con énfasis específicos que se quieran hacer.
C22: OBSERVACIONES DEL LÍDER INMEDIATO SOBRE EL ENTRENAMIENTO
C31: NOMBRE DEL LIDER INMEDIATO | D31: NOMBRE DEL COLABORADOR | F31: FECHA

Sheet EDISSON ANDRES CARVAJAL GOMEZ
D1: PROGRAMA DE ENTRENAMIENTO | H1: Código: F73 Versión: 1
C7: COLABORADOR | D7: CARGO | F7: PROCESO | H7: FECHA DE INGRESO
C8: EDISSON ANDRES CARVAJAL GOMEZ | D8: OPERARIO PLANTA DE ORGANICOS | F8: ASEO | H8: FEBRERO 09 DE 2023
C10: TEMA A ENTRENAR | D10: RECURSOS | E10: TIEMPO (1) (horas) | F10: RESPONSABLE DE IMPARTIR EL ENTRENAMIENTO | G10: FECHA / HORA | H10: FIRMA RESPONSABLE DE IMPARTIR EL ENTRENAMIENTO
C11: Manejo de Compactador en plataforma y en planta de Orgánicos | D11: Tiempo Personal | E11: 1 hora | F11: Operario Planta de Orgánicos y supervisor relleno
C12: Separación de Material Organico | D12: Tiempo Personal | E12: 2 Horas | F12: Operario Planta de Orgánicos y Supervisor relleno
C13: Conformacion de Pilas | D13: Tiempo Personal | E13: 2 Horas | F13: Operario Planta de Orgánicos
C14: Apiques de aireación | D14: Tiempo Personal | E14: 2 Horas | F14: Operario Planta de Orgánicos
C20: (1) Los programas de entrenamiento tienen una duración máxima de 2 meses. Las horas asignadas a cada tema podrían ser modificadas de acuerdo con énfasis específicos que se quieran hacer.
C22: OBSERVACIONES DEL LÍDER INMEDIATO SOBRE EL ENTRENAMIENTO
C31: NOMBRE DEL LIDER INMEDIATO | D31: COLABORADOR | F31: FECHA

Sheet JHOANA MARIA ZAPATA M. (2)
D1: PROGRAMA DE ENTRENAMIENTO | H1: Código: F73 Versión: 1
C7: COLABORADOR | D7: CARGO | F7: PROCESO | H7: FECHA DE INGRESO
C8: JHOANA MARIA ZAPATA MUNERA | D8: COORDINADORA SST | F8: TODOS | H8: OCTUBRE 24 DE 2022
C10: TEMA A ENTRENAR | D10: RECURSOS | E10: TIEMPO (1) (horas) | F10: RESPONSABLE DE IMPARTIR EL ENTRENAMIENTO | G10: FECHA / HORA | H10: FIRMA RESPONSABLE DE IMPARTIR EL ENTRENAMIENTO
C11: Contratacion y supervison de contratos, elaboracion de estudios previos para proceso de contratacion. | D11: Tiempo Personal | E11: 2 horas | F11: Director Administrativo
C12: Manejo de herramientas del sistema de Gestion Integral: Indicadores, Matriz de ACPM, Matriz de riesgos, plataforma MEJORAMISO. | D12: Tiempo Personal | E12: 4 horas | F12: Contratista SGI
C13: Identificacion y reconocimientos de las diferentes areas d trabajo de la Empresa:Captacinones (La Bolsa y Barbacoas), Planta PTAP, Planta PTAR, Bodega de Barrido, Grupo de Recoleccion y Conductores, Relleno Sanitario, Area de redes, Grupo Comercial y Area administrativa. | D13: Tiempo Personal | E13: 10 horas | F13: Director Administrativo
C14: Conocimiento de ls diferentes formatos del area, carpeta Coordinador SST. | D14: Tiempo Personal | E14: 6 Horas | F14: Diector Administrativo - Contratista apoyo SST.
C15: Reconocimiento de contratacion realizada durante el año 2022 del area de SST. | D15: Tiempo Personal | E15: 2 horas | F15: Director Administrativo
C16: Claves de acceso a los diferentes entes con los que se deben realizar tramites: ARL, EPS, FONDOS DE PENSION, COMFAMA, SENA, COLMEDICOS. | D16: Tiempo Personal | E16: 8 horas | F16: Director Administrativo
C17: Comites en los que debe participar: Comité de Gestion y Desempeño,Copasst | D17: Tiempo Personal | E17: 2 horas | F17: Director Administrativo
C18: Capacitacion al personal en riesgos laborales, autocuidado, Capacitaciones enfocadas al Ser. | D18: Tiempo Personal | E18: 2 horas | F18: Director Administrativo
C20: (1) Los programas de entrenamiento tienen una duración máxima de 2 meses. Las horas asignadas a cada tema podrían ser modificadas de acuerdo con énfasis específicos que se quieran hacer.
C22: OBSERVACIONES DEL LÍDER INMEDIATO SOBRE EL ENTRENAMIENTO
C27: NOMBRE DEL LIDER INMEDIATO | D27: NOMBRE DEL COLABORADOR | F27: FECHA

Sheet JUAN DE DIOS SANCHEZ HENAO
D1: PROGRAMA DE ENTRENAMIENTO | H1: Código: F73 Versión: 1
C7: COLABORADOR | D7: CARGO | F7: PROCESO | H7: FECHA DE INGRESO
C8: JUAN DE DIOS SANCHEZ HENAO | D8: OPERARIO DE BARRIDO | F8: ASEO | H8: SEPTIEMBRE 12 DE 2022
C10: TEMA A ENTRENAR | D10: RECURSOS | E10: TIEMPO (1) (horas) | F10: RESPONSABLE DE IMPARTIR EL ENTRENAMIENTO | G10: FECHA / HORA | H10: FIRMA RESPONSABLE DE IMPARTIR EL ENTRENAMIENTO
C11: Reconocimiento de Rutas de barrido existentes en el Municipio: Barrido de Calles, Limpeza de cunetas, sumideros, tinacos, andenes, zonas verdes, desyerbe de vías, limpieza de lotes publicos, | D11: Tiempo Personal | E11: 10 Horas | F11: Supervisor de Barrido y/o Operario de Barrido
C12: Lavado de areas publicas y limpieza de zonas rivereñas de quebradas | D12: Tiempo Personal | E12: 3 horas | F12: Supervisor de Barrido y/o Operario de Barrido
C13: Manejo de Herramientas | D13: Tiempo Personal | E13: 1 hora | F13: Supervisor de Barrido y/o Operario de Barrido
C14: Mantenimiento de Jardineras | D14: Tiempo Personal | E14: 1 hora | F14: Supervisor de Barrido y/o Operario de Barrido
C15: Mantenimiento de Tinacos: Reparación, o lavado | D15: Tiempo Personal | E15: 1 hora | F15: Supervisor de Barrido y/o Operario de Barrido
C16: Atencion servicio calle peatonal, parque principal y malecom | D16: Tiempo Personal | E16: 2 horas | F16: Supervisor de Barrido y/o Operario de Barrido
C17: Apoyo servicio de guadañaje | D17: Tiempo Personal | E17: 4 horas | F17: Supervisor de Barrido y/o Operario de Barrido
C18: Cumplimiento de las normas de seguridad, higiene corporal y uso de los EPP. | D18: Tiempo Personal | E18: 6 horas | F18: Supervisor de Barrido y/o Operario de Barrido
C22: (1) Los programas de entrenamiento tienen una duración máxima de 2 meses. Las horas asignadas a cada tema podrían ser modificadas de acuerdo con énfasis específicos que se quieran hacer.
C24: OBSERVACIONES DEL LÍDER INMEDIATO SOBRE EL ENTRENAMIENTO
C33: NOMBRE DEL LIDER INMEDIATO | D33: COLABORADOR | F33: FECHA

Sheet YULLY ANDREA ROSERO TORRES
D1: PROGRAMA DE ENTRENAMIENTO | H1: Código: F73 Versión: 1
C7: COLABORADOR | D7: CARGO | F7: PROCESO | H7: FECHA DE INGRESO
C8: YULLY ANDREA ROSERO TORRES | D8: ASISTENTE CONTABLE | F8: CONTABLE Y PRESUPUESTAL | H8: AGOSTO 26 DE 2022
C10: TEMA A ENTRENAR | D10: RECURSOS | E10: TIEMPO (1) (horas) | F10: RESPONSABLE DE IMPARTIR EL ENTRENAMIENTO | G10: FECHA / HORA | H10: FIRMA RESPONSABLE DE IMPARTIR EL ENTRENAMIENTO
C11: Conciliaciones bancarias | D11: Tiempo Personal | E11: 6 Horas | F11: Jefe Contable, tesorera
C12: Causacion contable | D12: Tiempo Personal | E12: 4 horas | F12: Jefe Contable, tesorera
C13: Realizar proceso de Ordenes de pagos | D13: Tiempo Personal | E13: 5 horas | F13: Jefe Contable, tesorera
C14: Liquidacion de impuestos | D14: Tiempo Personal | E14: 6 horas | F14: Jefe Contable
C15: Manejo del software aplicativo SAYMIR | D15: Tiempo Personal | E15: 4 horas | F15: Jefe Contable
C16: Recaudo de servicios publicos/ facturacion | D16: Tiempo Personal | E16: 4 horas | F16: Jefe contable, tesorera
C17: Liquidacion de seguridad social | D17: Tiempo Personal | E17: 4 horas | F17: Jefe contable, tesorera
C20: (1) Los programas de entrenamiento tienen una duración máxima de 2 meses. Las horas asignadas a cada tema podrían ser modificadas de acuerdo con énfasis específicos que se quieran hacer.
C22: OBSERVACIONES DEL LÍDER INMEDIATO SOBRE EL ENTRENAMIENTO
C31: NOMBRE DEL LIDER INMEDIATO | D31: COLABORADOR | F31: FECHA

Sheet JOHAN SEBASTIAN CARDONA QUICENO
D1: PROGRAMA DE ENTRENAMIENTO | H1: Código: F73 Versión: 1
C7: COLABORADOR | D7: CARGO | F7: PROCESO | H7: FECHA DE INGRESO
C8: JOHAN SEBASTIAN CARDONA QUICENO | D8: OPERARIO PLANTA DE ORGANICOS | F8: ASEO | H8: AGOSTO 17 DE 2022
C10: TEMA A ENTRENAR | D10: RECURSOS | E10: TIEMPO (1) (horas) | F10: RESPONSABLE DE IMPARTIR EL ENTRENAMIENTO | G10: FECHA / HORA | H10: FIRMA RESPONSABLE DE IMPARTIR EL ENTRENAMIENTO
C11: Manejo de Compactador en plataforma y en planta de Orgánicos | D11: Tiempo Personal | E11: 1 hora | F11: Operario Planta de Orgánicos y supervisor relleno
C12: Separación de Material Organico | D12: Tiempo Personal | E12: 2 Horas | F12: Operario Planta de Orgánicos y Supervisor relleno
C13: Conformacion de Pilas | D13: Tiempo Personal | E13: 2 Horas | F13: Operario Planta de Orgánicos
C14: Apiques de aireación | D14: Tiempo Personal | E14: 2 Horas | F14: Operario Planta de Orgánicos
C20: (1) Los programas de entrenamiento tienen una duración máxima de 2 meses. Las horas asignadas a cada tema podrían ser modificadas de acuerdo con énfasis específicos que se quieran hacer.
C22: OBSERVACIONES DEL LÍDER INMEDIATO SOBRE EL ENTRENAMIENTO
C31: NOMBRE DEL LIDER INMEDIATO | D31: COLABORADOR | F31: FECHA

Sheet IVAN ANDRES TAMAYO VELEZ
D1: PROGRAMA DE ENTRENAMIENTO | H1: Código: F73 Versión: 1
C7: COLABORADOR | D7: CARGO | F7: PROCESO | H7: FECHA DE INGRESO
C8: IVAN ANDRES TAMAYO VELEZ | D8: OPERARIO PLANTA DE ORGANICOS | F8: ASEO | H8: AGOSTO 17 DE 2022
C10: TEMA A ENTRENAR | D10: RECURSOS | E10: TIEMPO (1) (horas) | F10: RESPONSABLE DE IMPARTIR EL ENTRENAMIENTO | G10: FECHA / HORA | H10: FIRMA RESPONSABLE DE IMPARTIR EL ENTRENAMIENTO
C11: Manejo de Compactador en plataforma y en planta de Orgánicos | D11: Tiempo Personal | E11: 1 hora | F11: Operario Planta de Orgánicos y supervisor relleno
C12: Separación de Material Organico | D12: Tiempo Personal | E12: 2 Horas | F12: Operario Planta de Orgánicos y Supervisor relleno
C13: Conformacion de Pilas | D13: Tiempo Personal | E13: 2 Horas | F13: Operario Planta de Orgánicos
C14: Apiques de aireación | D14: Tiempo Personal | E14: 2 Horas | F14: Operario Planta de Orgánicos
C20: (1) Los programas de entrenamiento tienen una duración máxima de 2 meses. Las horas asignadas a cada tema podrían ser modificadas de acuerdo con énfasis específicos que se quieran hacer.
C22: OBSERVACIONES DEL LÍDER INMEDIATO SOBRE EL ENTRENAMIENTO
C31: NOMBRE DEL LIDER INMEDIATO | D31: COLABORADOR | F31: FECHA

Sheet DAYANSY HELENA JIMENEZ Q.
D1: PROGRAMA DE ENTRENAMIENTO | H1: Código: F73 Versión: 1
C7: COLABORADOR | D7: CARGO | F7: PROCESO | H7: FECHA DE INGRESO
C8: DAYANSY HELENA JIMENEZ QUINTERO | D8: OPERARIO LECTOR | F8: COMERCIAL | H8: AGOSTO 03 DE 2022
C10: TEMA A ENTRENAR | D10: RECURSOS | E10: TIEMPO (1) (horas) | F10: RESPONSABLE DE IMPARTIR EL ENTRENAMIENTO | G10: FECHA / HORA | H10: FIRMA RESPONSABLE DE IMPARTIR EL ENTRENAMIENTO
C11: Rutas de Lectura y entrega de facturas en campo | D11: Tiempo Personal | E11: 120 horas | F11: Operaria Lectora Asistente Comercial
C12: Manejo del Celu Web | D12: Celuweb, Tiempo Personal | E12: 9 horas | F12: Operaria Lectora
C13: Lectura de Medidores | D13: Celuweb, Tiempo Personal | E13: 8 horas | F13: Operaria Lectora
C14: Manejo de Codigos | D14: Tiempo Personal | E14: 8 horas | F14: Operaria Lectora y Auxiliar Comercial
C15: Cambios de Medidores | D15: Tiempo Personal | E15: 64 horas | F15: Operaria Lectora
C16: Suspensiones y Reinstalaciones | D16: Tiempo Personal | E16: 74 horas | F16: Operaria Lectora y Asistente comercial
C17: Críticas Aleatorias altos y bajos consumos, medidores frenados, casas solas | D17: Tiempo Personal | E17: 40 horas | F17: Operaria Lectora y Asistente comercial
C18: Revisiones Previas: Por debido proceso | D18: Tiempo Personal | E18: 40 horas | F18: Operaria Lectora y Auxiliar Comercial
C20: (1) Los programas de entrenamiento tienen una duración máxima de 2 meses. Las horas asignadas a cada tema podrían ser modificadas de acuerdo con énfasis específicos que se quieran hacer.
C22: OBSERVACIONES DEL LÍDER INMEDIATO SOBRE EL ENTRENAMIENTO
C31: NOMBRE DEL LIDER INMEDIATO | D31: NOMBRE DEL COLABORADOR | F31: FECHA

Sheet RAUL ANTONIO DUQUE S.
D1: PROGRAMA DE ENTRENAMIENTO | H1: Código: F73 Versión: 1
C7: COLABORADOR | D7: CARGO | F7: PROCESO | H7: FECHA DE INGRESO
C8: RAUL ANTONIO DUQUE SALAZAR | D8: CONDUCTOR MOTOCARGUERO | F8: ASEO | H8: AGOSTO 01 DE 2022
C10: TEMA A ENTRENAR | D10: RECURSOS | E10: TIEMPO (1) (horas) | F10: RESPONSABLE DE IMPARTIR EL ENTRENAMIENTO | G10: FECHA / HORA | H10: FIRMA RESPONSABLE DE IMPARTIR EL ENTRENAMIENTO
C11: Verificación de las condiciones mecánicas de la unidad de transporte a su cargo, vigilando que sean las adecuadas para el uso normal del vehículo. | D11: Tiempo Personal | E11: 2 | F11: Conductor Motocarguero
C12: Consulta de la programación diaria asignada por su jefe inmediato segun el cronograma. | E12: 2 | F12: Supervisor Barrido
C13: Reconocimiento de rutas de recolección y frentes de trabajo de podas y jardinería | E13: 1 | F13: Conductor Motocarguero
C14: Atención a los requerimientos del PESV | E14: 1 | F14: conductor motocarguero y Supervisor de Barrido
C15: Custodia y uso adecuado del vehiculo | E15: 1 | F15: Conductor Motocarguero
C18: (1) Los programas de entrenamiento tienen una duración máxima de 2 meses. Las horas asignadas a cada tema podrían ser modificadas de acuerdo con énfasis específicos que se quieran hacer.
C20: OBSERVACIONES DEL LÍDER INMEDIATO SOBRE EL ENTRENAMIENTO
C29: NOMBRE DEL LIDER INMEDIATO | D29: NOMBRE DEL COLABORADOR | F29: FECHA

Sheet RICARDO GIRALDO DUQUE
D1: PROGRAMA DE ENTRENAMIENTO | H1: Código: F73 Versión: 1
C7: COLABORADOR | D7: CARGO | F7: PROCESO | H7: FECHA DE INGRESO
C8: RICARDO GIRALDO DUQUE | D8: OPERARIO DE RECOLECCION | F8: ASEO | H8: AGOSTO 01 DE 2022
C9: TEMA A ENTRENAR | D9: RECURSOS | E9: TIEMPO (1) (horas) | F9: RESPONSABLE DE IMPARTIR EL ENTRENAMIENTO | G9: FECHA / HORA | H9: FIRMA RESPONSABLE DE IMPARTIR EL ENTRENAMIENTO
C10: Rutas de Recolección de residuos organicos e inorgánicos y cuidados en vias publicas y carro recolector | D10: Tiempo Personal | E10: 16 horas | F10: Operario de Recolección
C11: ='MATRIZ DE ENTRENAMIENTO '!B26 -> Manejo y Operación del Relleno Sanitario: Recorrido, Uso de EPP | D11: ='MATRIZ DE ENTRENAMIENTO '!C26 -> Tiempo Personal | E11: ='MATRIZ DE ENTRENAMIENTO '!D26 -> 2 horas | F11: Operario de Recolección
C12: Guadañaje y planteo y poda de arboles | D12: ='MATRIZ DE ENTRENAMIENTO '!C27 -> Tiempo Personal | E12: ='MATRIZ DE ENTRENAMIENTO '!D27 -> 16 horas | F12: Operario de Recolección
C13: ='MATRIZ DE ENTRENAMIENTO '!B29 -> Limpieza de Cunetas y/o desagues | D13: ='MATRIZ DE ENTRENAMIENTO '!C29 -> Tiempo Personal | E13: ='MATRIZ DE ENTRENAMIENTO '!D29 -> 1 hora | F13: Operario de Recolección
C14: ='MATRIZ DE ENTRENAMIENTO '!B31 -> Conformación de Chimeneas | D14: ='MATRIZ DE ENTRENAMIENTO '!C31 -> Tiempo Personal | E14: ='MATRIZ DE ENTRENAMIENTO '!D31 -> 1 Hora | F14: Operario de Recolección
C15: ='MATRIZ DE ENTRENAMIENTO '!B33 -> Mantenimiento de la Vía de Entrada con sus respectivos desagues | D15: ='MATRIZ DE ENTRENAMIENTO '!C33 -> Tiempo Personal | E15: ='MATRIZ DE ENTRENAMIENTO '!D33 -> 1 hora | F15: Operario de Recolección
C16: ='MATRIZ DE ENTRENAMIENTO '!B34 -> Mantenimiento de la lona | D16: ='MATRIZ DE ENTRENAMIENTO '!C34 -> Tiempo Personal | E16: ='MATRIZ DE ENTRENAMIENTO '!D34 -> 2 Horas | F16: Operario de Recolección
C17: ='MATRIZ DE ENTRENAMIENTO '!B35 -> Manejo de Compactador en plataforma y en planta de Orgánicos | D17: ='MATRIZ DE ENTRENAMIENTO '!C35 -> Tiempo Personal | E17: ='MATRIZ DE ENTRENAMIENTO '!D35 -> 1 hora | F17: Operario de Recolección
C18: ='MATRIZ DE ENTRENAMIENTO '!B36 -> Separación de Material Organico, conformación de pilas, apiques a las pilas. | D18: ='MATRIZ DE ENTRENAMIENTO '!C36 -> Tiempo Personal | E18: ='MATRIZ DE ENTRENAMIENTO '!D36 -> 8 horas | F18: Operario de Recolección
C19: ='MATRIZ DE ENTRENAMIENTO '!B37 -> Manejo de la Planta de lixiviados | D19: ='MATRIZ DE ENTRENAMIENTO '!C37 -> Tiempo Personal | E19: ='MATRIZ DE ENTRENAMIENTO '!D37 -> 8 horas | F19: Operario de Recolección
C20: Rutas de Recolección organicos e inorgánicos donde no ingresa el vehículo | D20: Tiempo Personal | E20: 8 horas | F20: Operario de Recolección
C21: Precauciones de Manipulacion de Residuos Solidos | D21: Tiempo Personal | E21: 1 Horas | F21: Operario de Recolección
C22: Manejo de Cajas Estacionarias | D22: Tiempo Personal | E22: 1 Horas | F22: Operario de Recolección
C23: (1) Los programas de entrenamiento tienen una duración máxima de 2 meses. Las horas asignadas a cada tema podrían ser modificadas de acuerdo con énfasis específicos que se quieran hacer.
C25: OBSERVACIONES DEL LÍDER INMEDIATO SOBRE EL ENTRENAMIENTO
C26: NOMBRE DEL LIDER INMEDIATO | D26: NOMBRE DEL COLABORADOR | F26: FECHA

Sheet ARLEY ALONSO CASTAÑO R.
D1: PROGRAMA DE ENTRENAMIENTO | H1: Código: F73 Versión: 1
C7: COLABORADOR | D7: CARGO | F7: PROCESO | H7: FECHA DE INGRESO
C8: ARLEY ALONSO CASTAÑO RAMIREZ | D8: OPERARIO DE BARRIDO | F8: ASEO | H8: AGOSTO 01 DE 2022
C10: TEMA A ENTRENAR | D10: RECURSOS | E10: TIEMPO (1) (horas) | F10: RESPONSABLE DE IMPARTIR EL ENTRENAMIENTO | G10: FECHA / HORA | H10: FIRMA RESPONSABLE DE IMPARTIR EL ENTRENAMIENTO
C11: Reconocimiento de Rutas de barrido existentes en el Municipio: Barrido de Calles, Limpeza de cunetas, sumideros, tinacos, andenes, zonas verdes, desyerbe de vías, limpieza de lotes publicos, | D11: Tiempo Personal | E11: 10 Horas | F11: Supervisor de Barrido y/o Operario de Barrido
C12: Lavado de areas publicas y limpieza de zonas rivereñas de quebradas | D12: Tiempo Personal | E12: 3 horas | F12: Supervisor de Barrido y/o Operario de Barrido
C13: Manejo de Herramientas | D13: Tiempo Personal | E13: 1 hora | F13: Supervisor de Barrido y/o Operario de Barrido
C14: Mantenimiento de Jardineras | D14: Tiempo Personal | E14: 1 hora | F14: Supervisor de Barrido y/o Operario de Barrido
C15: Mantenimiento de Tinacos: Reparación, o lavado | D15: Tiempo Personal | E15: 1 hora | F15: Supervisor de Barrido y/o Operario de Barrido
C16: Apoyo servicio de guadañaje | D16: Tiempo Personal | E16: 4 horas | F16: Supervisor de Barrido y/o Operario de Barrido
C17: Cumplimiento de las normas de seguridad, higiene corporal y uso de los EPP. | D17: Tiempo Personal | E17: 6 horas | F17: Supervisor de Barrido y/o Operario de Barrido
C21: (1) Los programas de entrenamiento tienen una duración máxima de 2 meses. Las horas asignadas a cada tema podrían ser modificadas de acuerdo con énfasis específicos que se quieran hacer.
C23: OBSERVACIONES DEL LÍDER INMEDIATO SOBRE EL ENTRENAMIENTO
C32: NOMBRE DEL LIDER INMEDIATO | D32: COLABORADOR | F32: FECHA

Sheet LUZ DARY CARDONA GIRALDO.
D1: PROGRAMA DE ENTRENAMIENTO | H1: Código: F73 Versión: 1
C7: COLABORADOR | D7: CARGO | F7: PROCESO | H7: FECHA DE INGRESO
C8: LUZ DARY CARDONA GIRALDO | D8: OPERARIO DE BARRIDO | F8: ASEO | H8: SEPTIEMBRE 27 DE 2021
C10: TEMA A ENTRENAR | D10: RECURSOS | E10: TIEMPO (1) (horas) | F10: RESPONSABLE DE IMPARTIR EL ENTRENAMIENTO | G10: FECHA / HORA | H10: FIRMA RESPONSABLE DE IMPARTIR EL ENTRENAMIENTO
C11: Reconocimiento de Rutas de barrido existentes en el Municipio: Barrido de Calles, Limpeza de cunetas, sumideros, tinacos, andenes, zonas verdes, desyerbe de vías, limpieza de lotes publicos, | D11: Tiempo Personal | E11: 10 Horas | F11: Supervisor de Barrido y/o Operario de Barrido
C12: Lavado de areas publicas y limpieza de zonas rivereñas de quebradas | D12: Tiempo Personal | E12: 3 horas | F12: Supervisor de Barrido y/o Operario de Barrido
C13: Manejo de Herramientas | D13: Tiempo Personal | E13: 1 hora | F13: Supervisor de Barrido y/o Operario de Barrido
C14: Mantenimiento de Jardineras | D14: Tiempo Personal | E14: 1 hora | F14: Supervisor de Barrido y/o Operario de Barrido
C15: Mantenimiento de Tinacos: Reparación, o lavado | D15: Tiempo Personal | E15: 1 hora | F15: Supervisor de Barrido y/o Operario de Barrido
C16: Apoyo servicio de guadañaje | D16: Tiempo Personal | E16: 4 horas | F16: Supervisor de Barrido y/o Operario de Barrido
C17: Cumplimiento de las normas de seguridad, higiene corporal y uso de los EPP. | D17: Tiempo Personal | E17: 6 horas | F17: Supervisor de Barrido y/o Operario de Barrido
C21: (1) Los programas de entrenamiento tienen una duración máxima de 2 meses. Las horas asignadas a cada tema podrían ser modificadas de acuerdo con énfasis específicos que se quieran hacer.
C23: OBSERVACIONES DEL LÍDER INMEDIATO SOBRE EL ENTRENAMIENTO
C32: NOMBRE DEL LIDER INMEDIATO | D32: COLABORADOR | F32: FECHA

Sheet DORA ESTELA GIRALDO J.
D1: PROGRAMA DE ENTRENAMIENTO | H1: Código: F73 Versión: 1
C7: COLABORADOR | D7: CARGO | F7: PROCESO | H7: FECHA DE INGRESO
C8: DORA ESTELA GIRALDO JIMENEZ | D8: COORDINADORA DE ASEO | F8: ASEO | H8: JULIO 12 DE 2021
C10: TEMA A ENTRENAR | D10: RECURSOS | E10: TIEMPO (1) (horas) | F10: RESPONSABLE DE IMPARTIR EL ENTRENAMIENTO | G10: FECHA / HORA | H10: FIRMA RESPONSABLE DE IMPARTIR EL ENTRENAMIENTO
C11: ='[1]MATRIZ DE ENTRENAMIENTO '!B149 -> Contratación y Supervisión: Elaboracion de Estudios previos, contratacion estatal, supervisión de contratos | D11: Tiempo Personal | E11: 10 Horas | F11: Director Aseo
C12: ='[1]MATRIZ DE ENTRENAMIENTO '!B150 -> Manejo de las herramientas del sistema de Gestión Integral: Indicadores, Matriz ACPM, Matriz de Riesgos, Procedimientos e instructivos del Área | D12: Tiempo Personal | E12: 10 horas | F12: Director Aseo
C13: ='[1]MATRIZ DE ENTRENAMIENTO '!B151 -> Identificación y reconocimiento de sistemas operativos: Barrido, recolección y Transporte y Relleno Sanitario | D13: Tiempo Personal | E13: 10 horas | F13: Supervisor Barrido, Relleno sanitario y Conductores
C14: ='[1]MATRIZ DE ENTRENAMIENTO '!B152 -> Identificación y reconocimiento de formatos asociados al area: Donde y cómo se guarda la información, ruta para oficios, estudios documentados vigentes (PGIRS, PROGRAMA PARA LA PRESTACIÓN DEL SERVICIO DE ASEO), | D14: Tiempo Personal | E14: 16 horas | F14: Director Aseo y Supervisores barrido, relleno y conductores
C15: ='[1]MATRIZ DE ENTRENAMIENTO '!B153 -> Reconocimiento de contratos en ejecución objeto de supervisión por parte de la dirección de Aseo | D15: Tiempo Personal | E15: 8 horas | F15: Director Aseo
C16: ='[1]MATRIZ DE ENTRENAMIENTO '!B154 -> Seguridad y Salud en el Trabajo | D16: Tiempo Personal | E16: 8 horas | F16: Coordinador SST
C17: ='[1]MATRIZ DE ENTRENAMIENTO '!B155 -> Sistema de Gestión Ambiental ESPA (Estado de Licencias y permisos Ambientales) | D17: Tiempo Personal | E17: 8 horas | F17: Director Aseo
C18: ='[1]MATRIZ DE ENTRENAMIENTO '!B156 -> Aforos grandes generadores | D18: Tiempo Personal | E18: 10 horas | F18: Asistente MIRS
C19: Normatividad del Area de Aseo y programa PEGIRS | D19: Tiempo Personal | E19: 10 | F19: Director Aseo y asistente MIRS
C20: Plan estratégico de Seguridad Vial PESV | D20: Tiempo Personal | E20: 12 horas | F20: Coordinador SST y Director Aseo
C22: (1) Los programas de entrenamiento tienen una duración máxima de 2 meses. Las horas asignadas a cada tema podrían ser modificadas de acuerdo con énfasis específicos que se quieran hacer.
C24: OBSERVACIONES DEL LÍDER INMEDIATO SOBRE EL ENTRENAMIENTO
C29: NOMBRE DEL LIDER INMEDIATO | D29: NOMBRE DEL COLABORADOR | F29: FECHA

Sheet JUAN PABLO VILLEGAS A.
D1: PROGRAMA DE ENTRENAMIENTO | H1: Código: F73 Versión: 1
C7: COLABORADOR | D7: CARGO | F7: PROCESO | H7: FECHA DE INGRESO
C8: JUAN PABLO VILLEGAS ALZATE | D8: OPERARIO DE RECOLECCION | F8: ASEO | H8: JUNIO 28 DE 2021
C9: TEMA A ENTRENAR | D9: RECURSOS | E9: TIEMPO (1) (horas) | F9: RESPONSABLE DE IMPARTIR EL ENTRENAMIENTO | G9: FECHA / HORA | H9: FIRMA RESPONSABLE DE IMPARTIR EL ENTRENAMIENTO
C10: Rutas de Recolección de residuos organicos e inorgánicos y cuidados en vias publicas y carro recolector | D10: Tiempo Personal | E10: 16 horas | F10: Operario de Recolección
C11: ='MATRIZ DE ENTRENAMIENTO '!B26 -> Manejo y Operación del Relleno Sanitario: Recorrido, Uso de EPP | D11: ='MATRIZ DE ENTRENAMIENTO '!C26 -> Tiempo Personal | E11: ='MATRIZ DE ENTRENAMIENTO '!D26 -> 2 horas | F11: Operario de Recolección
C12: Guadañaje y planteo y poda de arboles | D12: ='MATRIZ DE ENTRENAMIENTO '!C27 -> Tiempo Personal | E12: ='MATRIZ DE ENTRENAMIENTO '!D27 -> 16 horas | F12: Operario de Recolección
C13: ='MATRIZ DE ENTRENAMIENTO '!B29 -> Limpieza de Cunetas y/o desagues | D13: ='MATRIZ DE ENTRENAMIENTO '!C29 -> Tiempo Personal | E13: ='MATRIZ DE ENTRENAMIENTO '!D29 -> 1 hora | F13: Operario de Recolección
C14: ='MATRIZ DE ENTRENAMIENTO '!B31 -> Conformación de Chimeneas | D14: ='MATRIZ DE ENTRENAMIENTO '!C31 -> Tiempo Personal | E14: ='MATRIZ DE ENTRENAMIENTO '!D31 -> 1 Hora | F14: Operario de Recolección
C15: ='MATRIZ DE ENTRENAMIENTO '!B33 -> Mantenimiento de la Vía de Entrada con sus respectivos desagues | D15: ='MATRIZ DE ENTRENAMIENTO '!C33 -> Tiempo Personal | E15: ='MATRIZ DE ENTRENAMIENTO '!D33 -> 1 hora | F15: Operario de Recolección
C16: ='MATRIZ DE ENTRENAMIENTO '!B34 -> Mantenimiento de la lona | D16: ='MATRIZ DE ENTRENAMIENTO '!C34 -> Tiempo Personal | E16: ='MATRIZ DE ENTRENAMIENTO '!D34 -> 2 Horas | F16: Operario de Recolección
C17: ='MATRIZ DE ENTRENAMIENTO '!B35 -> Manejo de Compactador en plataforma y en planta de Orgánicos | D17: ='MATRIZ DE ENTRENAMIENTO '!C35 -> Tiempo Personal | E17: ='MATRIZ DE ENTRENAMIENTO '!D35 -> 1 hora | F17: Operario de Recolección
C18: ='MATRIZ DE ENTRENAMIENTO '!B36 -> Separación de Material Organico, conformación de pilas, apiques a las pilas. | D18: ='MATRIZ DE ENTRENAMIENTO '!C36 -> Tiempo Personal | E18: ='MATRIZ DE ENTRENAMIENTO '!D36 -> 8 horas | F18: Operario de Recolección
C19: ='MATRIZ DE ENTRENAMIENTO '!B37 -> Manejo de la Planta de lixiviados | D19: ='MATRIZ DE ENTRENAMIENTO '!C37 -> Tiempo Personal | E19: ='MATRIZ DE ENTRENAMIENTO '!D37 -> 8 horas | F19: Operario de Recolección
C20: Rutas de Recolección organicos e inorgánicos donde no ingresa el vehículo | D20: Tiempo Personal | E20: 8 horas | F20: Operario de Recolección
C21: Precauciones de Manipulacion de Residuos Solidos | D21: Tiempo Personal | E21: 1 Horas | F21: Operario de Recolección
C22: Manejo de Cajas Estacionarias | D22: Tiempo Personal | E22: 1 Horas | F22: Operario de Recolección
C23: (1) Los programas de entrenamiento tienen una duración máxima de 2 meses. Las horas asignadas a cada tema podrían ser modificadas de acuerdo con énfasis específicos que se quieran hacer.
C25: OBSERVACIONES DEL LÍDER INMEDIATO SOBRE EL ENTRENAMIENTO
C26: NOMBRE DEL LIDER INMEDIATO | D26: NOMBRE DEL COLABORADOR | F26: FECHA

Sheet JAIR MIGUEL GALVIS.
D1: PROGRAMA DE ENTRENAMIENTO | H1: Código: F73 Versión: 1
C7: COLABORADOR | D7: CARGO | F7: PROCESO | H7: FECHA DE INGRESO
C8: JAIR MIGUEL GALVIS VALENCIA | D8: OPERARIO DE RECOLECCION | F8: ASEO | H8: JUNIO 17 DE 2021
C9: TEMA A ENTRENAR | D9: RECURSOS | E9: TIEMPO (1) (horas) | F9: RESPONSABLE DE IMPARTIR EL ENTRENAMIENTO | G9: FECHA / HORA | H9: FIRMA RESPONSABLE DE IMPARTIR EL ENTRENAMIENTO
C10: Rutas de Recolección de residuos organicos e inorgánicos y cuidados en vias publicas y carro recolector | D10: Tiempo Personal | E10: 16 horas | F10: Operario de Recolección
C11: ='MATRIZ DE ENTRENAMIENTO '!B26 -> Manejo y Operación del Relleno Sanitario: Recorrido, Uso de EPP | D11: ='MATRIZ DE ENTRENAMIENTO '!C26 -> Tiempo Personal | E11: ='MATRIZ DE ENTRENAMIENTO '!D26 -> 2 horas | F11: Operario de Recolección
C12: Guadañaje y planteo y poda de arboles | D12: ='MATRIZ DE ENTRENAMIENTO '!C27 -> Tiempo Personal | E12: ='MATRIZ DE ENTRENAMIENTO '!D27 -> 16 horas | F12: Operario de Recolección
C13: ='MATRIZ DE ENTRENAMIENTO '!B29 -> Limpieza de Cunetas y/o desagues | D13: ='MATRIZ DE ENTRENAMIENTO '!C29 -> Tiempo Personal | E13: ='MATRIZ DE ENTRENAMIENTO '!D29 -> 1 hora | F13: Operario de Recolección
C14: ='MATRIZ DE ENTRENAMIENTO '!B31 -> Conformación de Chimeneas | D14: ='MATRIZ DE ENTRENAMIENTO '!C31 -> Tiempo Personal | E14: ='MATRIZ DE ENTRENAMIENTO '!D31 -> 1 Hora | F14: Operario de Recolección
C15: ='MATRIZ DE ENTRENAMIENTO '!B33 -> Mantenimiento de la Vía de Entrada con sus respectivos desagues | D15: ='MATRIZ DE ENTRENAMIENTO '!C33 -> Tiempo Personal | E15: ='MATRIZ DE ENTRENAMIENTO '!D33 -> 1 hora | F15: Operario de Recolección
C16: ='MATRIZ DE ENTRENAMIENTO '!B34 -> Mantenimiento de la lona | D16: ='MATRIZ DE ENTRENAMIENTO '!C34 -> Tiempo Personal | E16: ='MATRIZ DE ENTRENAMIENTO '!D34 -> 2 Horas | F16: Operario de Recolección
C17: ='MATRIZ DE ENTRENAMIENTO '!B35 -> Manejo de Compactador en plataforma y en planta de Orgánicos | D17: ='MATRIZ DE ENTRENAMIENTO '!C35 -> Tiempo Personal | E17: ='MATRIZ DE ENTRENAMIENTO '!D35 -> 1 hora | F17: Operario de Recolección
C18: ='MATRIZ DE ENTRENAMIENTO '!B36 -> Separación de Material Organico, conformación de pilas, apiques a las pilas. | D18: ='MATRIZ DE ENTRENAMIENTO '!C36 -> Tiempo Personal | E18: ='MATRIZ DE ENTRENAMIENTO '!D36 -> 8 horas | F18: Operario de Recolección
C19: ='MATRIZ DE ENTRENAMIENTO '!B37 -> Manejo de la Planta de lixiviados | D19: ='MATRIZ DE ENTRENAMIENTO '!C37 -> Tiempo Personal | E19: ='MATRIZ DE ENTRENAMIENTO '!D37 -> 8 horas | F19: Operario de Recolección
C20: Rutas de Recolección organicos e inorgánicos donde no ingresa el vehículo | D20: Tiempo Personal | E20: 8 horas | F20: Operario de Recolección
C21: Precauciones de Manipulacion de Residuos Solidos | D21: Tiempo Personal | E21: 1 Horas | F21: Operario de Recolección
C22: Manejo de Cajas Estacionarias | D22: Tiempo Personal | E22: 1 Horas | F22: Operario de Recolección
C23: (1) Los programas de entrenamiento tienen una duración máxima de 2 meses. Las horas asignadas a cada tema podrían ser modificadas de acuerdo con énfasis específicos que se quieran hacer.
C25: OBSERVACIONES DEL LÍDER INMEDIATO SOBRE EL ENTRENAMIENTO
C26: NOMBRE DEL LIDER INMEDIATO | D26: NOMBRE DEL COLABORADOR | F26: FECHA

Sheet MELISSA BAENA RESTREPO
D1: PROGRAMA DE ENTRENAMIENTO | H1: Código: F73 Versión: 1
C7: COLABORADOR | D7: CARGO | F7: PROCESO | H7: FECHA DE INGRESO
C8: OSCAR DAVID MERCADO YEPES | D8: OPERARIO LECTOR | F8: COMERCIAL | H8: MARZO 07 DE 2023
C10: TEMA A ENTRENAR | D10: RECURSOS | E10: TIEMPO (1) (horas) | F10: RESPONSABLE DE IMPARTIR EL ENTRENAMIENTO | G10: FECHA / HORA | H10: FIRMA RESPONSABLE DE IMPARTIR EL ENTRENAMIENTO
C11: Rutas de Lectura y entrega de facturas enel terreno | D11: Tiempo Personal | E11: 10 horas | F11: Operaria Lectora Asistente Comercial
C12: Manejo del Celu Web o la Tablet | D12: Celuweb, Tiempo Personal | E12: 9 horas | F12: Coordinadora comercial y/o Operaria Lectora
C13: Lectura de Medidores | D13: Celuweb, Tiempo Personal | E13: 8 horas | F13: Operaria Lectora
C14: Manejo de Codigos | D14: Tiempo Personal | E14: 8 horas | F14: Operaria Lectora y Auxiliar Comercial
C15: Cambios de Medidores | D15: Tiempo Personal | E15: 15 horas | F15: Operaria Lectora
C16: Suspensiones y Reinstalaciones | D16: Tiempo Personal | E16: 12 horas | F16: Operaria Lectora y Asistente comercial
C17: Críticas Aleatorias altos y bajos consumos, medidores frenados, casas solas etc. | D17: Tiempo Personal | E17: 20 horas | F17: Operaria Lectora y Asistente comercial
C18: Revisiones Previas: Por debido proceso | D18: Tiempo Personal | E18: 20 horas | F18: Operaria Lectora y Auxiliar Comercial
C20: (1) Los programas de entrenamiento tienen una duración máxima de 2 meses. Las horas asignadas a cada tema podrían ser modificadas de acuerdo con énfasis específicos que se quieran hacer.
C22: OBSERVACIONES DEL LÍDER INMEDIATO SOBRE EL ENTRENAMIENTO
C31: NOMBRE DEL LIDER INMEDIATO | D31: NOMBRE DEL COLABORADOR | F31: FECHA

Sheet JONATHAN VELASQUEZ QUINTERO
D1: PROGRAMA DE ENTRENAMIENTO | H1: Código: F73 Versión: 1
C7: COLABORADOR | D7: CARGO | F7: PROCESO | H7: FECHA DE INGRESO
C8: JONATHAN VELASQUEZ QUINTERO | D8: OPERARIO DE RECOLECCION | F8: ASEO | H8: ABRIL 20 DE 2021
C9: TEMA A ENTRENAR | D9: RECURSOS | E9: TIEMPO (1) (horas) | F9: RESPONSABLE DE IMPARTIR EL ENTRENAMIENTO | G9: FECHA / HORA | H9: FIRMA RESPONSABLE DE IMPARTIR EL ENTRENAMIENTO
C10: Rutas de Recolección de residuos organicos e inorgánicos y cuidados en vias publicas y carro recolector | D10: Tiempo Personal | E10: 16 horas | F10: Operario de Recolección
C11: ='MATRIZ DE ENTRENAMIENTO '!B26 -> Manejo y Operación del Relleno Sanitario: Recorrido, Uso de EPP | D11: ='MATRIZ DE ENTRENAMIENTO '!C26 -> Tiempo Personal | E11: ='MATRIZ DE ENTRENAMIENTO '!D26 -> 2 horas | F11: Operario de Recolección
C12: Guadañaje y planteo y poda de arboles | D12: ='MATRIZ DE ENTRENAMIENTO '!C27 -> Tiempo Personal | E12: ='MATRIZ DE ENTRENAMIENTO '!D27 -> 16 horas | F12: Operario de Recolección
C13: ='MATRIZ DE ENTRENAMIENTO '!B29 -> Limpieza de Cunetas y/o desagues | D13: ='MATRIZ DE ENTRENAMIENTO '!C29 -> Tiempo Personal | E13: ='MATRIZ DE ENTRENAMIENTO '!D29 -> 1 hora | F13: Operario de Recolección
C14: ='MATRIZ DE ENTRENAMIENTO '!B31 -> Conformación de Chimeneas | D14: ='MATRIZ DE ENTRENAMIENTO '!C31 -> Tiempo Personal | E14: ='MATRIZ DE ENTRENAMIENTO '!D31 -> 1 Hora | F14: Operario de Recolección
C15: ='MATRIZ DE ENTRENAMIENTO '!B33 -> Mantenimiento de la Vía de Entrada con sus respectivos desagues | D15: ='MATRIZ DE ENTRENAMIENTO '!C33 -> Tiempo Personal | E15: ='MATRIZ DE ENTRENAMIENTO '!D33 -> 1 hora | F15: Operario de Recolección
C16: ='MATRIZ DE ENTRENAMIENTO '!B34 -> Mantenimiento de la lona | D16: ='MATRIZ DE ENTRENAMIENTO '!C34 -> Tiempo Personal | E16: ='MATRIZ DE ENTRENAMIENTO '!D34 -> 2 Horas | F16: Operario de Recolección
C17: ='MATRIZ DE ENTRENAMIENTO '!B35 -> Manejo de Compactador en plataforma y en planta de Orgánicos | D17: ='MATRIZ DE ENTRENAMIENTO '!C35 -> Tiempo Personal | E17: ='MATRIZ DE ENTRENAMIENTO '!D35 -> 1 hora | F17: Operario de Recolección
C18: ='MATRIZ DE ENTRENAMIENTO '!B36 -> Separación de Material Organico, conformación de pilas, apiques a las pilas. | D18: ='MATRIZ DE ENTRENAMIENTO '!C36 -> Tiempo Personal | E18: ='MATRIZ DE ENTRENAMIENTO '!D36 -> 8 horas | F18: Operario de Recolección
C19: ='MATRIZ DE ENTRENAMIENTO '!B37 -> Manejo de la Planta de lixiviados | D19: ='MATRIZ DE ENTRENAMIENTO '!C37 -> Tiempo Personal | E19: ='MATRIZ DE ENTRENAMIENTO '!D37 -> 8 horas | F19: Operario de Recolección
C20: Rutas de Recolección organicos e inorgánicos donde no ingresa el vehículo | D20: Tiempo Personal | E20: 8 horas | F20: Operario de Recolección
C21: Precauciones de Manipulacion de Residuos Solidos | D21: Tiempo Personal | E21: 1 Horas | F21: Operario de Recolección
C22: Manejo de Cajas Estacionarias | D22: Tiempo Personal | E22: 1 Horas | F22: Operario de Recolección
C23: (1) Los programas de entrenamiento tienen una duración máxima de 2 meses. Las horas asignadas a cada tema podrían ser modificadas de acuerdo con énfasis específicos que se quieran hacer.
C25: OBSERVACIONES DEL LÍDER INMEDIATO SOBRE EL ENTRENAMIENTO
C26: NOMBRE DEL LIDER INMEDIATO | D26: NOMBRE DEL COLABORADOR | F26: FECHA

Sheet LUIS EFRAIN GIRALDO SUAREZ
D1: PROGRAMA DE ENTRENAMIENTO | H1: Código: F73 Versión: 1
C7: COLABORADOR | D7: CARGO | F7: PROCESO | H7: FECHA DE INGRESO
C8: LUIS EFRAIN GIRALDO SUAREZ | D8: OPERARIO DE BARRIDO | F8: ASEO | H8: MARZO 30 DE 2021
C10: TEMA A ENTRENAR | D10: RECURSOS | E10: TIEMPO (1) (horas) | F10: RESPONSABLE DE IMPARTIR EL ENTRENAMIENTO | G10: FECHA / HORA | H10: FIRMA RESPONSABLE DE IMPARTIR EL ENTRENAMIENTO
C11: Reconocimiento de Rutas de barrido existentes en el Municipio: Barrido de Calles, Limpeza de cunetas, sumideros, tinacos, andenes, zonas verdes, desyerbe de vías, limpieza de lotes publicos, | D11: Tiempo Personal | E11: 10 Horas | F11: Supervisor de Barrido y/o Operario de Barrido
C12: Lavado de areas publicas y limpieza de zonas rivereñas de quebradas | D12: Tiempo Personal | E12: 3 horas | F12: Supervisor de Barrido y/o Operario de Barrido
C13: Manejo de Herramientas | D13: Tiempo Personal | E13: 1 hora | F13: Supervisor de Barrido y/o Operario de Barrido
C14: Mantenimiento de Jardineras | D14: Tiempo Personal | E14: 1 hora | F14: Supervisor de Barrido y/o Operario de Barrido
C15: Mantenimiento de Tinacos: Reparación, o lavado | D15: Tiempo Personal | E15: 1 hora | F15: Supervisor de Barrido y/o Operario de Barrido
C16: Apoyo servicio de guadañaje | D16: Tiempo Personal | E16: 4 horas | F16: Supervisor de Barrido y/o Operario de Barrido
C17: Cumplimiento de las normas de seguridad, higiene corporal y uso de los EPP. | D17: Tiempo Personal | E17: 6 horas | F17: Supervisor de Barrido y/o Operario de Barrido
C21: (1) Los programas de entrenamiento tienen una duración máxima de 2 meses. Las horas asignadas a cada tema podrían ser modificadas de acuerdo con énfasis específicos que se quieran hacer.
C23: OBSERVACIONES DEL LÍDER INMEDIATO SOBRE EL ENTRENAMIENTO
C32: NOMBRE DEL LIDER INMEDIATO | D32: COLABORADOR | F32: FECHA

Sheet ESPERANZA CEBALLOS GALEANO 
D1: PROGRAMA DE ENTRENAMIENTO | H1: Código: F73 Versión: 1
C7: COLABORADOR | D7: CARGO | F7: PROCESO | H7: FECHA DE INGRESO
C8: ESPERANZA DE JESUS CEBALLOS GALEANO | D8: ASISTENTE MIRS | F8: ASEO | H8: MARZO 29 DE 2021
C10: TEMA A ENTRENAR | D10: RECURSOS | E10: TIEMPO (1) (horas) | F10: RESPONSABLE DE IMPARTIR EL ENTRENAMIENTO | G10: FECHA / HORA | H10: FIRMA RESPONSABLE DE IMPARTIR EL ENTRENAMIENTO
C11: Sistema de aforos a grandes generadores del Municipio | D11: Tiempo Personal | E11: 24 | F11: Asistente MIRS
C12: Atención de PQRs MIRS | D12: Tiempo Personal | E12: 24 | F12: Asistente MIRS
C13: Seguimiento a puntos críticos | D13: Tiempo Personal | E13: 8 | F13: Asistente MIRS
C14: Fomento de la cultura y buenos hábitos MIRS | D14: Tiempo Personal | E14: 12 | F14: Asistente MIRS
C15: Seguimiento a sitios de acumulación | D15: Tiempo Personal | E15: 2 | F15: Asistente MIRS
C16: Abordaje de usuarios difíciles | D16: Tiempo Personal | E16: 2 | F16: Asistente MIRS
C17: Principios del MIRS | D17: Tiempo Personal | E17: 2 | F17: Asistente MIRS
C18: Normatividad del Area de Aseo | D18: Tiempo Personal | E18: 16 | F18: Asistente MIRS
C20: (1) Los programas de entrenamiento tienen una duración máxima de 2 meses. Las horas asignadas a cada tema podrían ser modificadas de acuerdo con énfasis específicos que se quieran hacer.
C22: OBSERVACIONES DEL LÍDER INMEDIATO SOBRE EL ENTRENAMIENTO
C31: NOMBRE DEL LIDER INMEDIATO | D31: COLABORADOR | F31: FECHA

Sheet ERIKA ANDREA SALAZAR PIEDRAHITA
D1: PROGRAMA DE ENTRENAMIENTO | H1: Código: F73 Versión: 1
C7: COLABORADOR | D7: CARGO | F7: PROCESO | H7: FECHA DE INGRESO
C8: ERIKA ANDREA SALAZAR PIEDRAHITA | D8: OPERARIO LECTOR | F8: COMERCIAL | H8: MARZO 20 DE 2021
C10: TEMA A ENTRENAR | D10: RECURSOS | E10: TIEMPO (1) (horas) | F10: RESPONSABLE DE IMPARTIR EL ENTRENAMIENTO | G10: FECHA / HORA | H10: FIRMA RESPONSABLE DE IMPARTIR EL ENTRENAMIENTO
C11: Rutas de Lectura y entrega de facturas en campo | D11: Tiempo Personal | E11: 120 horas | F11: Operaria Lectora
C12: Manejo del Celu Web | D12: Celuweb, Tiempo Personal | E12: 9 horas | F12: Asistente Comercial
C13: Lectura de Medidores | D13: Celuweb, Tiempo Personal | E13: 8 horas | F13: Operaria Lectora
C14: Manejo de Codigos | D14: Tiempo Personal | E14: 8 horas | F14: Operaria Lectora
C15: Cambios de Medidores | D15: Tiempo Personal | E15: 64 horas | F15: Operaria Lectora Auxiliar comerxcial
C16: Suspensiones y Reinstalaciones | D16: Tiempo Personal | E16: 74 horas | F16: Operaria Lectora
C17: Críticas Aleatorias altos y bajos consumos, medidores frenados, casas solas | D17: Tiempo Personal | E17: 40 horas | F17: Asistente Comercial
C18: Revisiones Previas: Por debido proceso | D18: Tiempo Personal | E18: 40 horas | F18: Operaria Lectora
C20: (1) Los programas de entrenamiento tienen una duración máxima de 2 meses. Las horas asignadas a cada tema podrían ser modificadas de acuerdo con énfasis específicos que se quieran hacer.
C22: OBSERVACIONES DEL LÍDER INMEDIATO SOBRE EL ENTRENAMIENTO
C31: NOMBRE DEL LIDER INMEDIATO | D31: NOMBRE DEL COLABORADOR | F31: FECHA

Sheet JUANITA ALVAREZ GOMEZ
D1: PROGRAMA DE ENTRENAMIENTO | H1: Código: F73 Versión: 1
C7: COLABORADOR | D7: CARGO | F7: PROCESO | H7: FECHA DE INGRESO
C8: JUANITA ALVAREZ GOMEZ | D8: COORDINADORA DE ASEO | F8: ASEO | H8: MARZO 17 DE 2021
C10: TEMA A ENTRENAR | D10: RECURSOS | E10: TIEMPO (1) (horas) | F10: RESPONSABLE DE IMPARTIR EL ENTRENAMIENTO | G10: FECHA / HORA | H10: FIRMA RESPONSABLE DE IMPARTIR EL ENTRENAMIENTO
C11: ='[1]MATRIZ DE ENTRENAMIENTO '!B149 -> Contratación y Supervisión: Elaboracion de Estudios previos, contratacion estatal, supervisión de contratos | D11: Tiempo Personal | E11: 10 Horas | F11: Director Aseo
C12: ='[1]MATRIZ DE ENTRENAMIENTO '!B150 -> Manejo de las herramientas del sistema de Gestión Integral: Indicadores, Matriz ACPM, Matriz de Riesgos, Procedimientos e instructivos del Área | D12: Tiempo Personal | E12: 10 horas | F12: Director Aseo
C13: ='[1]MATRIZ DE ENTRENAMIENTO '!B151 -> Identificación y reconocimiento de sistemas operativos: Barrido, recolección y Transporte y Relleno Sanitario | D13: Tiempo Personal | E13: 10 horas | F13: Supervisor Barrido, Relleno sanitario y Conductores
C14: ='[1]MATRIZ DE ENTRENAMIENTO '!B152 -> Identificación y reconocimiento de formatos asociados al area: Donde y cómo se guarda la información, ruta para oficios, estudios documentados vigentes (PGIRS, PROGRAMA PARA LA PRESTACIÓN DEL SERVICIO DE ASEO), | D14: Tiempo Personal | E14: 16 horas | F14: Director Aseo y Supervisores barrido, relleno y conductores
C15: ='[1]MATRIZ DE ENTRENAMIENTO '!B153 -> Reconocimiento de contratos en ejecución objeto de supervisión por parte de la dirección de Aseo | D15: Tiempo Personal | E15: 8 horas | F15: Director Aseo
C16: ='[1]MATRIZ DE ENTRENAMIENTO '!B154 -> Seguridad y Salud en el Trabajo | D16: Tiempo Personal | E16: 8 horas | F16: Coordinador SST
C17: ='[1]MATRIZ DE ENTRENAMIENTO '!B155 -> Sistema de Gestión Ambiental ESPA (Estado de Licencias y permisos Ambientales) | D17: Tiempo Personal | E17: 8 horas | F17: Director Aseo
C18: ='[1]MATRIZ DE ENTRENAMIENTO '!B156 -> Aforos grandes generadores | D18: Tiempo Personal | E18: 10 horas | F18: Asistente MIRS
C19: Normatividad del Area de Aseo y programa PEGIRS | D19: Tiempo Personal | E19: 10 | F19: Director Aseo y asistente MIRS
C20: Plan estratégico de Seguridad Vial PESV | D20: Tiempo Personal | E20: 12 horas | F20: Coordinador SST y Director Aseo
C22: (1) Los programas de entrenamiento tienen una duración máxima de 2 meses. Las horas asignadas a cada tema podrían ser modificadas de acuerdo con énfasis específicos que se quieran hacer.
C24: OBSERVACIONES DEL LÍDER INMEDIATO SOBRE EL ENTRENAMIENTO
C29: NOMBRE DEL LIDER INMEDIATO | D29: NOMBRE DEL COLABORADOR | F29: FECHA

Sheet DUAY QUINTERO MURILLO
D1: PROGRAMA DE ENTRENAMIENTO | H1: Código: F73 Versión: 1
C7: COLABORADOR | D7: CARGO | F7: PROCESO | H7: FECHA DE INGRESO
C8: DUAY QUINTERO MURILLO | D8: OPERARIO PLANTA DE ORGANICOS | F8: ASEO | H8: MARZO 17 DE 2021
C10: TEMA A ENTRENAR | D10: RECURSOS | E10: TIEMPO (1) (horas) | F10: RESPONSABLE DE IMPARTIR EL ENTRENAMIENTO | G10: FECHA / HORA | H10: FIRMA RESPONSABLE DE IMPARTIR EL ENTRENAMIENTO
C11: Manejo de Compactador en plataforma y en planta de Orgánicos | D11: Tiempo Personal | E11: 1 hora | F11: Operario Planta de Orgánicos y supervisor relleno
C12: Separación de Material Organico | D12: Tiempo Personal | E12: 2 Horas | F12: Operario Planta de Orgánicos y Supervisor relleno
C13: Conformacion de Pilas | D13: Tiempo Personal | E13: 2 Horas | F13: Operario Planta de Orgánicos
C14: Apiques de aireación | D14: Tiempo Personal | E14: 2 Horas | F14: Operario Planta de Orgánicos
C20: (1) Los programas de entrenamiento tienen una duración máxima de 2 meses. Las horas asignadas a cada tema podrían ser modificadas de acuerdo con énfasis específicos que se quieran hacer.
C22: OBSERVACIONES DEL LÍDER INMEDIATO SOBRE EL ENTRENAMIENTO
C31: NOMBRE DEL LIDER INMEDIATO | D31: COLABORADOR | F31: FECHA

Sheet RODOLFO ALBEIRO DAZA GIRALDO
D1: PROGRAMA DE ENTRENAMIENTO | H1: Código: F73 Versión: 1
C7: COLABORADOR | D7: CARGO | F7: PROCESO | H7: FECHA DE INGRESO
C8: RODOLFO ALBEIRO DAZA GIRALDO | D8: OPERARIO PLANTA DE ORGANICOS | F8: ASEO | H8: FEBRERO 23 DE 2021
C10: TEMA A ENTRENAR | D10: RECURSOS | E10: TIEMPO (1) (horas) | F10: RESPONSABLE DE IMPARTIR EL ENTRENAMIENTO | G10: FECHA / HORA | H10: FIRMA RESPONSABLE DE IMPARTIR EL ENTRENAMIENTO
C11: Manejo de Compactador en plataforma y en planta de Orgánicos | D11: Tiempo Personal | E11: 1 hora | F11: Operario Planta de Orgánicos y supervisor relleno
C12: Separación de Material Organico | D12: Tiempo Personal | E12: 2 Horas | F12: Operario Planta de Orgánicos y Supervisor relleno
C13: Conformacion de Pilas | D13: Tiempo Personal | E13: 2 Horas | F13: Operario Planta de Orgánicos
C14: Apiques de aireación | D14: Tiempo Personal | E14: 2 Horas | F14: Operario Planta de Orgánicos
C20: (1) Los programas de entrenamiento tienen una duración máxima de 2 meses. Las horas asignadas a cada tema podrían ser modificadas de acuerdo con énfasis específicos que se quieran hacer.
C22: OBSERVACIONES DEL LÍDER INMEDIATO SOBRE EL ENTRENAMIENTO
C31: NOMBRE DEL LIDER INMEDIATO | D31: COLABORADOR | F31: FECHA

Sheet MARCOS FABIAN OCAMPO MURILLO
D1: PROGRAMA DE ENTRENAMIENTO | H1: Código: F73 Versión: 1
C7: COLABORADOR | D7: CARGO | F7: PROCESO | H7: FECHA DE INGRESO
C8: MARCOS FABIAN OCAMPO MURILLO | D8: CONDUCTOR CAMIONETA | F8: REDES | H8: FEBRERO 23 DE 2021
C10: TEMA A ENTRENAR | D10: RECURSOS | E10: TIEMPO (1) (horas) | F10: RESPONSABLE DE IMPARTIR EL ENTRENAMIENTO | G10: FECHA / HORA | H10: FIRMA RESPONSABLE DE IMPARTIR EL ENTRENAMIENTO
C11: Rutas de recorridos para las diferentes plantas y direcciones en la zona urbana en el Municipio | D11: Tiempo Personal | E11: 20 Horas | F11: Personal Redes
C12: Manejo de Planilla de programacion de las actividades programadas para desplazamientos en la camioneta | D12: Tiempo Personal | E12: 10 horas | F12: Director tecnico
C13: Inspecciones y revisiones a la camioneta antes de iniciar la labor diaria y su respectivo registro. | D13: Tiempo Personal | E13: 10 horas | F13: Conductor y personal de redes
C14: Manejo de la hoja de vida del vehiculo, con el fin mantenerla actualizada por revisiones y mantenimientos realizados | D14: Tiempo Personal | E14: 16 horas | F14: Director Tecnico y personal de redes
C15: Responsable de mantener en buen estado tanto fisico (lavado) como mecanico del vehiculo. | D15: Tiempo Personal | E15: 8 horas | F15: Conductor y personal de redes
C16: Mantener al orden del dia toda la documentacion (SOAT, Tecnomecanico) del vehiculo | D16: Tiempo Personal | E16: 8 horas | F16: Conductor y personal de redes
C20: (1) Los programas de entrenamiento tienen una duración máxima de 2 meses. Las horas asignadas a cada tema podrían ser modificadas de acuerdo con énfasis específicos que se quieran hacer.
C22: OBSERVACIONES DEL LÍDER INMEDIATO SOBRE EL ENTRENAMIENTO
C31: NOMBRE DEL LIDER INMEDIATO | D31: NOMBRE DEL COLABORADOR | F31: FECHA

Sheet KELLY KATHERINE GUARIN V.
D1: PROGRAMA DE ENTRENAMIENTO | H1: Código: F73 Versión: 1
C7: COLABORADOR | D7: CARGO | F7: PROCESO | H7: FECHA DE INGRESO
C8: KELLY KATHERINE GUARIN VALENCIA | D8: ASISTENTE PQRS | F8: COMERCIAL | H8: FEBRERO 16 DE 2021
C10: TEMA A ENTRENAR | D10: RECURSOS | E10: TIEMPO (1) (horas) | F10: RESPONSABLE DE IMPARTIR EL ENTRENAMIENTO | G10: FECHA / HORA | H10: FIRMA RESPONSABLE DE IMPARTIR EL ENTRENAMIENTO
C11: Proceso de recepcion y respuesta de PQRS a los usuarios. | D11: Tiempo Personal | E11: 15 | F11: Asistente comercial
C12: Rutas de Lectura y entrega de facturas en campo | D12: Tiempo Personal | E12: 10 | F12: Asistente Comercial y Lectores
C13: levantamiento de información del SUI para operador externo que realiza reporte (quejas y reclamos) | D13: Tiempo Personal | E13: 20 | F13: Coordinadora Comercial y Asistente Comercial
C14: Manejo de Codigos y rutas de suscriptores de los servicios de Acueducto y alcantarillado | D14: Tiempo Personal | E14: 10 | F14: Coordinadora Comercial, Lectores y Asistente Comercial
C15: Críticas Aleatorias altos y bajos consumos, medidores frenados, casas solas | D15: Tiempo Personal | E15: 10 | F15: Asistente comercial
C16: Diferenciacion entre peticiones, quejas, reclamos y solicitudes | D16: Tiempo Personal | E16: 5 | F16: Asistente comercial
C17: Manejo del Software SAIMYR | D17: Tiempo Personal | E17: 12 | F17: Coordinadora Comercial y Asistente Comercial
C18: Manejo de Direcciones | D18: Tiempo Personal | E18: 8 | F18: Asistente comercial y lectores
C19: Conocimiento del esquema de prestación de servicios AAA (Funcionamiento del sistema de aforos a grandes generadores, cobros por uso suntuario ) | D19: Tiempo Personal | E19: 8 | F19: Asistente comercial
C20: Manejo y lectura de las facturas de servicios publicos ( ESPA) | D20: Tiempo Personal | E20: 10 | F20: Asistente comercial
C21: Elaboración de informes comparativos de PQRS para control interno | D21: Tiempo Personal | E21: 8 | F21: Asistente comercial
C22: Ley 1755 de 2015, ley 142 de 1994 y plan anticorrupcion | D22: Tiempo Personal | E22: 15 | F22: Coordinadora Comercial y Asistente Comercial
C23: Cargue y descargue de evidencias de solución de PQRS | D23: Tiempo Personal | E23: 10 | F23: Asistente comercial
C24: (1) Los programas de entrenamiento tienen una duración máxima de 2 meses. Las horas asignadas a cada tema podrían ser modificadas de acuerdo con énfasis específicos que se quieran hacer.
C26: OBSERVACIONES DEL LÍDER INMEDIATO SOBRE EL ENTRENAMIENTO
C33: NOMBRE DEL LIDER INMEDIATO | D33: COLABORADOR | F33: FECHA

Sheet ANA MARIA VALENCIA N. (PQRS)
D1: PROGRAMA DE ENTRENAMIENTO | H1: Código: F73 Versión: 1
C7: COLABORADOR | D7: CARGO | F7: PROCESO | H7: FECHA DE INGRESO
C8: ANA MARIA VALENCIA NIETO | D8: ASISTENTE PQRS | F8: COMERCIAL | H8: DICIEMBRE 09 DE 2020
C10: TEMA A ENTRENAR | D10: RECURSOS | E10: TIEMPO (1) (horas) | F10: RESPONSABLE DE IMPARTIR EL ENTRENAMIENTO | G10: FECHA / HORA | H10: FIRMA RESPONSABLE DE IMPARTIR EL ENTRENAMIENTO
C11: Proceso de recepcion y respuesta de PQRS a los usuarios. | D11: Tiempo Personal | E11: 15 | F11: Asistente comercial
C12: Rutas de Lectura y entrega de facturas en campo | D12: Tiempo Personal | E12: 10 | F12: Asistente Comercial y Lectores
C13: levantamiento de información del SUI para operador externo que realiza reporte (quejas y reclamos) | D13: Tiempo Personal | E13: 20 | F13: Coordinadora Comercial y Asistente Comercial
C14: Manejo de Codigos y rutas de suscriptores de los servicios de Acueducto y alcantarillado | D14: Tiempo Personal | E14: 10 | F14: Coordinadora Comercial y Asistente Comercial
C15: Críticas Aleatorias altos y bajos consumos, medidores frenados, casas solas | D15: Tiempo Personal | E15: 10 | F15: Asistente comercial
C16: Diferenciacion entre peticiones, quejas, reclamos y solicitudes | D16: Tiempo Personal | E16: 5 | F16: Asistente comercial
C17: Manejo del Software SAIMYR | D17: Tiempo Personal | E17: 12 | F17: Coordinadora Comercial y Asistente Comercial
C18: Manejo de Direcciones | D18: Tiempo Personal | E18: 8 | F18: Asistente comercial
C19: Conocimiento del esquema de prestación de servicios AAA (Funcionamiento del sistema de aforos a grandes generadores, cobros por uso suntuario ) | D19: Tiempo Personal | E19: 8 | F19: Asistente comercial
C20: Manejo y lectura de las facturas de servicios publicos ( ESPA) | D20: Tiempo Personal | E20: 10 | F20: Asistente comercial
C21: Elaboración de informes comparativos de PQRS para control interno | D21: Tiempo Personal | E21: 8 | F21: Asistente comercial
C22: Ley 1755 de 2015, ley 142 de 1994 y plan anticorrupcion | D22: Tiempo Personal | E22: 15 | F22: Coordinadora Comercial y Asistente Comercial
C23: Cargue y descargue de evidencias de solución de PQRS | D23: Tiempo Personal | E23: 10 | F23: Asistente comercial
C24: (1) Los programas de entrenamiento tienen una duración máxima de 2 meses. Las horas asignadas a cada tema podrían ser modificadas de acuerdo con énfasis específicos que se quieran hacer.
C26: OBSERVACIONES DEL LÍDER INMEDIATO SOBRE EL ENTRENAMIENTO
C33: NOMBRE DEL LIDER INMEDIATO | D33: COLABORADOR | F33: FECHA

Sheet LILIANA MARIA MUÑOZ RUEDA
D1: PROGRAMA DE ENTRENAMIENTO | H1: Código: F73 Versión: 1
C7: COLABORADOR | D7: CARGO | F7: PROCESO | H7: FECHA DE INGRESO
C8: LILIANA MARIA MUÑOZ RUEDA | D8: OPERARIO DE BARRIDO | F8: ASEO | H8: NOVIEMBRE 18 DE 2020
C10: TEMA A ENTRENAR | D10: RECURSOS | E10: TIEMPO (1) (horas) | F10: RESPONSABLE DE IMPARTIR EL ENTRENAMIENTO | G10: FECHA / HORA | H10: FIRMA RESPONSABLE DE IMPARTIR EL ENTRENAMIENTO
C11: Reconocimiento de Rutas de barrido existentes en el Municipio: Calles, Limpeza de cunetas, sumideros, tinacos, andenes, zonas verdes, desyerbe de vías, limpieza de lotes publicos, | D11: Tiempo Personal | E11: 10 Horas | F11: Supervisor de Barrido y/o Operario de Barrido
C12: Lavado de areas publicas y limpieza de zonas rivereñas de quebradas | D12: Tiempo Personal | E12: 3 horas | F12: Supervisor de Barrido y/o Operario de Barrido
C13: Manejo de Herramientas | D13: Tiempo Personal | E13: 1 hora | F13: Supervisor de Barrido y/o Operario de Barrido
C14: Mantenimiento de Jardineras | D14: Tiempo Personal | E14: 1 hora | F14: Supervisor de Barrido y/o Operario de Barrido
C15: Mantenimiento de Tinacos: Reparación, o lavado | D15: Tiempo Personal | E15: 1 hora | F15: Supervisor de Barrido y/o Operario de Barrido
C16: Apoyo servicio de guadañaje | D16: Tiempo Personal | E16: 4 horas | F16: Supervisor de Barrido y/o Operario de Barrido
C17: Cumplimiento de las normas de seguridad, higiene corporal y uso de los EPP. | D17: Tiempo Personal | E17: 6 horas | F17: Supervisor de Barrido y/o Operario de Barrido
C21: (1) Los programas de entrenamiento tienen una duración máxima de 2 meses. Las horas asignadas a cada tema podrían ser modificadas de acuerdo con énfasis específicos que se quieran hacer.
C23: OBSERVACIONES DEL LÍDER INMEDIATO SOBRE EL ENTRENAMIENTO
C32: NOMBRE DEL LIDER INMEDIATO | D32: COLABORADOR | F32: FECHA

Sheet ESPERANZA CEBALLOS GALEANO
D1: PROGRAMA DE ENTRENAMIENTO | H1: Código: F73 Versión: 1
C7: COLABORADOR | D7: CARGO | F7: PROCESO | H7: FECHA DE INGRESO
C8: ESPERANZA DE JESUS CEBALLOS GALEANO | D8: OPERARIO LECTOR | F8: COMERCIAL | H8: SEPTIEMBRE 15 DE 2020
C10: TEMA A ENTRENAR | D10: RECURSOS | E10: TIEMPO (1) (horas) | F10: RESPONSABLE DE IMPARTIR EL ENTRENAMIENTO | G10: FECHA / HORA | H10: FIRMA RESPONSABLE DE IMPARTIR EL ENTRENAMIENTO
C11: Rutas de Lectura y entrega de facturas en campo | D11: Tiempo Personal | E11: 120 horas | F11: Operaria Lectora
C12: Manejo del Celu Web | D12: Celuweb, Tiempo Personal | E12: 9 horas | F12: Operaria Lectora
C13: Lectura de Medidores | D13: Celuweb, Tiempo Personal | E13: 8 horas | F13: Operaria Lectora
C14: Manejo de Codigos | D14: Tiempo Personal | E14: 8 horas | F14: Operaria Lectora
C15: Cambios de Medidores | D15: Tiempo Personal | E15: 64 horas | F15: Operaria Lectora
C16: Suspensiones y Reinstalaciones | D16: Tiempo Personal | E16: 74 horas | F16: Operaria Lectora
C17: Críticas Aleatorias altos y bajos consumos, medidores frenados, casas solas | D17: Tiempo Personal | E17: 40 horas | F17: Operaria Lectora
C18: Revisiones Previas: Por debido proceso | D18: Tiempo Personal | E18: 40 horas | F18: Operaria Lectora
C20: (1) Los programas de entrenamiento tienen una duración máxima de 2 meses. Las horas asignadas a cada tema podrían ser modificadas de acuerdo con énfasis específicos que se quieran hacer.
C22: OBSERVACIONES DEL LÍDER INMEDIATO SOBRE EL ENTRENAMIENTO
C31: NOMBRE DEL LIDER INMEDIATO | D31: NOMBRE DEL COLABORADOR | F31: FECHA

Sheet JUAN CAMILO FLOREZ H.
D1: PROGRAMA DE ENTRENAMIENTO | H1: Código: F73 Versión: 1
C7: COLABORADOR | D7: CARGO | F7: PROCESO | H7: FECHA DE INGRESO
C8: JUAN CAMILO FLOREZ HERNANDEZ | D8: OPERARIO LECTOR | F8: COMERCIAL | H8: JULIO 27 DE 2020
C10: TEMA A ENTRENAR | D10: RECURSOS | E10: TIEMPO (1) (horas) | F10: RESPONSABLE DE IMPARTIR EL ENTRENAMIENTO | G10: FECHA / HORA | H10: FIRMA RESPONSABLE DE IMPARTIR EL ENTRENAMIENTO
C11: Rutas de Lectura y entrega de facturas en campo | D11: Tiempo Personal | E11: 120 horas | F11: Operaria Lectora
C12: Manejo del Celu Web | D12: Celuweb, Tiempo Personal | E12: 9 horas | F12: Operaria Lectora
C13: Lectura de Medidores | D13: Celuweb, Tiempo Personal | E13: 8 horas | F13: Operaria Lectora
C14: Manejo de Codigos | D14: Tiempo Personal | E14: 8 horas | F14: Operaria Lectora
C15: Cambios de Medidores | D15: Tiempo Personal | E15: 64 horas | F15: Operaria Lectora
C16: Suspensiones y Reinstalaciones | D16: Tiempo Personal | E16: 74 horas | F16: Operaria Lectora
C17: Críticas Aleatorias altos y bajos consumos, medidores frenados, casas solas | D17: Tiempo Personal | E17: 40 horas | F17: Operaria Lectora
C18: Revisiones Previas: Por debido proceso | D18: Tiempo Personal | E18: 40 horas | F18: Operaria Lectora
C20: (1) Los programas de entrenamiento tienen una duración máxima de 2 meses. Las horas asignadas a cada tema podrían ser modificadas de acuerdo con énfasis específicos que se quieran hacer.
C22: OBSERVACIONES DEL LÍDER INMEDIATO SOBRE EL ENTRENAMIENTO
C31: NOMBRE DEL LIDER INMEDIATO | D31: NOMBRE DEL COLABORADOR | F31: FECHA

Sheet JAIME MATOS DURANGO
D1: PROGRAMA DE ENTRENAMIENTO | H1: Código: F73 Versión: 1
C7: COLABORADOR | D7: CARGO | F7: PROCESO | H7: FECHA DE INGRESO
C8: JAIME MATOS DURANGO | D8: OPERARIO DE RECOLECCION | F8: ASEO | H8: JULIO 27 DE 2020
C9: TEMA A ENTRENAR | D9: RECURSOS | E9: TIEMPO (1) (horas) | F9: RESPONSABLE DE IMPARTIR EL ENTRENAMIENTO | G9: FECHA / HORA | H9: FIRMA RESPONSABLE DE IMPARTIR EL ENTRENAMIENTO
C10: Rutas de Recolección de residuos organicos e inorgánicos y cuidados en vias publicas y carro recolector | D10: Tiempo Personal | E10: 16 horas | F10: Operario de Recolección
C11: ='MATRIZ DE ENTRENAMIENTO '!B26 -> Manejo y Operación del Relleno Sanitario: Recorrido, Uso de EPP | D11: ='MATRIZ DE ENTRENAMIENTO '!C26 -> Tiempo Personal | E11: ='MATRIZ DE ENTRENAMIENTO '!D26 -> 2 horas | F11: Operario de Recolección
C12: Guadañaje y planteo y poda de arboles | D12: ='MATRIZ DE ENTRENAMIENTO '!C27 -> Tiempo Personal | E12: ='MATRIZ DE ENTRENAMIENTO '!D27 -> 16 horas | F12: Operario de Recolección
C13: ='MATRIZ DE ENTRENAMIENTO '!B29 -> Limpieza de Cunetas y/o desagues | D13: ='MATRIZ DE ENTRENAMIENTO '!C29 -> Tiempo Personal | E13: ='MATRIZ DE ENTRENAMIENTO '!D29 -> 1 hora | F13: Operario de Recolección
C14: ='MATRIZ DE ENTRENAMIENTO '!B31 -> Conformación de Chimeneas | D14: ='MATRIZ DE ENTRENAMIENTO '!C31 -> Tiempo Personal | E14: ='MATRIZ DE ENTRENAMIENTO '!D31 -> 1 Hora | F14: Operario de Recolección
C15: ='MATRIZ DE ENTRENAMIENTO '!B33 -> Mantenimiento de la Vía de Entrada con sus respectivos desagues | D15: ='MATRIZ DE ENTRENAMIENTO '!C33 -> Tiempo Personal | E15: ='MATRIZ DE ENTRENAMIENTO '!D33 -> 1 hora | F15: Operario de Recolección
C16: ='MATRIZ DE ENTRENAMIENTO '!B34 -> Mantenimiento de la lona | D16: ='MATRIZ DE ENTRENAMIENTO '!C34 -> Tiempo Personal | E16: ='MATRIZ DE ENTRENAMIENTO '!D34 -> 2 Horas | F16: Operario de Recolección
C17: ='MATRIZ DE ENTRENAMIENTO '!B35 -> Manejo de Compactador en plataforma y en planta de Orgánicos | D17: ='MATRIZ DE ENTRENAMIENTO '!C35 -> Tiempo Personal | E17: ='MATRIZ DE ENTRENAMIENTO '!D35 -> 1 hora | F17: Operario de Recolección
C18: ='MATRIZ DE ENTRENAMIENTO '!B36 -> Separación de Material Organico, conformación de pilas, apiques a las pilas. | D18: ='MATRIZ DE ENTRENAMIENTO '!C36 -> Tiempo Personal | E18: ='MATRIZ DE ENTRENAMIENTO '!D36 -> 8 horas | F18: Operario de Recolección
C19: ='MATRIZ DE ENTRENAMIENTO '!B37 -> Manejo de la Planta de lixiviados | D19: ='MATRIZ DE ENTRENAMIENTO '!C37 -> Tiempo Personal | E19: ='MATRIZ DE ENTRENAMIENTO '!D37 -> 8 horas | F19: Operario de Recolección
C20: Rutas de Recolección organicos e inorgánicos donde no ingresa el vehículo | D20: Tiempo Personal | E20: 8 horas | F20: Operario de Recolección
C21: Precauciones de Manipulacion de Residuos Solidos | D21: Tiempo Personal | E21: 1 Horas | F21: Operario de Recolección
C22: Manejo de Cajas Estacionarias | D22: Tiempo Personal | E22: 1 Horas | F22: Operario de Recolección
C23: (1) Los programas de entrenamiento tienen una duración máxima de 2 meses. Las horas asignadas a cada tema podrían ser modificadas de acuerdo con énfasis específicos que se quieran hacer.
C25: OBSERVACIONES DEL LÍDER INMEDIATO SOBRE EL ENTRENAMIENTO
C29: NOMBRE DEL LIDER INMEDIATO | D29: NOMBRE DEL COLABORADOR | F29: FECHA

Sheet JUAN PABLO HINCAPIE G.
D1: PROGRAMA DE ENTRENAMIENTO | H1: Código: F73 Versión: 1
C7: COLABORADOR | D7: CARGO | F7: PROCESO | H7: FECHA DE INGRESO
C8: JUAN PABLO HINCAPIE GALVIS | D8: OPERARIO DE RECOLECCION | F8: ASEO | H8: JULIO 27 DE 2020
C9: TEMA A ENTRENAR | D9: RECURSOS | E9: TIEMPO (1) (horas) | F9: RESPONSABLE DE IMPARTIR EL ENTRENAMIENTO | G9: FECHA / HORA | H9: FIRMA RESPONSABLE DE IMPARTIR EL ENTRENAMIENTO
C10: Rutas de Recolección de residuos organicos e inorgánicos y cuidados en vias publicas y carro recolector | D10: Tiempo Personal | E10: 16 horas | F10: Operario de Recolección
C11: ='MATRIZ DE ENTRENAMIENTO '!B26 -> Manejo y Operación del Relleno Sanitario: Recorrido, Uso de EPP | D11: ='MATRIZ DE ENTRENAMIENTO '!C26 -> Tiempo Personal | E11: ='MATRIZ DE ENTRENAMIENTO '!D26 -> 2 horas | F11: Operario de Recolección
C12: Guadañaje y planteo y poda de arboles | D12: ='MATRIZ DE ENTRENAMIENTO '!C27 -> Tiempo Personal | E12: ='MATRIZ DE ENTRENAMIENTO '!D27 -> 16 horas | F12: Operario de Recolección
C13: ='MATRIZ DE ENTRENAMIENTO '!B29 -> Limpieza de Cunetas y/o desagues | D13: ='MATRIZ DE ENTRENAMIENTO '!C29 -> Tiempo Personal | E13: ='MATRIZ DE ENTRENAMIENTO '!D29 -> 1 hora | F13: Operario de Recolección
C14: ='MATRIZ DE ENTRENAMIENTO '!B31 -> Conformación de Chimeneas | D14: ='MATRIZ DE ENTRENAMIENTO '!C31 -> Tiempo Personal | E14: ='MATRIZ DE ENTRENAMIENTO '!D31 -> 1 Hora | F14: Operario de Recolección
C15: ='MATRIZ DE ENTRENAMIENTO '!B33 -> Mantenimiento de la Vía de Entrada con sus respectivos desagues | D15: ='MATRIZ DE ENTRENAMIENTO '!C33 -> Tiempo Personal | E15: ='MATRIZ DE ENTRENAMIENTO '!D33 -> 1 hora | F15: Operario de Recolección
C16: ='MATRIZ DE ENTRENAMIENTO '!B34 -> Mantenimiento de la lona | D16: ='MATRIZ DE ENTRENAMIENTO '!C34 -> Tiempo Personal | E16: ='MATRIZ DE ENTRENAMIENTO '!D34 -> 2 Horas | F16: Operario de Recolección
C17: ='MATRIZ DE ENTRENAMIENTO '!B35 -> Manejo de Compactador en plataforma y en planta de Orgánicos | D17: ='MATRIZ DE ENTRENAMIENTO '!C35 -> Tiempo Personal | E17: ='MATRIZ DE ENTRENAMIENTO '!D35 -> 1 hora | F17: Operario de Recolección
C18: ='MATRIZ DE ENTRENAMIENTO '!B36 -> Separación de Material Organico, conformación de pilas, apiques a las pilas. | D18: ='MATRIZ DE ENTRENAMIENTO '!C36 -> Tiempo Personal | E18: ='MATRIZ DE ENTRENAMIENTO '!D36 -> 8 horas | F18: Operario de Recolección
C19: ='MATRIZ DE ENTRENAMIENTO '!B37 -> Manejo de la Planta de lixiviados | D19: ='MATRIZ DE ENTRENAMIENTO '!C37 -> Tiempo Personal | E19: ='MATRIZ DE ENTRENAMIENTO '!D37 -> 8 horas | F19: Operario de Recolección
C20: Rutas de Recolección organicos e inorgánicos donde no ingresa el vehículo | D20: Tiempo Personal | E20: 8 horas | F20: Operario de Recolección
C21: Precauciones de Manipulacion de Residuos Solidos | D21: Tiempo Personal | E21: 1 Horas | F21: Operario de Recolección
C22: Manejo de Cajas Estacionarias | D22: Tiempo Personal | E22: 1 Horas | F22: Operario de Recolección
C23: (1) Los programas de entrenamiento tienen una duración máxima de 2 meses. Las horas asignadas a cada tema podrían ser modificadas de acuerdo con énfasis específicos que se quieran hacer.
C25: OBSERVACIONES DEL LÍDER INMEDIATO SOBRE EL ENTRENAMIENTO
C29: NOMBRE DEL LIDER INMEDIATO | D29: NOMBRE DEL COLABORADOR | F29: FECHA

Sheet CARLOS HUMBERTO HOLGUIN ZULUAGA
D1: PROGRAMA DE ENTRENAMIENTO | H1: Código: F73 Versión: 1
C7: COLABORADOR | D7: CARGO | F7: PROCESO | H7: FECHA DE INGRESO
C8: CARLOS HUMBERTO HOLGUIN ZULUAGA | D8: OPERARIO DE RECOLECCION | F8: ASEO | H8: JUNIO 20 DE 2020
C10: TEMA A ENTRENAR | D10: RECURSOS | E10: TIEMPO (1) (horas) | F10: RESPONSABLE DE IMPARTIR EL ENTRENAMIENTO | G10: FECHA / HORA | H10: FIRMA RESPONSABLE DE IMPARTIR EL ENTRENAMIENTO
C11: Rutas de Recolección de residuos organicos e inorgánicos y cuidados en vias publicas y carro recolector | D11: Tiempo Personal | E11: 16 horas | F11: Operario de Recolección
C12: ='MATRIZ DE ENTRENAMIENTO '!B26 -> Manejo y Operación del Relleno Sanitario: Recorrido, Uso de EPP | D12: ='MATRIZ DE ENTRENAMIENTO '!C26 -> Tiempo Personal | E12: ='MATRIZ DE ENTRENAMIENTO '!D26 -> 2 horas | F12: Operario de Recolección
C13: Guadañaje y planteo y poda de arboles | D13: ='MATRIZ DE ENTRENAMIENTO '!C27 -> Tiempo Personal | E13: ='MATRIZ DE ENTRENAMIENTO '!D27 -> 16 horas | F13: Operario de Recolección
C14: ='MATRIZ DE ENTRENAMIENTO '!B29 -> Limpieza de Cunetas y/o desagues | D14: ='MATRIZ DE ENTRENAMIENTO '!C29 -> Tiempo Personal | E14: ='MATRIZ DE ENTRENAMIENTO '!D29 -> 1 hora | F14: Operario de Recolección
C15: ='MATRIZ DE ENTRENAMIENTO '!B31 -> Conformación de Chimeneas | D15: ='MATRIZ DE ENTRENAMIENTO '!C31 -> Tiempo Personal | E15: ='MATRIZ DE ENTRENAMIENTO '!D31 -> 1 Hora | F15: Operario de Recolección
C16: ='MATRIZ DE ENTRENAMIENTO '!B33 -> Mantenimiento de la Vía de Entrada con sus respectivos desagues | D16: ='MATRIZ DE ENTRENAMIENTO '!C33 -> Tiempo Personal | E16: ='MATRIZ DE ENTRENAMIENTO '!D33 -> 1 hora | F16: Operario de Recolección
C17: ='MATRIZ DE ENTRENAMIENTO '!B34 -> Mantenimiento de la lona | D17: ='MATRIZ DE ENTRENAMIENTO '!C34 -> Tiempo Personal | E17: ='MATRIZ DE ENTRENAMIENTO '!D34 -> 2 Horas | F17: Operario de Recolección
C18: ='MATRIZ DE ENTRENAMIENTO '!B35 -> Manejo de Compactador en plataforma y en planta de Orgánicos | D18: ='MATRIZ DE ENTRENAMIENTO '!C35 -> Tiempo Personal | E18: ='MATRIZ DE ENTRENAMIENTO '!D35 -> 1 hora | F18: Operario de Recolección
C19: ='MATRIZ DE ENTRENAMIENTO '!B36 -> Separación de Material Organico, conformación de pilas, apiques a las pilas. | D19: ='MATRIZ DE ENTRENAMIENTO '!C36 -> Tiempo Personal | E19: ='MATRIZ DE ENTRENAMIENTO '!D36 -> 8 horas | F19: Operario de Recolección
C20: ='MATRIZ DE ENTRENAMIENTO '!B37 -> Manejo de la Planta de lixiviados | D20: ='MATRIZ DE ENTRENAMIENTO '!C37 -> Tiempo Personal | E20: ='MATRIZ DE ENTRENAMIENTO '!D37 -> 8 horas | F20: Operario de Recolección
C21: Rutas de Recolección organicos e inorgánicos donde no ingresa el vehículo | D21: Tiempo Personal | E21: 8 horas | F21: Operario de Recolección
C22: Precauciones de Manipulacion de Residuos Solidos | D22: Tiempo Personal | E22: 1 Horas | F22: Operario de Recolección
C23: Manejo de Cajas Estacionarias | D23: Tiempo Personal | E23: 1 Horas | F23: Operario de Recolección
C24: (1) Los programas de entrenamiento tienen una duración máxima de 2 meses. Las horas asignadas a cada tema podrían ser modificadas de acuerdo con énfasis específicos que se quieran hacer.
C26: OBSERVACIONES DEL LÍDER INMEDIATO SOBRE EL ENTRENAMIENTO
C30: NOMBRE DEL LIDER INMEDIATO | D30: NOMBRE DEL COLABORADOR | F30: FECHA

Sheet JUAN CARLOS VALENCIA QUINTERO
D1: PROGRAMA DE ENTRENAMIENTO | H1: Código: F73 Versión: 1
C7: COLABORADOR | D7: CARGO | F7: PROCESO | H7: FECHA DE INGRESO
C8: JUAN CARLOS VALENCIA QUINTERO | D8: OPERARIO DE BARRIDO | F8: ASEO | H8: JUNIO 23 DE 2020
C10: TEMA A ENTRENAR | D10: RECURSOS | E10: TIEMPO (1) (horas) | F10: RESPONSABLE DE IMPARTIR EL ENTRENAMIENTO | G10: FECHA / HORA | H10: FIRMA RESPONSABLE DE IMPARTIR EL ENTRENAMIENTO
C11: Reconocimiento de Rutas de barrido existentes en el Municipio: Calles, Limpeza de cunetas, sumideros, tinacos, andenes, zonas verdes, desyerbe de vías, limpieza de lotes publicos, | D11: Tiempo Personal | E11: 10 Horas | F11: Supervisor de Barrido y/o Operario de Barrido
C12: Lavado de areas publicas y limpieza de zonas rivereñas de quebradas | D12: Tiempo Personal | E12: 3 horas | F12: Supervisor de Barrido y/o Operario de Barrido
C13: Manejo de Herramientas | D13: Tiempo Personal | E13: 1 hora | F13: Supervisor de Barrido y/o Operario de Barrido
C14: Mantenimiento de Jardineras | D14: Tiempo Personal | E14: 1 hora | F14: Supervisor de Barrido y/o Operario de Barrido
C15: Mantenimiento de Tinacos: Reparación, o lavado | D15: Tiempo Personal | E15: 1 hora | F15: Supervisor de Barrido y/o Operario de Barrido
C16: Apoyo servicio de guadañaje | D16: Tiempo Personal | E16: 4 horas | F16: Supervisor de Barrido y/o Operario de Barrido
C21: (1) Los programas de entrenamiento tienen una duración máxima de 2 meses. Las horas asignadas a cada tema podrían ser modificadas de acuerdo con énfasis específicos que se quieran hacer.
C23: OBSERVACIONES DEL LÍDER INMEDIATO SOBRE EL ENTRENAMIENTO
C32: NOMBRE DEL LIDER INMEDIATO | D32: COLABORADOR | F32: FECHA

Sheet WALTER ALZATE SUAREZ
D1: PROGRAMA DE ENTRENAMIENTO | H1: Código: F73 Versión: 1
C7: COLABORADOR | D7: CARGO | F7: PROCESO | H7: FECHA DE INGRESO
C8: WALTER ALZATE SUAREZ | D8: OPERARIO LECTOR | F8: COMERCIAL | H8: MAYO 19 DE 2020
C10: TEMA A ENTRENAR | D10: RECURSOS | E10: TIEMPO (1) (horas) | F10: RESPONSABLE DE IMPARTIR EL ENTRENAMIENTO | G10: FECHA / HORA | H10: FIRMA RESPONSABLE DE IMPARTIR EL ENTRENAMIENTO
C11: Rutas de Lectura y entrega de facturas en campo | D11: Tiempo Personal | E11: 120 horas | F11: Operaria Lectora
C12: Manejo del Celu Web | D12: Celuweb, Tiempo Personal | E12: 9 horas | F12: Operaria Lectora
C13: Lectura de Medidores | D13: Celuweb, Tiempo Personal | E13: 8 horas | F13: Operaria Lectora
C14: Manejo de Codigos | D14: Tiempo Personal | E14: 8 horas | F14: Operaria Lectora
C15: Cambios de Medidores | D15: Tiempo Personal | E15: 64 horas | F15: Operaria Lectora
C16: Suspensiones y Reinstalaciones | D16: Tiempo Personal | E16: 74 horas | F16: Operaria Lectora
C17: Críticas Aleatorias altos y bajos consumos, medidores frenados, casas solas | D17: Tiempo Personal | E17: 40 horas | F17: Operaria Lectora
C18: Revisiones Previas: Por debido proceso | D18: Tiempo Personal | E18: 40 horas | F18: Operaria Lectora
C20: (1) Los programas de entrenamiento tienen una duración máxima de 2 meses. Las horas asignadas a cada tema podrían ser modificadas de acuerdo con énfasis específicos que se quieran hacer.
C22: OBSERVACIONES DEL LÍDER INMEDIATO SOBRE EL ENTRENAMIENTO
C31: NOMBRE DEL LIDER INMEDIATO | D31: NOMBRE DEL COLABORADOR | F31: FECHA

Sheet NURY CONSUELO RICO FLOREZ
D1: PROGRAMA DE ENTRENAMIENTO | H1: Código: F73 Versión: 1
C7: COLABORADOR | D7: CARGO | F7: PROCESO | H7: FECHA DE INGRESO
C8: NURY CONSUELO RICO FLOREZ | D8: OPERARIO DE BARRIDO | F8: ASEO | H8: MAYO 19 DE 2020
C10: TEMA A ENTRENAR | D10: RECURSOS | E10: TIEMPO (1) (horas) | F10: RESPONSABLE DE IMPARTIR EL ENTRENAMIENTO | G10: FECHA / HORA | H10: FIRMA RESPONSABLE DE IMPARTIR EL ENTRENAMIENTO
C11: Reconocimiento de Rutas de barrido existentes en el Municipio: Calles, Limpeza de cunetas, sumideros, tinacos, andenes, zonas verdes, desyerbe de vías, limpieza de lotes publicos, | D11: Tiempo Personal | E11: 2 Horas | F11: Operario de Barrido
C12: Manejo de Herramientas | D12: Tiempo Personal | E12: 1 hora | F12: Operario de Barrido
C13: Mantenimiento de Jardineras | D13: Tiempo Personal | E13: 1 hora | F13: Operario de Barrido
C14: Mantenimiento de Tinacos: Reparación, o lavado | D14: Tiempo Personal | E14: 1 hora | F14: Operario de Barrido
C20: (1) Los programas de entrenamiento tienen una duración máxima de 2 meses. Las horas asignadas a cada tema podrían ser modificadas de acuerdo con énfasis específicos que se quieran hacer.
C22: OBSERVACIONES DEL LÍDER INMEDIATO SOBRE EL ENTRENAMIENTO
C31: NOMBRE DEL LIDER INMEDIATO | D31: COLABORADOR | F31: FECHA

Sheet DUBIAN ALIRIO OROZCO CARDONA
D1: PROGRAMA DE ENTRENAMIENTO | H1: Código: F73 Versión: 1
C7: COLABORADOR | D7: CARGO | F7: PROCESO | H7: FECHA DE INGRESO
C8: DUBIAN ALIRIO OROZCO CARDONA | D8: OFICIAL DE SEGUNDA | F8: ACUEDUCTO Y ALCANTARILLADO | H8: ABRIL 27 DE 2020
C10: TEMA A ENTRENAR | D10: RECURSOS | E10: TIEMPO (1) (horas) | F10: RESPONSABLE DE IMPARTIR EL ENTRENAMIENTO | G10: FECHA / HORA | H10: FIRMA RESPONSABLE DE IMPARTIR EL ENTRENAMIENTO
C11: Instalaciones Nuevas: Solicitud al usuario de Materiales Apertura de brecha Instalacion de Tubería y Medidor Verificacion de Funcionamiento Apertura de valvulas para revisión | D11: Herramientas, y Equipos Tiempo Personal | E11: 1 hora | F11: Oficial de Primera
C12: Cortes, Suspensiones y Reconexiones: Suspensión del servicio Extraccion de Medidor y tapón de Tubería Retiro de Tapón y Verificacion de Funcionamiento | D12: Herramientas, y Equipos Tiempo Personal | E12: 2 Horas | F12: Oficial de Primera
C13: Daños u Obstrucción de alcantarillado: Revision de MHs Si hay Obstruccion: Uso de Tira buzon, varillas o bactor Si es daño: Excavación y enmienda del tubo averiado o cambio. Verificación Tapado de Excavación | D13: Herramientas, y Equipos Tiempo Personal | E13: 8 horas | F13: Oficial de Primera
C14: Daños de Acueducto: Medidores Redes Principales Domiciliarias | D14: Herramientas, y Equipos Tiempo Personal | E14: 16 horas | F14: Oficial de Primera
C15: Mantenimiento de Hidrantes: Apertura y Cierre para evitar golpe de ariete y fugas | D15: Herramientas, y Equipos Tiempo Personal | E15: 3 horas | F15: Oficial de Primera
C16: Inspección Mantenimiento a Cajas de Valvulas: Limpieza por sedimientación | D16: Herramientas, y Equipos Tiempo Personal | E16: 1 hora | F16: Oficial de Primera
C17: Mantenimiento a Cajas de Inspección aguas Negras: Destape, Ingreso y limpieza de Arenas | D17: Herramientas, y Equipos Tiempo Personal | E17: 2 Horas | F17: Oficial de Primera
C18: Pictometria: Pruebas de presion en las redes, Manejo de manometro, revisión de Cajas de Muestreo | D18: Herramientas, y Equipos Tiempo Personal | E18: 0.5 horas | F18: Oficial de Primera
C19: Limpieza de Aliviaderos: Sacar sedimentos de 5 aliviaderos, según temporada de lluvias | D19: Herramientas, y Equipos Tiempo Personal | E19: 3 horas | F19: Oficial de Primera
C20: Expansión de Redes de Acueducto: Instalación de Tuberias y Futuras de Acueducto, Verificacion de Funcionamiento y Ajuste | D20: Herramientas, y Equipos Tiempo Personal | E20: 24 Horas | F20: Oficial de Primera
C21: (1) Los programas de entrenamiento tienen una duración máxima de 2 meses. Las horas asignadas a cada tema podrían ser modificadas de acuerdo con énfasis específicos que se quieran hacer.
C23: OBSERVACIONES DEL LÍDER INMEDIATO SOBRE EL ENTRENAMIENTO
C26: NOMBRE DEL LIDER INMEDIATO | D26: NOMBRE DEL COLABORADOR | F26: FECHA

Sheet CARLOS URIEL GIRALDO ZULUAGA
D1: PROGRAMA DE ENTRENAMIENTO | H1: Código: F73 Versión: 1
C7: COLABORADOR | D7: CARGO | F7: PROCESO | H7: FECHA DE INGRESO
C8: CARLOS URIEL GIRALDO ZULUAGA | D8: SUPERVISOR DE BARRIDO | F8: ASEO | H8: ABRIL 15 DE 2020
C10: TEMA A ENTRENAR | D10: RECURSOS | E10: TIEMPO (1) (horas) | F10: RESPONSABLE DE IMPARTIR EL ENTRENAMIENTO | G10: FECHA / HORA | H10: FIRMA RESPONSABLE DE IMPARTIR EL ENTRENAMIENTO
C11: Reconocimiento de Rutas de barrido existentes en el Municipio | D11: Moto Carguero | E11: 51 horas | F11: Supervisor de Barrido Saliente
C12: Inventario de activos | D12: Tiempo Personal | E12: 8 horas | F12: Supervisor de Barrido Saliente
C13: Manejo de Documentación: Planilla de seguimiento y control de rutas, planilla de horarios, control de residuos, Registro de residuos cantidad y peso, Registro de Mnatenimiento de Tinacos, Registro de poda de zonas Verdes, Planillas de entrega de EPP y herramientas de Trabajo, Planilla de prestamos de Carpa, Registro de pago de nómina | D13: Tiempo Personal | E13: 20 horas | F13: Supervisor de Barrido Saliente
C14: Mantenimiento de Tinacos: Reparación, o lavado | D14: Tiempo Personal | E14: 1 hora | F14: Operario de Barrido
C15: Aspectos que se deben supervisar en las rutas a los operarios de barrido | D15: Tiempo Personal | E15: 8 | F15: Supervisor de Barrido Saliente
C20: (1) Los programas de entrenamiento tienen una duración máxima de 2 meses. Las horas asignadas a cada tema podrían ser modificadas de acuerdo con énfasis específicos que se quieran hacer.
C22: OBSERVACIONES DEL LÍDER INMEDIATO SOBRE EL ENTRENAMIENTO
C31: NOMBRE DEL LIDER INMEDIATO | D31: COLABORADOR | F31: FECHA

Sheet GERARDO ANTONIO HERNANDEZ J.
D1: PROGRAMA DE ENTRENAMIENTO | H1: Código: F73 Versión: 1
C7: COLABORADOR | D7: CARGO | F7: PROCESO | H7: FECHA DE INGRESO
C8: GERARDO ANTONIO HERNANDEZ JARAMILLO | D8: OPERARIO DE BARRIDO | F8: ASEO | H8: ABRIL 13 DE 2020
C10: TEMA A ENTRENAR | D10: RECURSOS | E10: TIEMPO (1) (horas) | F10: RESPONSABLE DE IMPARTIR EL ENTRENAMIENTO | G10: FECHA / HORA | H10: FIRMA RESPONSABLE DE IMPARTIR EL ENTRENAMIENTO
C11: Reconocimiento de Rutas de barrido existentes en el Municipio: Calles, Limpeza de cunetas, sumideros, tinacos, andenes, zonas verdes, desyerbe de vías, limpieza de lotes publicos, | D11: Tiempo Personal | E11: 2 Horas | F11: Operario de Barrido
C12: Manejo de Herramientas | D12: Tiempo Personal | E12: 1 hora | F12: Operario de Barrido
C13: Mantenimiento de Jardineras | D13: Tiempo Personal | E13: 1 hora | F13: Operario de Barrido
C14: Mantenimiento de Tinacos: Reparación, o lavado | D14: Tiempo Personal | E14: 1 hora | F14: Operario de Barrido
C20: (1) Los programas de entrenamiento tienen una duración máxima de 2 meses. Las horas asignadas a cada tema podrían ser modificadas de acuerdo con énfasis específicos que se quieran hacer.
C22: OBSERVACIONES DEL LÍDER INMEDIATO SOBRE EL ENTRENAMIENTO
C31: NOMBRE DEL LIDER INMEDIATO | D31: COLABORADOR | F31: FECHA

Sheet JAZMIN CRISTINA GARCIA
D1: PROGRAMA DE ENTRENAMIENTO | H1: Código: F73 Versión: 1
C7: COLABORADOR | D7: CARGO | F7: PROCESO | H7: FECHA DE INGRESO
C8: JAZMIN CRISTINA GARCIA GARCIA | D8: ASISTENTE DE BIENES Y COMPRAS | F8: CONTABLE Y PRESUPUESTAL | H8: MARZO 12 DE 2020
C10: TEMA A ENTRENAR | D10: RECURSOS | E10: TIEMPO (1) (horas) | F10: RESPONSABLE DE IMPARTIR EL ENTRENAMIENTO | G10: FECHA / HORA | H10: FIRMA RESPONSABLE DE IMPARTIR EL ENTRENAMIENTO
C11: Manual de bienes Compras y Suministros | D11: Tiempo Personal | E11: 8 Horas | F11: Jefe Contable
C12: Toma de Inventarios: Suministros y Activos | D12: Tiempo Personal | E12: 1 horas | F12: Jefe Contable
C13: Toma de Pedidos | D13: Tiempo Personal | E13: 5 horas | F13: Jefe Contable
C14: Contratacion y supervisión | D14: Tiempo Personal | E14: 16 horas | F14: Director administrativo
C15: Manejo del aplicativo SAYMIR | D15: Tiempo Personal | E15: 10 horas | F15: Jefe Contable
C20: (1) Los programas de entrenamiento tienen una duración máxima de 2 meses. Las horas asignadas a cada tema podrían ser modificadas de acuerdo con énfasis específicos que se quieran hacer.
C22: OBSERVACIONES DEL LÍDER INMEDIATO SOBRE EL ENTRENAMIENTO
C31: NOMBRE DEL LIDER INMEDIATO | D31: COLABORADOR | F31: FECHA

Sheet ELKIN FERNANDO GALVIS CASTRO
D1: PROGRAMA DE ENTRENAMIENTO | H1: Código: F73 Versión: 1
C7: COLABORADOR | D7: CARGO | F7: PROCESO | H7: FECHA DE INGRESO
C8: ELKIN FERNANDO GALVIS CASTRO | D8: CONDUCTOR MOTOCARGUERO | F8: ASEO | H8: MARZO 16 DE 2020
C10: TEMA A ENTRENAR | D10: RECURSOS | E10: TIEMPO (1) (horas) | F10: RESPONSABLE DE IMPARTIR EL ENTRENAMIENTO | G10: FECHA / HORA | H10: FIRMA RESPONSABLE DE IMPARTIR EL ENTRENAMIENTO
C11: Verificación de las condiciones mecánicas de la unidad de transporte a su cargo, vigilando que sean las adecuadas para el uso normal del vehículo. | D11: Tiempo Personal | E11: 2 | F11: Conductor Motocarguero
C12: Consulta de la programación diaria asignada por su jefe inmediato segun el cronograma. | E12: 2 | F12: Supervisor Barrido
C13: Reconocimiento de rutas de recolección y frentes de trabajo de podas y jardinería | E13: 1 | F13: Conductor Motocarguero
C14: Atención a los requerimientos del PESV | E14: 1 | F14: conductor motocarguero y Supervisor de Barrido
C15: Custodia y uso adecuado del vehiculo | E15: 1 | F15: Conductor Motocarguero
C18: (1) Los programas de entrenamiento tienen una duración máxima de 2 meses. Las horas asignadas a cada tema podrían ser modificadas de acuerdo con énfasis específicos que se quieran hacer.
C20: OBSERVACIONES DEL LÍDER INMEDIATO SOBRE EL ENTRENAMIENTO
C29: NOMBRE DEL LIDER INMEDIATO | D29: NOMBRE DEL COLABORADOR | F29: FECHA

Sheet LUIS FERNANDO ARBELAEZ
D1: PROGRAMA DE ENTRENAMIENTO | H1: Código: F73 Versión: 1
C7: COLABORADOR | D7: CARGO | F7: PROCESO | H7: FECHA DE INGRESO
C8: LUIS FERNANDO ARBELAEZ MUÑOZ | D8: CONDUCTOR CAMIONETA | F8: REDES | H8: MARZO 05 DE 2020
C10: TEMA A ENTRENAR | D10: RECURSOS | E10: TIEMPO (1) (horas) | F10: RESPONSABLE DE IMPARTIR EL ENTRENAMIENTO | G10: FECHA / HORA | H10: FIRMA RESPONSABLE DE IMPARTIR EL ENTRENAMIENTO
C11: Rutas de recorridos para las diferentes plantas y direcciones en la zona urbana en el Municipio | D11: Tiempo Personal | E11: 64 Horas | F11: Conductor
C12: Manejo de Planilla de programacion de las actividades programadas para desplazamientos en la camioneta | D12: Tiempo Personal | E12: 64 horas | F12: Conductor
C13: Inspecciones y revisiones a la camioneta antes de inicial la labor diaria y su respectivo registro. | D13: Tiempo Personal | E13: 16 horas | F13: Conductor
C14: Manejo de la hoja de vida del vehiculo, con el fin mantenerla actualizada por revisiones y mantenimientos realizados | D14: Tiempo Personal | E14: 16 horas | F14: conductor
C20: (1) Los programas de entrenamiento tienen una duración máxima de 2 meses. Las horas asignadas a cada tema podrían ser modificadas de acuerdo con énfasis específicos que se quieran hacer.
C22: OBSERVACIONES DEL LÍDER INMEDIATO SOBRE EL ENTRENAMIENTO
C31: NOMBRE DEL LIDER INMEDIATO | D31: NOMBRE DEL COLABORADOR | F31: FECHA

Sheet LUZ ADRIANA SALAZAR
D1: PROGRAMA DE ENTRENAMIENTO | H1: Código: F73 Versión: 1
C7: COLABORADOR | D7: CARGO | F7: PROCESO | H7: FECHA DE INGRESO
C8: LUZ ADRIANA SALAZAR DUQUE | D8: DIRECTORA DE ASEO | F8: ASEO | H8: ENERO 17 DE 2020
C10: TEMA A ENTRENAR | D10: RECURSOS | E10: TIEMPO (1) (horas) | F10: RESPONSABLE DE IMPARTIR EL ENTRENAMIENTO | G10: FECHA / HORA | H10: FIRMA RESPONSABLE DE IMPARTIR EL ENTRENAMIENTO
C11: Contratación y Supervisión: Elaboracion de Estudios previos, contratacion estatal, supervisión de contratos | D11: Tiempo Personal | E11: 8 horas | F11: Asesor MECI
C12: Manejo de las herramientas del sistema de Gestión Integral: Indicadores, Matriz ACPM, Matriz de Riesgos, Procedimientos e instructivos del Área | E12: 4 Horas | F12: Asesor SGI
C13: Identificación y reconocimiento de sistemas operativos: Barrido, recolección y Transporte y Relleno Sanitario | E13: 16 horas | F13: Coordinador de Aseo
C14: Identificación y reconocimiento de formatos asociados al area: Donde y cómo se guarda la información, ruta para oficios, estudios documentados vigentes (PGIRS, PROGRAMA PARA LA PRESTACIÓN DEL SERVICIO DE ASEO), | E14: 8 horas | F14: Coordinador de Aseo
C15: Reconocimiento de contratos en ejecución objeto de supervisión por parte de la dirección tecnica | E15: 2 horas | F15: Coordinador de Aseo
C16: Seguridad y Salud en el Trabajo | E16: 2 horas | F16: Coordinador SST
C17: Sistema de Gestión Ambiental ESPA (Estado de Licencias y permisos Ambientales) | E17: 2 horas | F17: Asesor Ambiental
C18: Aforos | E18: 3 horas | F18: Contratista de Aforos
C19: Normatividad del Area de Aseo | E19: 3 horas | F19: Coordinador de Aseo
C20: Plan estratégico de Seguridad Vial PESV | E20: 2 horas | F20: Coordinador SST
C22: (1) Los programas de entrenamiento tienen una duración máxima de 2 meses. Las horas asignadas a cada tema podrían ser modificadas de acuerdo con énfasis específicos que se quieran hacer.
C24: OBSERVACIONES DEL LÍDER INMEDIATO SOBRE EL ENTRENAMIENTO
C33: NOMBRE DEL LIDER INMEDIATO | D33: COLABORADOR | F33: FECHA

Sheet JHONY HERNANDEZ VIRGEN
D1: PROGRAMA DE ENTRENAMIENTO | H1: Código: F73 Versión: 1
C7: COLABORADOR | D7: CARGO | F7: PROCESO | H7: FECHA DE INGRESO
C8: JHONY HERNANDEZ VIRGEN | D8: OPERARIO DE BARRIDO | F8: ASEO | H8: DICIEMBRE 30 DE 2019
C10: TEMA A ENTRENAR | D10: RECURSOS | E10: TIEMPO (1) (horas) | F10: RESPONSABLE DE IMPARTIR EL ENTRENAMIENTO | G10: FECHA / HORA | H10: FIRMA RESPONSABLE DE IMPARTIR EL ENTRENAMIENTO
C11: Reconocimiento de Rutas de barrido existentes en el Municipio: Calles, Limpeza de cunetas, sumideros, tinacos, andenes, zonas verdes, desyerbe de vías, limpieza de lotes publicos, | D11: Tiempo Personal | E11: 2 Horas | F11: Operario de Barrido
C12: Manejo de Herramientas | D12: Tiempo Personal | E12: 1 hora | F12: Operario de Barrido
C13: Mantenimiento de Jardineras | D13: Tiempo Personal | E13: 1 hora | F13: Operario de Barrido
C14: Mantenimiento de Tinacos: Reparación, o lavado | D14: Tiempo Personal | E14: 1 hora | F14: Operario de Barrido
C20: (1) Los programas de entrenamiento tienen una duración máxima de 2 meses. Las horas asignadas a cada tema podrían ser modificadas de acuerdo con énfasis específicos que se quieran hacer.
C22: OBSERVACIONES DEL LÍDER INMEDIATO SOBRE EL ENTRENAMIENTO
C31: NOMBRE DEL LIDER INMEDIATO | D31: COLABORADOR | F31: FECHA

Sheet CARLOS HUMBERTO HOLGUIN Z.
D1: PROGRAMA DE ENTRENAMIENTO | H1: Código: F73 Versión: 1
C7: COLABORADOR | D7: CARGO | F7: PROCESO | H7: FECHA DE INGRESO
C8: CARLOS HUMBERTO HOLGUIN ZULUAGA | D8: OPERARIO DE BARRIDO | F8: ASEO | H8: DICIEMBRE 30 DE 2019
C10: TEMA A ENTRENAR | D10: RECURSOS | E10: TIEMPO (1) (horas) | F10: RESPONSABLE DE IMPARTIR EL ENTRENAMIENTO | G10: FECHA / HORA | H10: FIRMA RESPONSABLE DE IMPARTIR EL ENTRENAMIENTO
C11: Reconocimiento de Rutas de barrido existentes en el Municipio: Calles, Limpeza de cunetas, sumideros, tinacos, andenes, zonas verdes, desyerbe de vías, limpieza de lotes publicos, | D11: Tiempo Personal | E11: 2 Horas | F11: Operario de Barrido
C12: Manejo de Herramientas | D12: Tiempo Personal | E12: 1 hora | F12: Operario de Barrido
C13: Mantenimiento de Jardineras | D13: Tiempo Personal | E13: 1 hora | F13: Operario de Barrido
C14: Mantenimiento de Tinacos: Reparación, o lavado | D14: Tiempo Personal | E14: 1 hora | F14: Operario de Barrido
C20: (1) Los programas de entrenamiento tienen una duración máxima de 2 meses. Las horas asignadas a cada tema podrían ser modificadas de acuerdo con énfasis específicos que se quieran hacer.
C22: OBSERVACIONES DEL LÍDER INMEDIATO SOBRE EL ENTRENAMIENTO
C31: NOMBRE DEL LIDER INMEDIATO | D31: COLABORADOR | F31: FECHA

Sheet EDITH MARIA BUITRAGO
D1: PROGRAMA DE ENTRENAMIENTO | H1: Código: F73 Versión: 1
C7: COLABORADOR | D7: CARGO | F7: PROCESO | H7: FECHA DE INGRESO
C8: EDITH MARIA BUITRAGO OSORIO | D8: OPERARIO DE BARRIDO | F8: ASEO | H8: DICIEMBRE 27 DE 2019
C10: TEMA A ENTRENAR | D10: RECURSOS | E10: TIEMPO (1) (horas) | F10: RESPONSABLE DE IMPARTIR EL ENTRENAMIENTO | G10: FECHA / HORA | H10: FIRMA RESPONSABLE DE IMPARTIR EL ENTRENAMIENTO
C11: Reconocimiento de Rutas de barrido existentes en el Municipio: Calles, Limpeza de cunetas, sumideros, tinacos, andenes, zonas verdes, desyerbe de vías, limpieza de lotes publicos, | D11: Tiempo Personal | E11: 2 Horas | F11: Operario de Barrido
C12: Manejo de Herramientas | D12: Tiempo Personal | E12: 1 hora | F12: Operario de Barrido
C13: Mantenimiento de Jardineras | D13: Tiempo Personal | E13: 1 hora | F13: Operario de Barrido
C14: Mantenimiento de Tinacos: Reparación, o lavado | D14: Tiempo Personal | E14: 1 hora | F14: Operario de Barrido
C20: (1) Los programas de entrenamiento tienen una duración máxima de 2 meses. Las horas asignadas a cada tema podrían ser modificadas de acuerdo con énfasis específicos que se quieran hacer.
C22: OBSERVACIONES DEL LÍDER INMEDIATO SOBRE EL ENTRENAMIENTO
C31: NOMBRE DEL LIDER INMEDIATO | D31: COLABORADOR | F31: FECHA

Sheet DANIELA G G
D1: PROGRAMA DE ENTRENAMIENTO | H1: Código: F73 Versión: 1
C7: COLABORADOR | D7: CARGO | F7: PROCESO | H7: FECHA DE INGRESO
C8: DANIELA GOMEZ GARCIA | D8: OPERARIO LECTOR | F8: COMERCIAL | H8: DICIEMBRE 27 DE 2019
C10: TEMA A ENTRENAR | D10: RECURSOS | E10: TIEMPO (1) (horas) | F10: RESPONSABLE DE IMPARTIR EL ENTRENAMIENTO | G10: FECHA / HORA | H10: FIRMA RESPONSABLE DE IMPARTIR EL ENTRENAMIENTO
C11: Rutas de Lectura y entrega de facturas en campo | D11: Tiempo Personal | E11: 120 horas | F11: Operaria Lectora
C12: Manejo del Celu Web | D12: Celuweb, Tiempo Personal | E12: 9 horas | F12: Operaria Lectora
C13: Lectura de Medidores | D13: Celuweb, Tiempo Personal | E13: 8 horas | F13: Operaria Lectora
C14: Manejo de Codigos | D14: Tiempo Personal | E14: 8 horas | F14: Operaria Lectora
C15: Cambios de Medidores | D15: Tiempo Personal | E15: 64 horas | F15: Operaria Lectora
C16: Suspensiones y Reinstalaciones | D16: Tiempo Personal | E16: 74 horas | F16: Operaria Lectora
C17: Críticas Aleatorias altos y bajos consumos, medidores frenados, casas solas | D17: Tiempo Personal | E17: 40 horas | F17: Operaria Lectora
C18: Revisiones Previas: Por debido proceso | D18: Tiempo Personal | E18: 40 horas | F18: Operaria Lectora
C20: (1) Los programas de entrenamiento tienen una duración máxima de 2 meses. Las horas asignadas a cada tema podrían ser modificadas de acuerdo con énfasis específicos que se quieran hacer.
C22: OBSERVACIONES DEL LÍDER INMEDIATO SOBRE EL ENTRENAMIENTO
C31: NOMBRE DEL LIDER INMEDIATO | D31: NOMBRE DEL COLABORADOR | F31: FECHA

Sheet LUIS ALEJANDRO GARCIA
D1: PROGRAMA DE ENTRENAMIENTO | H1: Código: F73 Versión: 1
C7: COLABORADOR | D7: CARGO | F7: PROCESO | H7: FECHA DE INGRESO
C8: LUIS ALEJANDRO GARCIA DUQUE | D8: OFICIAL DE SEGUNDA | F8: ACUEDUCTO Y ALCANTARILLADO | H8: DICIEMBRE 24 DE 2019
C10: TEMA A ENTRENAR | D10: RECURSOS | E10: TIEMPO (1) (horas) | F10: RESPONSABLE DE IMPARTIR EL ENTRENAMIENTO | G10: FECHA / HORA | H10: FIRMA RESPONSABLE DE IMPARTIR EL ENTRENAMIENTO
C11: Instalaciones Nuevas: Solicitud al usuario de Materiales Apertura de brecha Instalacion de Tubería y Medidor Verificacion de Funcionamiento Apertura de valvulas para revisión | D11: Herramientas, y Equipos Tiempo Personal | E11: 1 hora | F11: Oficial de Primera
C12: Cortes, Suspensiones y Reconexiones: Suspensión del servicio Extraccion de Medidor y tapón de Tubería Retiro de Tapón y Verificacion de Funcionamiento | D12: Herramientas, y Equipos Tiempo Personal | E12: 2 Horas | F12: Oficial de Primera
C13: Daños u Obstrucción de alcantarillado: Revision de MHs Si hay Obstruccion: Uso de Tira buzon, varillas o bactor Si es daño: Excavación y enmienda del tubo averiado o cambio. Verificación Tapado de Excavación | D13: Herramientas, y Equipos Tiempo Personal | E13: 8 horas | F13: Oficial de Primera
C14: Daños de Acueducto: Medidores Redes Principales Domiciliarias | D14: Herramientas, y Equipos Tiempo Personal | E14: 16 horas | F14: Oficial de Primera
C15: Mantenimiento de Hidrantes: Apertura y Cierre para evitar golpe de ariete y fugas | D15: Herramientas, y Equipos Tiempo Personal | E15: 3 horas | F15: Oficial de Primera
C16: Inspección Mantenimiento a Cajas de Valvulas: Limpieza por sedimientación | D16: Herramientas, y Equipos Tiempo Personal | E16: 1 hora | F16: Oficial de Primera
C17: Mantenimiento a Cajas de Inspección aguas Negras: Destape, Ingreso y limpieza de Arenas | D17: Herramientas, y Equipos Tiempo Personal | E17: 2 Horas | F17: Oficial de Primera
C18: Pictometria: Pruebas de presion en las redes, Manejo de manometro, revisión de Cajas de Muestreo | D18: Herramientas, y Equipos Tiempo Personal | E18: 0.5 horas | F18: Oficial de Primera
C19: Limpieza de Aliviaderos: Sacar sedimentos de 5 aliviaderos, según temporada de lluvias | D19: Herramientas, y Equipos Tiempo Personal | E19: 3 horas | F19: Oficial de Primera
C20: Expansión de Redes de Acueducto: Instalación de Tuberias y Futuras de Acueducto, Verificacion de Funcionamiento y Ajuste | D20: Herramientas, y Equipos Tiempo Personal | E20: 24 Horas | F20: Oficial de Primera
C21: (1) Los programas de entrenamiento tienen una duración máxima de 2 meses. Las horas asignadas a cada tema podrían ser modificadas de acuerdo con énfasis específicos que se quieran hacer.
C23: OBSERVACIONES DEL LÍDER INMEDIATO SOBRE EL ENTRENAMIENTO
C26: NOMBRE DEL LIDER INMEDIATO | D26: NOMBRE DEL COLABORADOR | F26: FECHA

Sheet OMAR ALEXIS ALZATE ALZATE
D1: PROGRAMA DE ENTRENAMIENTO | H1: Código: F73 Versión: 1
C7: COLABORADOR | D7: CARGO | F7: PROCESO | H7: FECHA DE INGRESO
C8: OMAR ALEXIS ALZATE ALZATE | D8: OPERARIO PLANTA DE ORGANICOS | F8: ASEO | H8: DICIEMBRE 18 DE 2019
C10: TEMA A ENTRENAR | D10: RECURSOS | E10: TIEMPO (1) (horas) | F10: RESPONSABLE DE IMPARTIR EL ENTRENAMIENTO | G10: FECHA / HORA | H10: FIRMA RESPONSABLE DE IMPARTIR EL ENTRENAMIENTO
C11: Manejo de Compactador en plataforma y en planta de Orgánicos | D11: Tiempo Personal | E11: 1 hora | F11: Operario Planta de Orgánicos
C12: Separación de Material Organico | D12: Tiempo Personal | E12: 2 Horas | F12: Operario Planta de Orgánicos
C13: Conformacion de Pilas | D13: Tiempo Personal | E13: 2 Horas | F13: Operario Planta de Orgánicos
C14: Apiques de aireación | D14: Tiempo Personal | E14: 2 Horas | F14: Operario Planta de Orgánicos
C20: (1) Los programas de entrenamiento tienen una duración máxima de 2 meses. Las horas asignadas a cada tema podrían ser modificadas de acuerdo con énfasis específicos que se quieran hacer.
C22: OBSERVACIONES DEL LÍDER INMEDIATO SOBRE EL ENTRENAMIENTO
C31: NOMBRE DEL LIDER INMEDIATO | D31: COLABORADOR | F31: FECHA

Sheet OSCAR DAVID MERCADO YEPEZ
D1: PROGRAMA DE ENTRENAMIENTO | H1: Código: F73 Versión: 1
C7: COLABORADOR | D7: CARGO | F7: PROCESO | H7: FECHA DE INGRESO
C8: OSCAR DAVID MERCADO YEPEZ | D8: OPERARIO LECTOR | F8: COMERCIAL | H8: DICIEMBRE 18 DE 2019
C10: TEMA A ENTRENAR | D10: RECURSOS | E10: TIEMPO (1) (horas) | F10: RESPONSABLE DE IMPARTIR EL ENTRENAMIENTO | G10: FECHA / HORA | H10: FIRMA RESPONSABLE DE IMPARTIR EL ENTRENAMIENTO
C11: Rutas de Lectura y entrega de facturas en campo | D11: Tiempo Personal | E11: 120 horas | F11: Operaria Lectora
C12: Manejo del Celu Web | D12: Celuweb, Tiempo Personal | E12: 9 horas | F12: Operaria Lectora
C13: Lectura de Medidores | D13: Celuweb, Tiempo Personal | E13: 8 horas | F13: Operaria Lectora
C14: Manejo de Codigos | D14: Tiempo Personal | E14: 8 horas | F14: Operaria Lectora
C15: Cambios de Medidores | D15: Tiempo Personal | E15: 64 horas | F15: Operaria Lectora
C16: Suspensiones y Reinstalaciones | D16: Tiempo Personal | E16: 74 horas | F16: Operaria Lectora
C17: Críticas Aleatorias altos y bajos consumos, medidores frenados, casas solas | D17: Tiempo Personal | E17: 40 horas | F17: Operaria Lectora
C18: Revisiones Previas: Por debido proceso | D18: Tiempo Personal | E18: 40 horas | F18: Operaria Lectora
C20: (1) Los programas de entrenamiento tienen una duración máxima de 2 meses. Las horas asignadas a cada tema podrían ser modificadas de acuerdo con énfasis específicos que se quieran hacer.
C22: OBSERVACIONES DEL LÍDER INMEDIATO SOBRE EL ENTRENAMIENTO
C31: NOMBRE DEL LIDER INMEDIATO | D31: NOMBRE DEL COLABORADOR | F31: FECHA

Sheet RUBEN DARIO GOMEZ RAMIREZ
D1: PROGRAMA DE ENTRENAMIENTO | H1: Código: F73 Versión: 1
C7: COLABORADOR | D7: CARGO | F7: PROCESO | H7: FECHA DE INGRESO
C8: RUBEN DARIO GOMEZ RAMIREZ | D8: OPERARIO DE BARRIDO | F8: ASEO | H8: OCTUBRE 30 DE 2019
C10: TEMA A ENTRENAR | D10: RECURSOS | E10: TIEMPO (1) (horas) | F10: RESPONSABLE DE IMPARTIR EL ENTRENAMIENTO | G10: FECHA / HORA | H10: FIRMA RESPONSABLE DE IMPARTIR EL ENTRENAMIENTO
C11: Reconocimiento de Rutas de barrido existentes en el Municipio: Calles, Limpeza de cunetas, sumideros, tinacos, andenes, zonas verdes, desyerbe de vías, limpieza de lotes publicos, | D11: Tiempo Personal | E11: 2 Horas | F11: Operario de Barrido
C12: Manejo de Herramientas | D12: Tiempo Personal | E12: 1 hora | F12: Operario de Barrido
C13: Mantenimiento de Jardineras | D13: Tiempo Personal | E13: 1 hora | F13: Operario de Barrido
C14: Mantenimiento de Tinacos: Reparación, o lavado | D14: Tiempo Personal | E14: 1 hora | F14: Operario de Barrido
C20: (1) Los programas de entrenamiento tienen una duración máxima de 2 meses. Las horas asignadas a cada tema podrían ser modificadas de acuerdo con énfasis específicos que se quieran hacer.
C22: OBSERVACIONES DEL LÍDER INMEDIATO SOBRE EL ENTRENAMIENTO
C31: NOMBRE DEL LIDER INMEDIATO | D31: COLABORADOR | F31: FECHA

Sheet YERSON CORREA CEBALLOS
D1: PROGRAMA DE ENTRENAMIENTO | H1: Código: F73 Versión: 1
C7: COLABORADOR | D7: CARGO | F7: PROCESO | H7: FECHA DE INGRESO
C8: YERSON JAIR CORREA CEBALLOS | D8: Director tecnico de infraestructura y redes de acueducto y Alldo. | F8: ACUEDUCTO Y ALLDO. | H8: JULIO 23 DE 2019
G10: FECHA / HORA | H10: FIRMA RESPONSABLE DE IMPARTIR EL ENTRENAMIENTO
C11: Contratación y Supervisión: Elaboracion de Estudios previos, contratacion estatal, supervisión de contratos | D11: Tiempo Personal | E11: 8 horas | F11: Director Administrativo
C12: Manejo de las herramientas del sistema de Gestión Integral: Indicadores, Matriz ACPM, Matriz de Riesgos, Procedimientos e instructivos del Área | D12: Tiempo Personal | E12: 4 Horas | F12: Asesor SGI
C13: Manejo de sistema de Información ESPA (herramienta de registro PTAP y PTAR) | D13: Tiempo Personal, Transporte | E13: 2 horas | F13: Asistente Técnico Ambiental
C14: Identificación y reconocimiento de sistemas operativos: PTAP, PTAR, Relleno Sanitario | D14: Tiempo Personal | E14: 4 horas | F14: Gerencia: Operadores de Plantas y Relleno
C15: Identificación y reconocimiento de formatos asociados al area: Donde y cómo se guarda la información, ruta para oficios, estudios documentados vigentes (Plan Maestro), Estado de Licencias y permisos Ambientales | D15: Tiempo Personal | E15: 2 horas | F15: Asistente Técnico Ambiental
C16: Reconocimiento de contratos en ejecución objeto de supervisión por parte de la dirección tecnica | D16: Tiempo Personal | E16: 4 horas | F16: Gerencia
C17: Plan de Obras e Inversiones Regulado POIR, Interpretación de Factura | D17: Tiempo Personal | E17: 2 horas | F17: Asistente Comercial
C18: Codificación | D18: Tiempo Personal | E18: 1 Hora | F18: Auxiliar comercial
C19: Seguridad y Salud en el Trabajo | D19: Tiempo Personal | E19: 2 horas | F19: Asistente SST
C20: Factibilidades de servicio, comocimiento de las redes de acueducto y alcantarillado | D20: Tiempo Personal | E20: 10 horas | F20: Tecnico Operativo Acueducto y Alldo.
C21: (1) Los programas de entrenamiento tienen una duración máxima de 2 meses. Las horas asignadas a cada tema podrían ser modificadas de acuerdo con énfasis específicos que se quieran hacer.
C23: OBSERVACIONES DEL LÍDER INMEDIATO SOBRE EL ENTRENAMIENTO
C29: NOMBRE DEL LIDER INMEDIATO | D29: NOMBRE DEL COLABORADOR | F29: FECHA

Sheet JUAN PABLO VILLEGAS ALZATE
D1: PROGRAMA DE ENTRENAMIENTO | H1: Código: F73 Versión: 1
C7: COLABORADOR | D7: CARGO | F7: PROCESO | H7: FECHA DE INGRESO
C8: JUAN PABLO VILLEGAS ALZATE | D8: OPERARIO DE RECOLECCION | F8: ASEO | H8: JUNIO 17 DE 2019
C10: TEMA A ENTRENAR | D10: RECURSOS | E10: TIEMPO (1) (horas) | F10: RESPONSABLE DE IMPARTIR EL ENTRENAMIENTO | G10: FECHA / HORA | H10: FIRMA RESPONSABLE DE IMPARTIR EL ENTRENAMIENTO
C11: ='MATRIZ DE ENTRENAMIENTO '!B26 -> Manejo y Operación del Relleno Sanitario: Recorrido, Uso de EPP | D11: ='MATRIZ DE ENTRENAMIENTO '!C26 -> Tiempo Personal | E11: ='MATRIZ DE ENTRENAMIENTO '!D26 -> 2 horas | F11: ='MATRIZ DE ENTRENAMIENTO '!E26 -> Operario de Recolección y disposición final
C12: ='MATRIZ DE ENTRENAMIENTO '!B27 -> Guadañaje | D12: ='MATRIZ DE ENTRENAMIENTO '!C27 -> Tiempo Personal | E12: ='MATRIZ DE ENTRENAMIENTO '!D27 -> 16 horas | F12: ='MATRIZ DE ENTRENAMIENTO '!E27 -> Operario de Recolección y disposición final
C13: ='MATRIZ DE ENTRENAMIENTO '!B28 -> Plateo de Arboles | D13: ='MATRIZ DE ENTRENAMIENTO '!C28 -> Tiempo Personal | E13: ='MATRIZ DE ENTRENAMIENTO '!D28 -> 1 hora | F13: ='MATRIZ DE ENTRENAMIENTO '!E28 -> Operario de Recolección y disposición final
C14: ='MATRIZ DE ENTRENAMIENTO '!B29 -> Limpieza de Cunetas y/o desagues | D14: ='MATRIZ DE ENTRENAMIENTO '!C29 -> Tiempo Personal | E14: ='MATRIZ DE ENTRENAMIENTO '!D29 -> 1 hora | F14: ='MATRIZ DE ENTRENAMIENTO '!E29 -> Operario de Recolección y disposición final
C15: ='MATRIZ DE ENTRENAMIENTO '!B30 -> Poda de arboles y deshierve | D15: ='MATRIZ DE ENTRENAMIENTO '!C30 -> Tiempo Personal | E15: ='MATRIZ DE ENTRENAMIENTO '!D30 -> 2 horas | F15: ='MATRIZ DE ENTRENAMIENTO '!E30 -> Operario de Recolección y disposición final
C16: ='MATRIZ DE ENTRENAMIENTO '!B31 -> Conformación de Chimeneas | D16: ='MATRIZ DE ENTRENAMIENTO '!C31 -> Tiempo Personal | E16: ='MATRIZ DE ENTRENAMIENTO '!D31 -> 1 Hora | F16: ='MATRIZ DE ENTRENAMIENTO '!E31 -> Operario de Recolección y disposición final
C17: ='MATRIZ DE ENTRENAMIENTO '!B32 -> Revegetación de Taludes | D17: ='MATRIZ DE ENTRENAMIENTO '!C32 -> Tiempo Personal | E17: ='MATRIZ DE ENTRENAMIENTO '!D32 -> 1 hora | F17: ='MATRIZ DE ENTRENAMIENTO '!E32 -> Operario de Recolección y disposición final
C18: ='MATRIZ DE ENTRENAMIENTO '!B33 -> Mantenimiento de la Vía de Entrada con sus respectivos desagues | D18: ='MATRIZ DE ENTRENAMIENTO '!C33 -> Tiempo Personal | E18: ='MATRIZ DE ENTRENAMIENTO '!D33 -> 1 hora | F18: ='MATRIZ DE ENTRENAMIENTO '!E33 -> Operario de Recolección y disposición final
C19: ='MATRIZ DE ENTRENAMIENTO '!B34 -> Mantenimiento de la lona | D19: ='MATRIZ DE ENTRENAMIENTO '!C34 -> Tiempo Personal | E19: ='MATRIZ DE ENTRENAMIENTO '!D34 -> 2 Horas | F19: ='MATRIZ DE ENTRENAMIENTO '!E34 -> Operario de Recolección y disposición final
C20: ='MATRIZ DE ENTRENAMIENTO '!B35 -> Manejo de Compactador en plataforma y en planta de Orgánicos | D20: ='MATRIZ DE ENTRENAMIENTO '!C35 -> Tiempo Personal | E20: ='MATRIZ DE ENTRENAMIENTO '!D35 -> 1 hora | F20: ='MATRIZ DE ENTRENAMIENTO '!E35 -> Operario de Recolección y disposición final
C21: ='MATRIZ DE ENTRENAMIENTO '!B36 -> Separación de Material Organico, conformación de pilas, apiques a las pilas. | D21: ='MATRIZ DE ENTRENAMIENTO '!C36 -> Tiempo Personal | E21: ='MATRIZ DE ENTRENAMIENTO '!D36 -> 8 horas | F21: ='MATRIZ DE ENTRENAMIENTO '!E36 -> Operario de Recolección y disposición final
C22: ='MATRIZ DE ENTRENAMIENTO '!B37 -> Manejo de la Planta de lixiviados | D22: ='MATRIZ DE ENTRENAMIENTO '!C37 -> Tiempo Personal | E22: ='MATRIZ DE ENTRENAMIENTO '!D37 -> 8 horas | F22: ='MATRIZ DE ENTRENAMIENTO '!E37 -> Operario de Recolección y disposición final
C23: ='MATRIZ DE ENTRENAMIENTO '!B38 -> Manejo del Compactador a lo largo de las rutas urbanas | D23: ='MATRIZ DE ENTRENAMIENTO '!C38 -> Tiempo Personal | E23: ='MATRIZ DE ENTRENAMIENTO '!D38 -> 16 horas | F23: ='MATRIZ DE ENTRENAMIENTO '!E38 -> Operario de Recolección y disposición final
C24: Rutas de Recolección organicos e inorgánicos donde no ingresa el vehículo | D24: Tiempo Personal | E24: 8 horas | F24: Operario de Recolección y disposición final
C25: Manejo de Carga pesada | D25: Tiempo Personal | E25: 1 Horas | F25: Operario de Recolección y disposición final
C26: Precauciones de Manipulacion de Residuos Solidos | D26: Tiempo Personal | E26: 1 Horas | F26: Operario de Recolección y disposición final
C27: Manejo de Cajas Estacionarias | D27: Tiempo Personal | E27: 1 Horas | F27: Operario de Recolección y disposición final
C28: (1) Los programas de entrenamiento tienen una duración máxima de 2 meses. Las horas asignadas a cada tema podrían ser modificadas de acuerdo con énfasis específicos que se quieran hacer.
C30: OBSERVACIONES DEL LÍDER INMEDIATO SOBRE EL ENTRENAMIENTO
C36: NOMBRE DEL LIDER INMEDIATO | D36: NOMBRE DEL COLABORADOR | F36: FECHA

Sheet LUZ MARLENY MONTOYA SANCHEZ
D1: PROGRAMA DE ENTRENAMIENTO | H1: Código: F73 Versión: 1
C7: COLABORADOR | D7: CARGO | F7: PROCESO | H7: FECHA DE INGRESO
C8: LUZ MARLENY MONTOYA SANCHEZ | D8: OPERARIO LECTOR | F8: COMERCIAL | H8: JUNIO 26 DE 2019
C10: TEMA A ENTRENAR | D10: RECURSOS | E10: TIEMPO (1) (horas) | F10: RESPONSABLE DE IMPARTIR EL ENTRENAMIENTO | G10: FECHA / HORA | H10: FIRMA RESPONSABLE DE IMPARTIR EL ENTRENAMIENTO
C11: Rutas de Lectura y entrega de facturas en campo | D11: Tiempo Personal | E11: 120 horas | F11: Operaria Lectora
C12: Manejo del Celu Web | D12: Celuweb, Tiempo Personal | E12: 9 horas | F12: Operaria Lectora
C13: Lectura de Medidores | D13: Celuweb, Tiempo Personal | E13: 8 horas | F13: Operaria Lectora
C14: Manejo de Codigos | D14: Tiempo Personal | E14: 8 horas | F14: Operaria Lectora
C15: Cambios de Medidores | D15: Tiempo Personal | E15: 64 horas | F15: Operaria Lectora
C16: Suspensiones y Reinstalaciones | D16: Tiempo Personal | E16: 74 horas | F16: Operaria Lectora
C17: Críticas Aleatorias altos y bajos consumos, medidores frenados, casas solas | D17: Tiempo Personal | E17: 40 horas | F17: Operaria Lectora
C18: Revisiones Previas: Por debido proceso | D18: Tiempo Personal | E18: 40 horas | F18: Operaria Lectora
C20: (1) Los programas de entrenamiento tienen una duración máxima de 2 meses. Las horas asignadas a cada tema podrían ser modificadas de acuerdo con énfasis específicos que se quieran hacer.
C22: OBSERVACIONES DEL LÍDER INMEDIATO SOBRE EL ENTRENAMIENTO
C31: NOMBRE DEL LIDER INMEDIATO | D31: NOMBRE DEL COLABORADOR | F31: FECHA

Sheet DUBIAN ANTONIO GUTIERREZ G.
D1: PROGRAMA DE ENTRENAMIENTO | H1: Código: F73 Versión: 1
C7: COLABORADOR | D7: CARGO | F7: PROCESO | H7: FECHA DE INGRESO
C8: DUBIAN ANTONIO GUTIERREZ GOMEZ | D8: OPERARIO DE BARRIDO | F8: ASEO | H8: JUNIO 26 DE 2019
C10: TEMA A ENTRENAR | D10: RECURSOS | E10: TIEMPO (1) (horas) | F10: RESPONSABLE DE IMPARTIR EL ENTRENAMIENTO | G10: FECHA / HORA | H10: FIRMA RESPONSABLE DE IMPARTIR EL ENTRENAMIENTO
C11: Reconocimiento de Rutas de barrido existentes en el Municipio: Calles, Limpeza de cunetas, sumideros, tinacos, andenes, zonas verdes, desyerbe de vías, limpieza de lotes publicos, | D11: Tiempo Personal | E11: 2 Horas | F11: Operario de Barrido
C12: Manejo de Herramientas | D12: Tiempo Personal | E12: 1 hora | F12: Operario de Barrido
C13: Mantenimiento de Jardineras | D13: Tiempo Personal | E13: 1 hora | F13: Operario de Barrido
C14: Mantenimiento de Tinacos: Reparación, o lavado | D14: Tiempo Personal | E14: 1 hora | F14: Operario de Barrido
C20: (1) Los programas de entrenamiento tienen una duración máxima de 2 meses. Las horas asignadas a cada tema podrían ser modificadas de acuerdo con énfasis específicos que se quieran hacer.
C22: OBSERVACIONES DEL LÍDER INMEDIATO SOBRE EL ENTRENAMIENTO
C31: NOMBRE DEL LIDER INMEDIATO | D31: COLABORADOR | F31: FECHA

Sheet JUAN JOSE GALLEGO GIRALDO
D1: PROGRAMA DE ENTRENAMIENTO | H1: Código: F73 Versión: 1
C7: COLABORADOR | D7: CARGO | F7: PROCESO | H7: FECHA DE INGRESO
C8: JUAN JOSE GALLEGO GIRALDO | D8: OPERARIO PLANTA DE ORGANICOS | F8: ASEO | H8: JUNIO 18 DE 2019
C10: TEMA A ENTRENAR | D10: RECURSOS | E10: TIEMPO (1) (horas) | F10: RESPONSABLE DE IMPARTIR EL ENTRENAMIENTO | G10: FECHA / HORA | H10: FIRMA RESPONSABLE DE IMPARTIR EL ENTRENAMIENTO
C11: Manejo de Compactador en plataforma y en planta de Orgánicos | D11: Tiempo Personal | E11: 1 hora | F11: Operario Planta de Orgánicos
C12: Separación de Material Organico | D12: Tiempo Personal | E12: 2 Horas | F12: Operario Planta de Orgánicos
C13: Conformacion de Pilas | D13: Tiempo Personal | E13: 2 Horas | F13: Operario Planta de Orgánicos
C14: Apiques de aireación | D14: Tiempo Personal | E14: 2 Horas | F14: Operario Planta de Orgánicos
C20: (1) Los programas de entrenamiento tienen una duración máxima de 2 meses. Las horas asignadas a cada tema podrían ser modificadas de acuerdo con énfasis específicos que se quieran hacer.
C22: OBSERVACIONES DEL LÍDER INMEDIATO SOBRE EL ENTRENAMIENTO
C31: NOMBRE DEL LIDER INMEDIATO | D31: COLABORADOR | F31: FECHA

Sheet JOHAN ESTEBAN CARDENAS A.
D1: PROGRAMA DE ENTRENAMIENTO | H1: Código: F73 Versión: 1
C7: COLABORADOR | D7: CARGO | F7: PROCESO | H7: FECHA DE INGRESO
C8: JOHAN ESTEBAN CARDENAS ARENAS | D8: OPERARIO DE BARRIDO | F8: ASEO | H8: JUNIO 18 DE 2019
C10: TEMA A ENTRENAR | D10: RECURSOS | E10: TIEMPO (1) (horas) | F10: RESPONSABLE DE IMPARTIR EL ENTRENAMIENTO | G10: FECHA / HORA | H10: FIRMA RESPONSABLE DE IMPARTIR EL ENTRENAMIENTO
C11: Reconocimiento de Rutas de barrido existentes en el Municipio: Calles, Limpeza de cunetas, sumideros, tinacos, andenes, zonas verdes, desyerbe de vías, limpieza de lotes publicos, | D11: Tiempo Personal | E11: 2 Horas | F11: Operario de Barrido
C12: Manejo de Herramientas | D12: Tiempo Personal | E12: 1 hora | F12: Operario de Barrido
C13: Mantenimiento de Jardineras | D13: Tiempo Personal | E13: 1 hora | F13: Operario de Barrido
C14: Mantenimiento de Tinacos: Reparación, o lavado | D14: Tiempo Personal | E14: 1 hora | F14: Operario de Barrido
C20: (1) Los programas de entrenamiento tienen una duración máxima de 2 meses. Las horas asignadas a cada tema podrían ser modificadas de acuerdo con énfasis específicos que se quieran hacer.
C22: OBSERVACIONES DEL LÍDER INMEDIATO SOBRE EL ENTRENAMIENTO
C31: NOMBRE DEL LIDER INMEDIATO | D31: COLABORADOR | F31: FECHA

Sheet DANIELA GOMEZ GARCIA
D1: PROGRAMA DE ENTRENAMIENTO | H1: Código: F73 Versión: 1
C7: COLABORADOR | D7: CARGO | F7: PROCESO | H7: FECHA DE INGRESO
C8: DANIELA GOMEZ GARCIA | D8: OPERARIO DE BARRIDO | F8: ASEO | H8: JUNIO 18 DE 2019
C10: TEMA A ENTRENAR | D10: RECURSOS | E10: TIEMPO (1) (horas) | F10: RESPONSABLE DE IMPARTIR EL ENTRENAMIENTO | G10: FECHA / HORA | H10: FIRMA RESPONSABLE DE IMPARTIR EL ENTRENAMIENTO
C11: Reconocimiento de Rutas de barrido existentes en el Municipio: Calles, Limpeza de cunetas, sumideros, tinacos, andenes, zonas verdes, desyerbe de vías, limpieza de lotes publicos, | D11: Tiempo Personal | E11: 2 Horas | F11: Operario de Barrido
C12: Manejo de Herramientas | D12: Tiempo Personal | E12: 1 hora | F12: Operario de Barrido
C13: Mantenimiento de Jardineras | D13: Tiempo Personal | E13: 1 hora | F13: Operario de Barrido
C14: Mantenimiento de Tinacos: Reparación, o lavado | D14: Tiempo Personal | E14: 1 hora | F14: Operario de Barrido
C20: (1) Los programas de entrenamiento tienen una duración máxima de 2 meses. Las horas asignadas a cada tema podrían ser modificadas de acuerdo con énfasis específicos que se quieran hacer.
C22: OBSERVACIONES DEL LÍDER INMEDIATO SOBRE EL ENTRENAMIENTO
C31: NOMBRE DEL LIDER INMEDIATO | D31: COLABORADOR | F31: FECHA

Sheet LUZ DARY CARDONA GIRALDO
D1: PROGRAMA DE ENTRENAMIENTO | H1: Código: F73 Versión: 1
C7: COLABORADOR | D7: CARGO | F7: PROCESO | H7: FECHA DE INGRESO
C8: LUZ DARY CARDONA GIRALDO | D8: OPERARIO DE BARRIDO | F8: ASEO | H8: MAYO 09 DE 2019
C10: TEMA A ENTRENAR | D10: RECURSOS | E10: TIEMPO (1) (horas) | F10: RESPONSABLE DE IMPARTIR EL ENTRENAMIENTO | G10: FECHA / HORA | H10: FIRMA RESPONSABLE DE IMPARTIR EL ENTRENAMIENTO
C11: Reconocimiento de Rutas de barrido existentes en el Municipio: Calles, Limpeza de cunetas, sumideros, tinacos, andenes, zonas verdes, desyerbe de vías, limpieza de lotes publicos, | D11: Tiempo Personal | E11: 2 Horas | F11: Operario de Barrido
C12: Manejo de Herramientas | D12: Tiempo Personal | E12: 1 hora | F12: Operario de Barrido
C13: Mantenimiento de Jardineras | D13: Tiempo Personal | E13: 1 hora | F13: Operario de Barrido
C14: Mantenimiento de Tinacos: Reparación, o lavado | D14: Tiempo Personal | E14: 1 hora | F14: Operario de Barrido
C20: (1) Los programas de entrenamiento tienen una duración máxima de 2 meses. Las horas asignadas a cada tema podrían ser modificadas de acuerdo con énfasis específicos que se quieran hacer.
C22: OBSERVACIONES DEL LÍDER INMEDIATO SOBRE EL ENTRENAMIENTO
C31: NOMBRE DEL LIDER INMEDIATO | D31: COLABORADOR | F31: FECHA

Sheet CARLOS MARIO LUJAN J.
D1: PROGRAMA DE ENTRENAMIENTO | H1: Código: F73 Versión: 1
C7: COLABORADOR | D7: CARGO | F7: PROCESO | H7: FECHA DE INGRESO
C8: CARLOS MARIO LUJAN JARAMILLO | D8: OPERARIO DE BARRIDO | F8: ASEO | H8: ABRIL 11 DE 2019
C10: TEMA A ENTRENAR | D10: RECURSOS | E10: TIEMPO (1) (horas) | F10: RESPONSABLE DE IMPARTIR EL ENTRENAMIENTO | G10: FECHA / HORA | H10: FIRMA RESPONSABLE DE IMPARTIR EL ENTRENAMIENTO
C11: Reconocimiento de Rutas de barrido existentes en el Municipio: Calles, Limpeza de cunetas, sumideros, tinacos, andenes, zonas verdes, desyerbe de vías, limpieza de lotes publicos, | D11: Tiempo Personal | E11: 2 Horas | F11: Operario de Barrido
C12: Manejo de Herramientas | D12: Tiempo Personal | E12: 1 hora | F12: Operario de Barrido
C13: Mantenimiento de Jardineras | D13: Tiempo Personal | E13: 1 hora | F13: Operario de Barrido
C14: Mantenimiento de Tinacos: Reparación, o lavado | D14: Tiempo Personal | E14: 1 hora | F14: Operario de Barrido
C20: (1) Los programas de entrenamiento tienen una duración máxima de 2 meses. Las horas asignadas a cada tema podrían ser modificadas de acuerdo con énfasis específicos que se quieran hacer.
C22: OBSERVACIONES DEL LÍDER INMEDIATO SOBRE EL ENTRENAMIENTO
C31: NOMBRE DEL LIDER INMEDIATO | D31: COLABORADOR | F31: FECHA

Sheet ASTRID DAMARYS TOBON NARANJO
D1: PROGRAMA DE ENTRENAMIENTO | H1: Código: F73 Versión: 1
C7: COLABORADOR | D7: CARGO | F7: PROCESO | H7: FECHA DE INGRESO
C8: ASTRID DAMARYS TOBON NARANJO | D8: OPERARIO LECTOR | F8: COMERCIAL | H8: FEBRERO 25 DE 2019
C10: TEMA A ENTRENAR | D10: RECURSOS | E10: TIEMPO (1) (horas) | F10: RESPONSABLE DE IMPARTIR EL ENTRENAMIENTO | G10: FECHA / HORA | H10: FIRMA RESPONSABLE DE IMPARTIR EL ENTRENAMIENTO
C11: Rutas de Lectura y entrega de facturas en campo | D11: Tiempo Personal | E11: 120 horas | F11: Operaria Lectora
C12: Manejo del Celu Web | D12: Celuweb, Tiempo Personal | E12: 9 horas | F12: Operaria Lectora
C13: Lectura de Medidores | D13: Celuweb, Tiempo Personal | E13: 8 horas | F13: Operaria Lectora
C14: Manejo de Codigos | D14: Tiempo Personal | E14: 8 horas | F14: Operaria Lectora
C15: Cambios de Medidores | D15: Tiempo Personal | E15: 64 horas | F15: Operaria Lectora
C16: Suspensiones y Reinstalaciones | D16: Tiempo Personal | E16: 74 horas | F16: Operaria Lectora
C17: Críticas Aleatorias altos y bajos consumos, medidores frenados, casas solas | D17: Tiempo Personal | E17: 40 horas | F17: Operaria Lectora
C18: Revisiones Previas: Por debido proceso | D18: Tiempo Personal | E18: 40 horas | F18: Operaria Lectora
C20: (1) Los programas de entrenamiento tienen una duración máxima de 2 meses. Las horas asignadas a cada tema podrían ser modificadas de acuerdo con énfasis específicos que se quieran hacer.
C22: OBSERVACIONES DEL LÍDER INMEDIATO SOBRE EL ENTRENAMIENTO
C31: NOMBRE DEL LIDER INMEDIATO | D31: NOMBRE DEL COLABORADOR | F31: FECHA

Sheet YOLIMA SANCHEZ OSSA
D1: PROGRAMA DE ENTRENAMIENTO | H1: Código: F73 Versión: 1
C7: COLABORADOR | D7: CARGO | F7: PROCESO | H7: FECHA DE INGRESO
C8: ROSNEY YOLIMA SANCHEZ OSSA | D8: OPERARIO LECTOR | F8: COMERCIAL | H8: FEBRERO 25 DE 2019
C10: TEMA A ENTRENAR | D10: RECURSOS | E10: TIEMPO (1) (horas) | F10: RESPONSABLE DE IMPARTIR EL ENTRENAMIENTO | G10: FECHA / HORA | H10: FIRMA RESPONSABLE DE IMPARTIR EL ENTRENAMIENTO
C11: Rutas de Lectura y entrega de facturas en campo | D11: Tiempo Personal | E11: 120 horas | F11: Operaria Lectora
C12: Manejo del Celu Web | D12: Celuweb, Tiempo Personal | E12: 9 horas | F12: Operaria Lectora
C13: Lectura de Medidores | D13: Celuweb, Tiempo Personal | E13: 8 horas | F13: Operaria Lectora
C14: Manejo de Codigos | D14: Tiempo Personal | E14: 8 horas | F14: Operaria Lectora
C15: Cambios de Medidores | D15: Tiempo Personal | E15: 64 horas | F15: Operaria Lectora
C16: Suspensiones y Reinstalaciones | D16: Tiempo Personal | E16: 74 horas | F16: Operaria Lectora
C17: Críticas Aleatorias altos y bajos consumos, medidores frenados, casas solas | D17: Tiempo Personal | E17: 40 horas | F17: Operaria Lectora
C18: Revisiones Previas: Por debido proceso | D18: Tiempo Personal | E18: 40 horas | F18: Operaria Lectora
C20: (1) Los programas de entrenamiento tienen una duración máxima de 2 meses. Las horas asignadas a cada tema podrían ser modificadas de acuerdo con énfasis específicos que se quieran hacer.
C22: OBSERVACIONES DEL LÍDER INMEDIATO SOBRE EL ENTRENAMIENTO
C31: NOMBRE DEL LIDER INMEDIATO | D31: NOMBRE DEL COLABORADOR | F31: FECHA

Sheet JONATHAN VELASQUEZ
D1: PROGRAMA DE ENTRENAMIENTO | H1: Código: F73 Versión: 1
C7: COLABORADOR | D7: CARGO | F7: PROCESO | H7: FECHA DE INGRESO
C8: JONATHAN VELASQUEZ QUINTERO | D8: CONDUCTOR CAMIONETA | F8: REDES | H8: FEBRERO 11 DE 2019
C10: TEMA A ENTRENAR | D10: RECURSOS | E10: TIEMPO (1) (horas) | F10: RESPONSABLE DE IMPARTIR EL ENTRENAMIENTO | G10: FECHA / HORA | H10: FIRMA RESPONSABLE DE IMPARTIR EL ENTRENAMIENTO
C11: Rutas de recorridos para las diferentes plantas y direcciones en la zona urbana en el Municipio | D11: Tiempo Personal | E11: 64 Horas | F11: Conductor
C12: Manejo de Planilla de programacion de las actividades programadas para desplazamientos en la camioneta | D12: Tiempo Personal | E12: 64 horas | F12: Conductor
C13: Inspecciones y revisiones a la camioneta antes de inicial la labor diaria y su respectivo registro. | D13: Tiempo Personal | E13: 16 horas | F13: Conductor
C14: Manejo de la hoja de vida del vehiculo, con el fin mantenerla actualizada por revisiones y mantenimientos realizados | D14: Tiempo Personal | E14: 16 horas | F14: conductor
C20: (1) Los programas de entrenamiento tienen una duración máxima de 2 meses. Las horas asignadas a cada tema podrían ser modificadas de acuerdo con énfasis específicos que se quieran hacer.
C22: OBSERVACIONES DEL LÍDER INMEDIATO SOBRE EL ENTRENAMIENTO
C31: NOMBRE DEL LIDER INMEDIATO | D31: NOMBRE DEL COLABORADOR | F31: FECHA

Sheet ERIKA A. SALAZAR
D1: PROGRAMA DE ENTRENAMIENTO | H1: Código: F73 Versión: 1
C7: COLABORADOR | D7: CARGO | F7: PROCESO | H7: FECHA DE INGRESO
C8: ERIKA ANDREA SALAZAR PIEDRAHITA | D8: OPERARIO LECTOR | F8: COMERCIAL | H8: ENERO 28 DE 2019
C10: TEMA A ENTRENAR | D10: RECURSOS | E10: TIEMPO (1) (horas) | F10: RESPONSABLE DE IMPARTIR EL ENTRENAMIENTO | G10: FECHA / HORA | H10: FIRMA RESPONSABLE DE IMPARTIR EL ENTRENAMIENTO
C11: Rutas de Lectura y entrega de facturas en campo | D11: Tiempo Personal | E11: 120 horas | F11: Operaria Lectora
C12: Manejo del Celu Web | D12: Celuweb, Tiempo Personal | E12: 9 horas | F12: Operaria Lectora
C13: Lectura de Medidores | D13: Celuweb, Tiempo Personal | E13: 8 horas | F13: Operaria Lectora
C14: Manejo de Codigos | D14: Tiempo Personal | E14: 8 horas | F14: Operaria Lectora
C15: Cambios de Medidores | D15: Tiempo Personal | E15: 64 horas | F15: Operaria Lectora
C16: Suspensiones y Reinstalaciones | D16: Tiempo Personal | E16: 74 horas | F16: Operaria Lectora
C17: Críticas Aleatorias altos y bajos consumos, medidores frenados, casas solas | D17: Tiempo Personal | E17: 40 horas | F17: Operaria Lectora
C18: Revisiones Previas: Por debido proceso | D18: Tiempo Personal | E18: 40 horas | F18: Operaria Lectora
C20: (1) Los programas de entrenamiento tienen una duración máxima de 2 meses. Las horas asignadas a cada tema podrían ser modificadas de acuerdo con énfasis específicos que se quieran hacer.
C22: OBSERVACIONES DEL LÍDER INMEDIATO SOBRE EL ENTRENAMIENTO
C31: NOMBRE DEL LIDER INMEDIATO | D31: NOMBRE DEL COLABORADOR | F31: FECHA

Sheet NEPOMUCENO SIERRA G.
D1: PROGRAMA DE ENTRENAMIENTO | H1: Código: F73 Versión: 1
C7: COLABORADOR | D7: CARGO | F7: PROCESO | H7: FECHA DE INGRESO
C8: NEPOMUCENO SIERRA GONZALEZ | D8: OFICIAL DE SEGUNDA | F8: ACUEDUCTO Y ALCANTARILLADO | H8: DICIEMBRE 22 DE 2018
C10: TEMA A ENTRENAR | D10: RECURSOS | E10: TIEMPO (1) (horas) | F10: RESPONSABLE DE IMPARTIR EL ENTRENAMIENTO | G10: FECHA / HORA | H10: FIRMA RESPONSABLE DE IMPARTIR EL ENTRENAMIENTO
C11: Instalaciones Nuevas: Solicitud al usuario de Materiales Apertura de brecha Instalacion de Tubería y Medidor Verificacion de Funcionamiento Apertura de valvulas para revisión | D11: Herramientas, y Equipos Tiempo Personal | E11: 1 hora | F11: Oficial de Primera
C12: Cortes, Suspensiones y Reconexiones: Suspensión del servicio Extraccion de Medidor y tapón de Tubería Retiro de Tapón y Verificacion de Funcionamiento | D12: Herramientas, y Equipos Tiempo Personal | E12: 2 Horas | F12: Oficial de Primera
C13: Daños u Obstrucción de alcantarillado: Revision de MHs Si hay Obstruccion: Uso de Tira buzon, varillas o bactor Si es daño: Excavación y enmienda del tubo averiado o cambio. Verificación Tapado de Excavación | D13: Herramientas, y Equipos Tiempo Personal | E13: 8 horas | F13: Oficial de Primera
C14: Daños de Acueducto: Medidores Redes Principales Domiciliarias | D14: Herramientas, y Equipos Tiempo Personal | E14: 16 horas | F14: Oficial de Primera
C15: Mantenimiento de Hidrantes: Apertura y Cierre para evitar golpe de ariete y fugas | D15: Herramientas, y Equipos Tiempo Personal | E15: 3 horas | F15: Oficial de Primera
C16: Inspección Mantenimiento a Cajas de Valvulas: Limpieza por sedimientación | D16: Herramientas, y Equipos Tiempo Personal | E16: 1 hora | F16: Oficial de Primera
C17: Mantenimiento a Cajas de Inspección aguas Negras: Destape, Ingreso y limpieza de Arenas | D17: Herramientas, y Equipos Tiempo Personal | E17: 2 Horas | F17: Oficial de Primera
C18: Pictometria: Pruebas de presion en las redes, Manejo de manometro, revisión de Cajas de Muestreo | D18: Herramientas, y Equipos Tiempo Personal | E18: 0.5 horas | F18: Oficial de Primera
C19: Limpieza de Aliviaderos: Sacar sedimentos de 5 aliviaderos, según temporada de lluvias | D19: Herramientas, y Equipos Tiempo Personal | E19: 3 horas | F19: Oficial de Primera
C20: Expansión de Redes de Acueducto: Instalación de Tuberias y Futuras de Acueducto, Verificacion de Funcionamiento y Ajuste | D20: Herramientas, y Equipos Tiempo Personal | E20: 24 Horas | F20: Oficial de Primera
C21: (1) Los programas de entrenamiento tienen una duración máxima de 2 meses. Las horas asignadas a cada tema podrían ser modificadas de acuerdo con énfasis específicos que se quieran hacer.
C23: OBSERVACIONES DEL LÍDER INMEDIATO SOBRE EL ENTRENAMIENTO
C26: NOMBRE DEL LIDER INMEDIATO | D26: NOMBRE DEL COLABORADOR | F26: FECHA

Sheet JAVIER Y. TAMAYO Q.
D1: PROGRAMA DE ENTRENAMIENTO | H1: Código: F73 Versión: 1
C7: COLABORADOR | D7: CARGO | F7: PROCESO | H7: FECHA DE INGRESO
C8: JAVIER YECID TAMAYO QUINTERO | D8: OPERARIO LECTOR | F8: COMERCIAL | H8: DICIEMBRE 18 DE 2018
C10: TEMA A ENTRENAR | D10: RECURSOS | E10: TIEMPO (1) (horas) | F10: RESPONSABLE DE IMPARTIR EL ENTRENAMIENTO | G10: FECHA / HORA | H10: FIRMA RESPONSABLE DE IMPARTIR EL ENTRENAMIENTO
C11: Rutas de Lectura y entrega de facturas en campo | D11: Tiempo Personal | E11: 120 horas | F11: Operaria Lectora
C12: Manejo del Celu Web | D12: Celuweb, Tiempo Personal | E12: 9 horas | F12: Operaria Lectora
C13: Lectura de Medidores | D13: Celuweb, Tiempo Personal | E13: 8 horas | F13: Operaria Lectora
C14: Manejo de Codigos | D14: Tiempo Personal | E14: 8 horas | F14: Operaria Lectora
C15: Cambios de Medidores | D15: Tiempo Personal | E15: 64 horas | F15: Operaria Lectora
C16: Suspensiones y Reinstalaciones | D16: Tiempo Personal | E16: 74 horas | F16: Operaria Lectora
C17: Críticas Aleatorias altos y bajos consumos, medidores frenados, casas solas | D17: Tiempo Personal | E17: 40 horas | F17: Operaria Lectora
C18: Revisiones Previas: Por debido proceso | D18: Tiempo Personal | E18: 40 horas | F18: Operaria Lectora
C20: (1) Los programas de entrenamiento tienen una duración máxima de 2 meses. Las horas asignadas a cada tema podrían ser modificadas de acuerdo con énfasis específicos que se quieran hacer.
C22: OBSERVACIONES DEL LÍDER INMEDIATO SOBRE EL ENTRENAMIENTO
